Workbook
Name k_MinMedian: Lists!$B$2
Name k_MinQuartile: Lists!$B$3
Name k_RoundTo: Lists!$B$4
Name lst_GeoPreset: Lists!$A$8:$A$36
Name lst_GeoState: Lists!$B$8:$B$36
Name in_Mode: Inputs!$D$4
Name in_AumMin: Inputs!$B$5
Name in_AumMax: Inputs!$B$6
Name in_AumBasis: Inputs!$B$7
Name in_Geography: Inputs!$B$8
Name in_CustomStates: Inputs!$B$9
Name in_ExclHarvard: Inputs!$B$11
Name in_ClientOrg: Inputs!$B$21
Name in_AgeToDate: Inputs!$B$24
Name in_GrowthRate: Inputs!$B$25
Name in_ClientAum: Inputs!$F$4
Name in_BandFloor: Inputs!$F$5
Name in_BandCeiling: Inputs!$F$6
Name k_Est_adj_heads_25: Lists!$B$40
Name k_Est_adj_heads_75: Lists!$B$41
Name k_Est_adj_heads_90: Lists!$B$42
Name k_Est_adj_staff_25: Lists!$B$43
Name k_Est_adj_staff_75: Lists!$B$44
Name k_Est_adj_staff_90: Lists!$B$45
Name k_Est_base_heads_25: Lists!$B$46
Name k_Est_base_heads_75: Lists!$B$47
Name k_Est_base_heads_90: Lists!$B$48
Name k_Est_base_staff_25: Lists!$B$49
Name k_Est_base_staff_75: Lists!$B$50
Name k_Est_base_staff_90: Lists!$B$51
Name lst_PeerOrgs: 'Peer Orgs'!$A$13:$A$247
Name lst_PeerAum: 'Peer Orgs'!$C$13:$C$247
Name lst_PeerIncluded: 'Peer Orgs'!$G$13:$G$247
Name meta_BuildDate: Methodology!$A$79
Name meta_Snapshot: Methodology!$A$80

Sheet Inputs
A1: Non-Profit (990) Explorer — Live Working File | H1: GEOGRAPHY LOOKUP
A2: Source: IRS 990 Schedule J | 1952 investment records | FY 2022–2025 | H2: Preset | I2: State
A3: Shaded cells are the inputs. Everything else is generated — rebuild rather than edit. | H3: New England | I3: MA
A4: PEER GROUP FILTERS | C4: Mode: | D4: All Funds | E4: Your AUM ($B) | F4: =IF(Inputs!$B$21="","",IFERROR(_xlfn.MAXIFS(Records[AUM ($B)],Records[Organization],in_ClientOrg),"")) | H4: New England | I4: NH
A5: AUM Min | B5: 0.5 | C5: (a multiple, or $B — see AUM Basis) | E5: Band floor ($B) | F5: =IF($B$7="Absolute ($B)",$B5,IF($F$4="",0,$B5*$F$4)) | H5: New England | I5: ME
A6: AUM Max | B6: 2 | C6: (ignored when Mode = All Funds) | E6: Band ceiling ($B) | F6: =IF($B$7="Absolute ($B)",$B6,IF($F$4="",0,$B6*$F$4)) | H6: New England | I6: RI
A7: AUM Basis | B7: Multiple of your own AUM | C7: (half to twice your own size is the usual peer rule) | H7: New England | I7: VT
A8: Geography | B8: National | H8: New England | I8: CT
A9: Custom States | C9: (comma-separated, e.g. NY,NJ,CT) | H9: NYC Tri-State | I9: NY
H10: NYC Tri-State | I10: NJ
A11: Exclude Harvard | B11: N | H11: NYC Tri-State | I11: CT
H12: Mid-Atlantic | I12: PA
A13: ORGANIZATION TYPE | C13: (ignored when Mode = All Funds) | H13: Mid-Atlantic | I13: NJ
A14: Endowment | B14: Y | C14: (universities, colleges, schools) | H14: Mid-Atlantic | I14: DE
A15: Foundation | B15: Y | C15: (private, community, public) | H15: Mid-Atlantic | I15: MD
A16: Healthcare | B16: Y | C16: (hospitals, health systems) | H16: Mid-Atlantic | I16: DC
A17: Pension | B17: Y | C17: (retirement & benefit funds) | H17: Southeast | I17: VA
A18: OCIO | B18: Y | C18: (investment mgmt subsidiaries) | H18: Southeast | I18: NC
A19: Other | B19: Y | C19: (cultural, CDFI, associations) | H19: Southeast | I19: SC
H20: Southeast | I20: GA
A21: Your Organization | C21: (shown beside the market, excluded from it) | H21: Southeast | I21: FL
H22: Midwest | I22: IL
A23: AGING | H23: Midwest | I23: IN
A24: Age to Date | B24: 46203 | C24: (the effective date you are pricing to) | H24: Midwest | I24: OH
A25: Growth Rate | B25: 0.04 | C25: (annual, compounded from one year before each filing’s fiscal year end) | H25: Midwest | I25: MI
H26: Midwest | I26: WI
H27: Midwest | I27: MN
A28: NOTES | H28: Texas | I28: TX
A29: All Funds = full database, no AUM/geography/type filters applied | H29: California | I29: CA
A30: Custom Peers = apply AUM range, geography, and institution type filters | H30: Pacific NW | I30: WA
A31: Adjusted Total = Total Comp minus Prior-Year Deferred compensation | H31: Pacific NW | I31: OR
A32: Aging = Adj Total × (1 + Growth Rate) ^ (YEARFRAC(fiscal year end, Age to Date) + 1): pay is earned across the fiscal year, so it ages from one year before its end
A33: A filing dated after the Age to Date ages backwards, which is correct
A34: Include = "Y" for most recent filing year per org, matching active filters
A35: Implied Market: CIO row = actual data; Sr Inv Pro + COO = CIO actual × ratio P50
A36: Tiers: CIO = CIO + Co-CIO + CEO (Inv Entity)
A37: Sr Inv Pro = MD + SMD + Deputy CIO + Dir Inv + SIO + IM + IO + PM + SA
A38: COO (Investment Office) = COO at the inv sub (HMC, SMC, PRINCO, UVIMCO)

Sheet Summary
A1: Non-Profit (990) Explorer — Compensation Benchmarks
A2: Source: IRS 990 Schedule J | 1952 investment records | FY 2022–2025
A3: Comp metric: Adjusted Total = Total minus Prior-year deferred, aged to target year
A4: Caution: Form 990 pay is disclosed to satisfy IRC requirements, not to compare compensation. It is not a substitute for standardized industry compensation surveys.
A5: =IF(Inputs!$D$4="All Funds","All Funds"&IF(Inputs!$B$11="Y"," (excl. Harvard)","")&IF(Inputs!$B$21<>""," (excl. "&Inputs!$B$21&")","")&" | Aged to "&TEXT(Inputs!$B$24,"mmm d, yyyy")&" at "&TEXT(Inputs!$B$25,"0%"),Inputs!$B$8&" | AUM $"&TEXT(Inputs!$F$5,"0.0")&"B to $"&TEXT(Inputs!$F$6,"0.0")&"B"&IF(Inputs!$B$7="Absolute ($B)",""," ("&TEXT(Inputs!$B$5,"0.0#")&"x to "&TEXT(Inputs!$B$6,"0.0#")&"x your AUM)")&" | Aged to "&TEXT(Inputs!$B$24,"mmm d, yyyy")&" at "&TEXT(Inputs!$B$25,"0%")&IF(Inputs!$B$11="Y"," | excl. Harvard","")&IF(Inputs!$B$21<>""," | excl. "&Inputs!$B$21,""))
A7: Benchmarks by Job — Adjusted Total, Aged
A8: Job | B8: Family | C8: #Orgs | D8: #People | E8: P25 | F8: P50 | G8: P75 | H8: P90 | I8: Average | J8: Your org | K8: vs P50 | L8: Percentile | M8: Est. P25 (1) | N8: Est. P75 (1) | O8: Est. P90 (1)
A10: CIO - Top Investment Executive | B10: Leadership | C10: =IFERROR(SUMPRODUCT(((Records[Role Group]="CIO - Top Investment Executive")*(Records[Include]="Y")*(Records[Aged Adj Total]>0))/(COUNTIFS(Records[Organization],Records[Organization]&"",Records[Role Group],"CIO - Top Investment Executive",Records[Include],"Y")+(COUNTIFS(Records[Organization],Records[Organization]&"",Records[Role Group],"CIO - Top Investment Executive",Records[Include],"Y")=0))),0) | D10: =SUMPRODUCT((Records[Role Group]="CIO - Top Investment Executive")*(Records[Include]="Y")*(Records[Aged Adj Total]>0)) | E10: =IF($D10>=k_MinQuartile,MROUND(_xlfn.PERCENTILE.INC(_xlfn._xlws.FILTER(Records[Aged Adj Total],(Records[Role Group]="CIO - Top Investment Executive")*(Records[Include]="Y")*(Records[Aged Adj Total]>0)),0.25),k_RoundTo),"") | F10: =IF($D10>=k_MinMedian,MROUND(_xlfn.PERCENTILE.INC(_xlfn._xlws.FILTER(Records[Aged Adj Total],(Records[Role Group]="CIO - Top Investment Executive")*(Records[Include]="Y")*(Records[Aged Adj Total]>0)),0.5),k_RoundTo),"") | G10: =IF($D10>=k_MinQuartile,MROUND(_xlfn.PERCENTILE.INC(_xlfn._xlws.FILTER(Records[Aged Adj Total],(Records[Role Group]="CIO - Top Investment Executive")*(Records[Include]="Y")*(Records[Aged Adj Total]>0)),0.75),k_RoundTo),"") | H10: =IF($D10>=k_MinQuartile,MROUND(_xlfn.PERCENTILE.INC(_xlfn._xlws.FILTER(Records[Aged Adj Total],(Records[Role Group]="CIO - Top Investment Executive")*(Records[Include]="Y")*(Records[Aged Adj Total]>0)),0.9),k_RoundTo),"") | I10: =IF($D10>=k_MinMedian,MROUND(AVERAGE(_xlfn._xlws.FILTER(Records[Aged Adj Total],(Records[Role Group]="CIO - Top Investment Executive")*(Records[Include]="Y")*(Records[Aged Adj Total]>0))),k_RoundTo),"") | J10: =IF(Inputs!$B$21="","",IFERROR(MAX(_xlfn._xlws.FILTER(Records[Aged Adj Total],(Records[Role Group]="CIO - Top Investment Executive")*(Records[Organization]=Inputs!$B$21)*(Records[Most Recent]="Y")*(Records[Aged Adj Total]>0))),"")) | K10: =IF(OR($J10="",$F10=""),"",$J10/$F10-1) | L10: =IF($D10>=k_MinQuartile,IF(OR($J10="",$J10=0),"",IFERROR(PERCENTRANK.INC(_xlfn._xlws.FILTER(Records[Aged Adj Total],(Records[Role Group]="CIO - Top Investment Executive")*(Records[Include]="Y")*(Records[Aged Adj Total]>0)),$J10,4),"")),"") | M10: =IF(AND($D10>=k_MinMedian,$D10<k_MinQuartile,$F10<>""),MROUND($F10*k_Est_adj_heads_25,k_RoundTo),"") | N10: =IF(AND($D10>=k_MinMedian,$D10<k_MinQuartile,$F10<>""),MROUND($F10*k_Est_adj_heads_75,k_RoundTo),"") | O10: =IF(AND($D10>=k_MinMedian,$D10<k_MinQuartile,$F10<>""),MROUND($F10*k_Est_adj_heads_90,k_RoundTo),"")
A11: Deputy CIO | B11: Leadership | C11: =IFERROR(SUMPRODUCT(((Records[Role Group]="Deputy CIO")*(Records[Include]="Y")*(Records[Aged Adj Total]>0))/(COUNTIFS(Records[Organization],Records[Organization]&"",Records[Role Group],"Deputy CIO",Records[Include],"Y")+(COUNTIFS(Records[Organization],Records[Organization]&"",Records[Role Group],"Deputy CIO",Records[Include],"Y")=0))),0) | D11: =SUMPRODUCT((Records[Role Group]="Deputy CIO")*(Records[Include]="Y")*(Records[Aged Adj Total]>0)) | E11: =IF($D11>=k_MinQuartile,MROUND(_xlfn.PERCENTILE.INC(_xlfn._xlws.FILTER(Records[Aged Adj Total],(Records[Role Group]="Deputy CIO")*(Records[Include]="Y")*(Records[Aged Adj Total]>0)),0.25),k_RoundTo),"") | F11: =IF($D11>=k_MinMedian,MROUND(_xlfn.PERCENTILE.INC(_xlfn._xlws.FILTER(Records[Aged Adj Total],(Records[Role Group]="Deputy CIO")*(Records[Include]="Y")*(Records[Aged Adj Total]>0)),0.5),k_RoundTo),"") | G11: =IF($D11>=k_MinQuartile,MROUND(_xlfn.PERCENTILE.INC(_xlfn._xlws.FILTER(Records[Aged Adj Total],(Records[Role Group]="Deputy CIO")*(Records[Include]="Y")*(Records[Aged Adj Total]>0)),0.75),k_RoundTo),"") | H11: =IF($D11>=k_MinQuartile,MROUND(_xlfn.PERCENTILE.INC(_xlfn._xlws.FILTER(Records[Aged Adj Total],(Records[Role Group]="Deputy CIO")*(Records[Include]="Y")*(Records[Aged Adj Total]>0)),0.9),k_RoundTo),"") | I11: =IF($D11>=k_MinMedian,MROUND(AVERAGE(_xlfn._xlws.FILTER(Records[Aged Adj Total],(Records[Role Group]="Deputy CIO")*(Records[Include]="Y")*(Records[Aged Adj Total]>0))),k_RoundTo),"") | J11: =IF(Inputs!$B$21="","",IFERROR(MAX(_xlfn._xlws.FILTER(Records[Aged Adj Total],(Records[Role Group]="Deputy CIO")*(Records[Organization]=Inputs!$B$21)*(Records[Most Recent]="Y")*(Records[Aged Adj Total]>0))),"")) | K11: =IF(OR($J11="",$F11=""),"",$J11/$F11-1) | L11: =IF($D11>=k_MinQuartile,IF(OR($J11="",$J11=0),"",IFERROR(PERCENTRANK.INC(_xlfn._xlws.FILTER(Records[Aged Adj Total],(Records[Role Group]="Deputy CIO")*(Records[Include]="Y")*(Records[Aged Adj Total]>0)),$J11,4),"")),"") | M11: =IF(AND($D11>=k_MinMedian,$D11<k_MinQuartile,$F11<>""),MROUND($F11*k_Est_adj_heads_25,k_RoundTo),"") | N11: =IF(AND($D11>=k_MinMedian,$D11<k_MinQuartile,$F11<>""),MROUND($F11*k_Est_adj_heads_75,k_RoundTo),"") | O11: =IF(AND($D11>=k_MinMedian,$D11<k_MinQuartile,$F11<>""),MROUND($F11*k_Est_adj_heads_90,k_RoundTo),"")
A12: Managing Director | B12: Investments | C12: =IFERROR(SUMPRODUCT(((Records[Role Group]="Managing Director")*(Records[Include]="Y")*(Records[Aged Adj Total]>0))/(COUNTIFS(Records[Organization],Records[Organization]&"",Records[Role Group],"Managing Director",Records[Include],"Y")+(COUNTIFS(Records[Organization],Records[Organization]&"",Records[Role Group],"Managing Director",Records[Include],"Y")=0))),0) | D12: =SUMPRODUCT((Records[Role Group]="Managing Director")*(Records[Include]="Y")*(Records[Aged Adj Total]>0)) | E12: =IF($D12>=k_MinQuartile,MROUND(_xlfn.PERCENTILE.INC(_xlfn._xlws.FILTER(Records[Aged Adj Total],(Records[Role Group]="Managing Director")*(Records[Include]="Y")*(Records[Aged Adj Total]>0)),0.25),k_RoundTo),"") | F12: =IF($D12>=k_MinMedian,MROUND(_xlfn.PERCENTILE.INC(_xlfn._xlws.FILTER(Records[Aged Adj Total],(Records[Role Group]="Managing Director")*(Records[Include]="Y")*(Records[Aged Adj Total]>0)),0.5),k_RoundTo),"") | G12: =IF($D12>=k_MinQuartile,MROUND(_xlfn.PERCENTILE.INC(_xlfn._xlws.FILTER(Records[Aged Adj Total],(Records[Role Group]="Managing Director")*(Records[Include]="Y")*(Records[Aged Adj Total]>0)),0.75),k_RoundTo),"") | H12: =IF($D12>=k_MinQuartile,MROUND(_xlfn.PERCENTILE.INC(_xlfn._xlws.FILTER(Records[Aged Adj Total],(Records[Role Group]="Managing Director")*(Records[Include]="Y")*(Records[Aged Adj Total]>0)),0.9),k_RoundTo),"") | I12: =IF($D12>=k_MinMedian,MROUND(AVERAGE(_xlfn._xlws.FILTER(Records[Aged Adj Total],(Records[Role Group]="Managing Director")*(Records[Include]="Y")*(Records[Aged Adj Total]>0))),k_RoundTo),"") | J12: =IF(Inputs!$B$21="","",IFERROR(MAX(_xlfn._xlws.FILTER(Records[Aged Adj Total],(Records[Role Group]="Managing Director")*(Records[Organization]=Inputs!$B$21)*(Records[Most Recent]="Y")*(Records[Aged Adj Total]>0))),"")) | K12: =IF(OR($J12="",$F12=""),"",$J12/$F12-1) | L12: =IF($D12>=k_MinQuartile,IF(OR($J12="",$J12=0),"",IFERROR(PERCENTRANK.INC(_xlfn._xlws.FILTER(Records[Aged Adj Total],(Records[Role Group]="Managing Director")*(Records[Include]="Y")*(Records[Aged Adj Total]>0)),$J12,4),"")),"") | M12: =IF(AND($D12>=k_MinMedian,$D12<k_MinQuartile,$F12<>""),MROUND($F12*k_Est_adj_staff_25,k_RoundTo),"") | N12: =IF(AND($D12>=k_MinMedian,$D12<k_MinQuartile,$F12<>""),MROUND($F12*k_Est_adj_staff_75,k_RoundTo),"") | O12: =IF(AND($D12>=k_MinMedian,$D12<k_MinQuartile,$F12<>""),MROUND($F12*k_Est_adj_staff_90,k_RoundTo),"")
A13: Director & Investment Officer | B13: Investments | C13: =IFERROR(SUMPRODUCT(((Records[Role Group]="Director & Investment Officer")*(Records[Include]="Y")*(Records[Aged Adj Total]>0))/(COUNTIFS(Records[Organization],Records[Organization]&"",Records[Role Group],"Director & Investment Officer",Records[Include],"Y")+(COUNTIFS(Records[Organization],Records[Organization]&"",Records[Role Group],"Director & Investment Officer",Records[Include],"Y")=0))),0) | D13: =SUMPRODUCT((Records[Role Group]="Director & Investment Officer")*(Records[Include]="Y")*(Records[Aged Adj Total]>0)) | E13: =IF($D13>=k_MinQuartile,MROUND(_xlfn.PERCENTILE.INC(_xlfn._xlws.FILTER(Records[Aged Adj Total],(Records[Role Group]="Director & Investment Officer")*(Records[Include]="Y")*(Records[Aged Adj Total]>0)),0.25),k_RoundTo),"") | F13: =IF($D13>=k_MinMedian,MROUND(_xlfn.PERCENTILE.INC(_xlfn._xlws.FILTER(Records[Aged Adj Total],(Records[Role Group]="Director & Investment Officer")*(Records[Include]="Y")*(Records[Aged Adj Total]>0)),0.5),k_RoundTo),"") | G13: =IF($D13>=k_MinQuartile,MROUND(_xlfn.PERCENTILE.INC(_xlfn._xlws.FILTER(Records[Aged Adj Total],(Records[Role Group]="Director & Investment Officer")*(Records[Include]="Y")*(Records[Aged Adj Total]>0)),0.75),k_RoundTo),"") | H13: =IF($D13>=k_MinQuartile,MROUND(_xlfn.PERCENTILE.INC(_xlfn._xlws.FILTER(Records[Aged Adj Total],(Records[Role Group]="Director & Investment Officer")*(Records[Include]="Y")*(Records[Aged Adj Total]>0)),0.9),k_RoundTo),"") | I13: =IF($D13>=k_MinMedian,MROUND(AVERAGE(_xlfn._xlws.FILTER(Records[Aged Adj Total],(Records[Role Group]="Director & Investment Officer")*(Records[Include]="Y")*(Records[Aged Adj Total]>0))),k_RoundTo),"") | J13: =IF(Inputs!$B$21="","",IFERROR(MAX(_xlfn._xlws.FILTER(Records[Aged Adj Total],(Records[Role Group]="Director & Investment Officer")*(Records[Organization]=Inputs!$B$21)*(Records[Most Recent]="Y")*(Records[Aged Adj Total]>0))),"")) | K13: =IF(OR($J13="",$F13=""),"",$J13/$F13-1) | L13: =IF($D13>=k_MinQuartile,IF(OR($J13="",$J13=0),"",IFERROR(PERCENTRANK.INC(_xlfn._xlws.FILTER(Records[Aged Adj Total],(Records[Role Group]="Director & Investment Officer")*(Records[Include]="Y")*(Records[Aged Adj Total]>0)),$J13,4),"")),"") | M13: =IF(AND($D13>=k_MinMedian,$D13<k_MinQuartile,$F13<>""),MROUND($F13*k_Est_adj_staff_25,k_RoundTo),"") | N13: =IF(AND($D13>=k_MinMedian,$D13<k_MinQuartile,$F13<>""),MROUND($F13*k_Est_adj_staff_75,k_RoundTo),"") | O13: =IF(AND($D13>=k_MinMedian,$D13<k_MinQuartile,$F13<>""),MROUND($F13*k_Est_adj_staff_90,k_RoundTo),"")
A14: Other investment staff | B14: Investments | C14: =IFERROR(SUMPRODUCT(((Records[Role Group]="Other investment staff")*(Records[Include]="Y")*(Records[Aged Adj Total]>0))/(COUNTIFS(Records[Organization],Records[Organization]&"",Records[Role Group],"Other investment staff",Records[Include],"Y")+(COUNTIFS(Records[Organization],Records[Organization]&"",Records[Role Group],"Other investment staff",Records[Include],"Y")=0))),0) | D14: =SUMPRODUCT((Records[Role Group]="Other investment staff")*(Records[Include]="Y")*(Records[Aged Adj Total]>0)) | E14: =IF($D14>=k_MinQuartile,MROUND(_xlfn.PERCENTILE.INC(_xlfn._xlws.FILTER(Records[Aged Adj Total],(Records[Role Group]="Other investment staff")*(Records[Include]="Y")*(Records[Aged Adj Total]>0)),0.25),k_RoundTo),"") | F14: =IF($D14>=k_MinMedian,MROUND(_xlfn.PERCENTILE.INC(_xlfn._xlws.FILTER(Records[Aged Adj Total],(Records[Role Group]="Other investment staff")*(Records[Include]="Y")*(Records[Aged Adj Total]>0)),0.5),k_RoundTo),"") | G14: =IF($D14>=k_MinQuartile,MROUND(_xlfn.PERCENTILE.INC(_xlfn._xlws.FILTER(Records[Aged Adj Total],(Records[Role Group]="Other investment staff")*(Records[Include]="Y")*(Records[Aged Adj Total]>0)),0.75),k_RoundTo),"") | H14: =IF($D14>=k_MinQuartile,MROUND(_xlfn.PERCENTILE.INC(_xlfn._xlws.FILTER(Records[Aged Adj Total],(Records[Role Group]="Other investment staff")*(Records[Include]="Y")*(Records[Aged Adj Total]>0)),0.9),k_RoundTo),"") | I14: =IF($D14>=k_MinMedian,MROUND(AVERAGE(_xlfn._xlws.FILTER(Records[Aged Adj Total],(Records[Role Group]="Other investment staff")*(Records[Include]="Y")*(Records[Aged Adj Total]>0))),k_RoundTo),"") | J14: =IF(Inputs!$B$21="","",IFERROR(MAX(_xlfn._xlws.FILTER(Records[Aged Adj Total],(Records[Role Group]="Other investment staff")*(Records[Organization]=Inputs!$B$21)*(Records[Most Recent]="Y")*(Records[Aged Adj Total]>0))),"")) | K14: =IF(OR($J14="",$F14=""),"",$J14/$F14-1) | L14: =IF($D14>=k_MinQuartile,IF(OR($J14="",$J14=0),"",IFERROR(PERCENTRANK.INC(_xlfn._xlws.FILTER(Records[Aged Adj Total],(Records[Role Group]="Other investment staff")*(Records[Include]="Y")*(Records[Aged Adj Total]>0)),$J14,4),"")),"") | M14: =IF(AND($D14>=k_MinMedian,$D14<k_MinQuartile,$F14<>""),MROUND($F14*k_Est_adj_staff_25,k_RoundTo),"") | N14: =IF(AND($D14>=k_MinMedian,$D14<k_MinQuartile,$F14<>""),MROUND($F14*k_Est_adj_staff_75,k_RoundTo),"") | O14: =IF(AND($D14>=k_MinMedian,$D14<k_MinQuartile,$F14<>""),MROUND($F14*k_Est_adj_staff_90,k_RoundTo),"")
A15: COO (Investment Office) | B15: Operations & Control | C15: =IFERROR(SUMPRODUCT(((Records[Role Group]="COO (Investment Office)")*(Records[Include]="Y")*(Records[Aged Adj Total]>0))/(COUNTIFS(Records[Organization],Records[Organization]&"",Records[Role Group],"COO (Investment Office)",Records[Include],"Y")+(COUNTIFS(Records[Organization],Records[Organization]&"",Records[Role Group],"COO (Investment Office)",Records[Include],"Y")=0))),0) | D15: =SUMPRODUCT((Records[Role Group]="COO (Investment Office)")*(Records[Include]="Y")*(Records[Aged Adj Total]>0)) | E15: =IF($D15>=k_MinQuartile,MROUND(_xlfn.PERCENTILE.INC(_xlfn._xlws.FILTER(Records[Aged Adj Total],(Records[Role Group]="COO (Investment Office)")*(Records[Include]="Y")*(Records[Aged Adj Total]>0)),0.25),k_RoundTo),"") | F15: =IF($D15>=k_MinMedian,MROUND(_xlfn.PERCENTILE.INC(_xlfn._xlws.FILTER(Records[Aged Adj Total],(Records[Role Group]="COO (Investment Office)")*(Records[Include]="Y")*(Records[Aged Adj Total]>0)),0.5),k_RoundTo),"") | G15: =IF($D15>=k_MinQuartile,MROUND(_xlfn.PERCENTILE.INC(_xlfn._xlws.FILTER(Records[Aged Adj Total],(Records[Role Group]="COO (Investment Office)")*(Records[Include]="Y")*(Records[Aged Adj Total]>0)),0.75),k_RoundTo),"") | H15: =IF($D15>=k_MinQuartile,MROUND(_xlfn.PERCENTILE.INC(_xlfn._xlws.FILTER(Records[Aged Adj Total],(Records[Role Group]="COO (Investment Office)")*(Records[Include]="Y")*(Records[Aged Adj Total]>0)),0.9),k_RoundTo),"") | I15: =IF($D15>=k_MinMedian,MROUND(AVERAGE(_xlfn._xlws.FILTER(Records[Aged Adj Total],(Records[Role Group]="COO (Investment Office)")*(Records[Include]="Y")*(Records[Aged Adj Total]>0))),k_RoundTo),"") | J15: =IF(Inputs!$B$21="","",IFERROR(MAX(_xlfn._xlws.FILTER(Records[Aged Adj Total],(Records[Role Group]="COO (Investment Office)")*(Records[Organization]=Inputs!$B$21)*(Records[Most Recent]="Y")*(Records[Aged Adj Total]>0))),"")) | K15: =IF(OR($J15="",$F15=""),"",$J15/$F15-1) | L15: =IF($D15>=k_MinQuartile,IF(OR($J15="",$J15=0),"",IFERROR(PERCENTRANK.INC(_xlfn._xlws.FILTER(Records[Aged Adj Total],(Records[Role Group]="COO (Investment Office)")*(Records[Include]="Y")*(Records[Aged Adj Total]>0)),$J15,4),"")),"") | M15: =IF(AND($D15>=k_MinMedian,$D15<k_MinQuartile,$F15<>""),MROUND($F15*k_Est_adj_heads_25,k_RoundTo),"") | N15: =IF(AND($D15>=k_MinMedian,$D15<k_MinQuartile,$F15<>""),MROUND($F15*k_Est_adj_heads_75,k_RoundTo),"") | O15: =IF(AND($D15>=k_MinMedian,$D15<k_MinQuartile,$F15<>""),MROUND($F15*k_Est_adj_heads_90,k_RoundTo),"")
A16: Other disclosed professionals | B16: Operations & Control | C16: =IFERROR(SUMPRODUCT(((Records[Role Group]="Other disclosed professionals")*(Records[Include]="Y")*(Records[Aged Adj Total]>0))/(COUNTIFS(Records[Organization],Records[Organization]&"",Records[Role Group],"Other disclosed professionals",Records[Include],"Y")+(COUNTIFS(Records[Organization],Records[Organization]&"",Records[Role Group],"Other disclosed professionals",Records[Include],"Y")=0))),0) | D16: =SUMPRODUCT((Records[Role Group]="Other disclosed professionals")*(Records[Include]="Y")*(Records[Aged Adj Total]>0)) | E16: =IF($D16>=k_MinQuartile,MROUND(_xlfn.PERCENTILE.INC(_xlfn._xlws.FILTER(Records[Aged Adj Total],(Records[Role Group]="Other disclosed professionals")*(Records[Include]="Y")*(Records[Aged Adj Total]>0)),0.25),k_RoundTo),"") | F16: =IF($D16>=k_MinMedian,MROUND(_xlfn.PERCENTILE.INC(_xlfn._xlws.FILTER(Records[Aged Adj Total],(Records[Role Group]="Other disclosed professionals")*(Records[Include]="Y")*(Records[Aged Adj Total]>0)),0.5),k_RoundTo),"") | G16: =IF($D16>=k_MinQuartile,MROUND(_xlfn.PERCENTILE.INC(_xlfn._xlws.FILTER(Records[Aged Adj Total],(Records[Role Group]="Other disclosed professionals")*(Records[Include]="Y")*(Records[Aged Adj Total]>0)),0.75),k_RoundTo),"") | H16: =IF($D16>=k_MinQuartile,MROUND(_xlfn.PERCENTILE.INC(_xlfn._xlws.FILTER(Records[Aged Adj Total],(Records[Role Group]="Other disclosed professionals")*(Records[Include]="Y")*(Records[Aged Adj Total]>0)),0.9),k_RoundTo),"") | I16: =IF($D16>=k_MinMedian,MROUND(AVERAGE(_xlfn._xlws.FILTER(Records[Aged Adj Total],(Records[Role Group]="Other disclosed professionals")*(Records[Include]="Y")*(Records[Aged Adj Total]>0))),k_RoundTo),"") | J16: =IF(Inputs!$B$21="","",IFERROR(MAX(_xlfn._xlws.FILTER(Records[Aged Adj Total],(Records[Role Group]="Other disclosed professionals")*(Records[Organization]=Inputs!$B$21)*(Records[Most Recent]="Y")*(Records[Aged Adj Total]>0))),"")) | K16: =IF(OR($J16="",$F16=""),"",$J16/$F16-1) | L16: =IF($D16>=k_MinQuartile,IF(OR($J16="",$J16=0),"",IFERROR(PERCENTRANK.INC(_xlfn._xlws.FILTER(Records[Aged Adj Total],(Records[Role Group]="Other disclosed professionals")*(Records[Include]="Y")*(Records[Aged Adj Total]>0)),$J16,4),"")),"")
A18: Blank is not zero — too few people for that statistic. Median and average need 2+; P25, P75 and P90 need 5+. Your organization is excluded from every market figure. Open a job tab for the people behind each row.
A19: (1) Est. columns, italic: where the median exists but fewer than 5 people, the median times the ratio measured on endowments and foundations at $2b+, by job family (Methodology). Never the median; not a measured figure.
A22: Roll-up levels — as reported | C22: The one tier that spans several jobs. The other three are a single job under a second name, published once above.
B23: #People | C23: Min | D23: P10 | E23: P25 | F23: P50 | G23: P75 | H23: P90 | I23: Max
A25: Sr Investment Professional | B25: =SUMPRODUCT((Records[Tier]="Sr Investment Professional")*(Records[Include]="Y")*(Records[Aged Adj Total]<>"")) | C25: =IF($B25>=k_MinMedian,MIN(_xlfn._xlws.FILTER(Records[Aged Adj Total],(Records[Tier]="Sr Investment Professional")*(Records[Include]="Y")*(Records[Aged Adj Total]<>""))),"") | D25: =IF($B25>=k_MinQuartile,_xlfn.PERCENTILE.INC(_xlfn._xlws.FILTER(Records[Aged Adj Total],(Records[Tier]="Sr Investment Professional")*(Records[Include]="Y")*(Records[Aged Adj Total]<>"")),0.1),"") | E25: =IF($B25>=k_MinQuartile,_xlfn.PERCENTILE.INC(_xlfn._xlws.FILTER(Records[Aged Adj Total],(Records[Tier]="Sr Investment Professional")*(Records[Include]="Y")*(Records[Aged Adj Total]<>"")),0.25),"") | F25: =IF($B25>=k_MinMedian,_xlfn.PERCENTILE.INC(_xlfn._xlws.FILTER(Records[Aged Adj Total],(Records[Tier]="Sr Investment Professional")*(Records[Include]="Y")*(Records[Aged Adj Total]<>"")),0.5),"") | G25: =IF($B25>=k_MinQuartile,_xlfn.PERCENTILE.INC(_xlfn._xlws.FILTER(Records[Aged Adj Total],(Records[Tier]="Sr Investment Professional")*(Records[Include]="Y")*(Records[Aged Adj Total]<>"")),0.75),"") | H25: =IF($B25>=k_MinQuartile,_xlfn.PERCENTILE.INC(_xlfn._xlws.FILTER(Records[Aged Adj Total],(Records[Tier]="Sr Investment Professional")*(Records[Include]="Y")*(Records[Aged Adj Total]<>"")),0.9),"") | I25: =IF($B25>=k_MinMedian,MAX(_xlfn._xlws.FILTER(Records[Aged Adj Total],(Records[Tier]="Sr Investment Professional")*(Records[Include]="Y")*(Records[Aged Adj Total]<>""))),"")
A28: Ratio to the top job | C28: Each person against the head of their own investment office, same year. Modelled, not observed.
B29: #People | C29: Min | D29: P10 | E29: P25 | F29: P50 | G29: P75 | H29: P90 | I29: Max
A31: CIO - Top Investment Executive | B31: =SUMPRODUCT((Records[Tier]="CIO - Top Investment Executive")*(Records[Include]="Y")*(Records[% of CIO]<>"")) | C31: =IF($B31>=k_MinMedian,MIN(_xlfn._xlws.FILTER(Records[% of CIO],(Records[Tier]="CIO - Top Investment Executive")*(Records[Include]="Y")*(Records[% of CIO]<>""))),"") | D31: =IF($B31>=k_MinQuartile,_xlfn.PERCENTILE.INC(_xlfn._xlws.FILTER(Records[% of CIO],(Records[Tier]="CIO - Top Investment Executive")*(Records[Include]="Y")*(Records[% of CIO]<>"")),0.1),"") | E31: =IF($B31>=k_MinQuartile,_xlfn.PERCENTILE.INC(_xlfn._xlws.FILTER(Records[% of CIO],(Records[Tier]="CIO - Top Investment Executive")*(Records[Include]="Y")*(Records[% of CIO]<>"")),0.25),"") | F31: =IF($B31>=k_MinMedian,_xlfn.PERCENTILE.INC(_xlfn._xlws.FILTER(Records[% of CIO],(Records[Tier]="CIO - Top Investment Executive")*(Records[Include]="Y")*(Records[% of CIO]<>"")),0.5),"") | G31: =IF($B31>=k_MinQuartile,_xlfn.PERCENTILE.INC(_xlfn._xlws.FILTER(Records[% of CIO],(Records[Tier]="CIO - Top Investment Executive")*(Records[Include]="Y")*(Records[% of CIO]<>"")),0.75),"") | H31: =IF($B31>=k_MinQuartile,_xlfn.PERCENTILE.INC(_xlfn._xlws.FILTER(Records[% of CIO],(Records[Tier]="CIO - Top Investment Executive")*(Records[Include]="Y")*(Records[% of CIO]<>"")),0.9),"") | I31: =IF($B31>=k_MinMedian,MAX(_xlfn._xlws.FILTER(Records[% of CIO],(Records[Tier]="CIO - Top Investment Executive")*(Records[Include]="Y")*(Records[% of CIO]<>""))),"")
A32: Sr Investment Professional | B32: =SUMPRODUCT((Records[Tier]="Sr Investment Professional")*(Records[Include]="Y")*(Records[% of CIO]<>"")) | C32: =IF($B32>=k_MinMedian,MIN(_xlfn._xlws.FILTER(Records[% of CIO],(Records[Tier]="Sr Investment Professional")*(Records[Include]="Y")*(Records[% of CIO]<>""))),"") | D32: =IF($B32>=k_MinQuartile,_xlfn.PERCENTILE.INC(_xlfn._xlws.FILTER(Records[% of CIO],(Records[Tier]="Sr Investment Professional")*(Records[Include]="Y")*(Records[% of CIO]<>"")),0.1),"") | E32: =IF($B32>=k_MinQuartile,_xlfn.PERCENTILE.INC(_xlfn._xlws.FILTER(Records[% of CIO],(Records[Tier]="Sr Investment Professional")*(Records[Include]="Y")*(Records[% of CIO]<>"")),0.25),"") | F32: =IF($B32>=k_MinMedian,_xlfn.PERCENTILE.INC(_xlfn._xlws.FILTER(Records[% of CIO],(Records[Tier]="Sr Investment Professional")*(Records[Include]="Y")*(Records[% of CIO]<>"")),0.5),"") | G32: =IF($B32>=k_MinQuartile,_xlfn.PERCENTILE.INC(_xlfn._xlws.FILTER(Records[% of CIO],(Records[Tier]="Sr Investment Professional")*(Records[Include]="Y")*(Records[% of CIO]<>"")),0.75),"") | H32: =IF($B32>=k_MinQuartile,_xlfn.PERCENTILE.INC(_xlfn._xlws.FILTER(Records[% of CIO],(Records[Tier]="Sr Investment Professional")*(Records[Include]="Y")*(Records[% of CIO]<>"")),0.9),"") | I32: =IF($B32>=k_MinMedian,MAX(_xlfn._xlws.FILTER(Records[% of CIO],(Records[Tier]="Sr Investment Professional")*(Records[Include]="Y")*(Records[% of CIO]<>""))),"")
A33: COO (Investment Office) | B33: =SUMPRODUCT((Records[Tier]="COO (Investment Office)")*(Records[Include]="Y")*(Records[% of CIO]<>"")) | C33: =IF($B33>=k_MinMedian,MIN(_xlfn._xlws.FILTER(Records[% of CIO],(Records[Tier]="COO (Investment Office)")*(Records[Include]="Y")*(Records[% of CIO]<>""))),"") | D33: =IF($B33>=k_MinQuartile,_xlfn.PERCENTILE.INC(_xlfn._xlws.FILTER(Records[% of CIO],(Records[Tier]="COO (Investment Office)")*(Records[Include]="Y")*(Records[% of CIO]<>"")),0.1),"") | E33: =IF($B33>=k_MinQuartile,_xlfn.PERCENTILE.INC(_xlfn._xlws.FILTER(Records[% of CIO],(Records[Tier]="COO (Investment Office)")*(Records[Include]="Y")*(Records[% of CIO]<>"")),0.25),"") | F33: =IF($B33>=k_MinMedian,_xlfn.PERCENTILE.INC(_xlfn._xlws.FILTER(Records[% of CIO],(Records[Tier]="COO (Investment Office)")*(Records[Include]="Y")*(Records[% of CIO]<>"")),0.5),"") | G33: =IF($B33>=k_MinQuartile,_xlfn.PERCENTILE.INC(_xlfn._xlws.FILTER(Records[% of CIO],(Records[Tier]="COO (Investment Office)")*(Records[Include]="Y")*(Records[% of CIO]<>"")),0.75),"") | H33: =IF($B33>=k_MinQuartile,_xlfn.PERCENTILE.INC(_xlfn._xlws.FILTER(Records[% of CIO],(Records[Tier]="COO (Investment Office)")*(Records[Include]="Y")*(Records[% of CIO]<>"")),0.9),"") | I33: =IF($B33>=k_MinMedian,MAX(_xlfn._xlws.FILTER(Records[% of CIO],(Records[Tier]="COO (Investment Office)")*(Records[Include]="Y")*(Records[% of CIO]<>""))),"")
A34: Other disclosed professionals | B34: =SUMPRODUCT((Records[Tier]="Other disclosed professionals")*(Records[Include]="Y")*(Records[% of CIO]<>"")) | C34: =IF($B34>=k_MinMedian,MIN(_xlfn._xlws.FILTER(Records[% of CIO],(Records[Tier]="Other disclosed professionals")*(Records[Include]="Y")*(Records[% of CIO]<>""))),"") | D34: =IF($B34>=k_MinQuartile,_xlfn.PERCENTILE.INC(_xlfn._xlws.FILTER(Records[% of CIO],(Records[Tier]="Other disclosed professionals")*(Records[Include]="Y")*(Records[% of CIO]<>"")),0.1),"") | E34: =IF($B34>=k_MinQuartile,_xlfn.PERCENTILE.INC(_xlfn._xlws.FILTER(Records[% of CIO],(Records[Tier]="Other disclosed professionals")*(Records[Include]="Y")*(Records[% of CIO]<>"")),0.25),"") | F34: =IF($B34>=k_MinMedian,_xlfn.PERCENTILE.INC(_xlfn._xlws.FILTER(Records[% of CIO],(Records[Tier]="Other disclosed professionals")*(Records[Include]="Y")*(Records[% of CIO]<>"")),0.5),"") | G34: =IF($B34>=k_MinQuartile,_xlfn.PERCENTILE.INC(_xlfn._xlws.FILTER(Records[% of CIO],(Records[Tier]="Other disclosed professionals")*(Records[Include]="Y")*(Records[% of CIO]<>"")),0.75),"") | H34: =IF($B34>=k_MinQuartile,_xlfn.PERCENTILE.INC(_xlfn._xlws.FILTER(Records[% of CIO],(Records[Tier]="Other disclosed professionals")*(Records[Include]="Y")*(Records[% of CIO]<>"")),0.9),"") | I34: =IF($B34>=k_MinMedian,MAX(_xlfn._xlws.FILTER(Records[% of CIO],(Records[Tier]="Other disclosed professionals")*(Records[Include]="Y")*(Records[% of CIO]<>""))),"")
A37: Implied Market | C37: The top-job ladder scaled by each tier median ratio. Modelled.
B38: #People | C38: Min | D38: P10 | E38: P25 | F38: P50 | G38: P75 | H38: P90 | I38: Max
A40: CIO - Top Investment Executive | B40: =B31 | C40: =IF(C31="","",C31) | D40: =IF(D31="","",D31) | E40: =IF(E31="","",E31) | F40: =IF(F31="","",F31) | G40: =IF(G31="","",G31) | H40: =IF(H31="","",H31) | I40: =IF(I31="","",I31)
A41: Sr Investment Professional | B41: =B32 | C41: =IF(OR(C40="",F32=""),"",C40*F32) | D41: =IF(OR(D40="",F32=""),"",D40*F32) | E41: =IF(OR(E40="",F32=""),"",E40*F32) | F41: =IF(OR(F40="",F32=""),"",F40*F32) | G41: =IF(OR(G40="",F32=""),"",G40*F32) | H41: =IF(OR(H40="",F32=""),"",H40*F32) | I41: =IF(OR(I40="",F32=""),"",I40*F32)
A42: COO (Investment Office) | B42: =B33 | C42: =IF(OR(C40="",F33=""),"",C40*F33) | D42: =IF(OR(D40="",F33=""),"",D40*F33) | E42: =IF(OR(E40="",F33=""),"",E40*F33) | F42: =IF(OR(F40="",F33=""),"",F40*F33) | G42: =IF(OR(G40="",F33=""),"",G40*F33) | H42: =IF(OR(H40="",F33=""),"",H40*F33) | I42: =IF(OR(I40="",F33=""),"",I40*F33)
A43: Other disclosed professionals | B43: =B34 | C43: =IF(OR(C40="",F34=""),"",C40*F34) | D43: =IF(OR(D40="",F34=""),"",D40*F34) | E43: =IF(OR(E40="",F34=""),"",E40*F34) | F43: =IF(OR(F40="",F34=""),"",F40*F34) | G43: =IF(OR(G40="",F34=""),"",G40*F34) | H43: =IF(OR(H40="",F34=""),"",H40*F34) | I43: =IF(OR(I40="",F34=""),"",I40*F34)
A45: What this corrects · A Form 990 discloses only the highest paid, so a raw percentile for anyone below the chief is drawn from an upward-selected sample. Each person is expressed as a share of their own organization’s top job, and the median ratio is applied to the top-job ladder. The result is modelled, not observed. Rows marked with a sample below ten organizations are directional only.
A49: All statistics are LIVE formulas. Change the Inputs tab to update.
A50: =meta_BuildDate

Sheet CIO - Top Investment Executive
A1: CIO - Top Investment Executive
A2: Leadership
A3: =Summary!$A$5&""
A4: =IF(Inputs!$B$21="","Select your organization on Inputs to compare.","Your organization: "&Inputs!$B$21&", excluded from the market columns.")
A5: =IF($I13>=2,"","Too few people for a market statistic at this filter: "&$I13&" at "&$H13&" organization(s). Records below.") | C5: Market | J5: Your organization | N5: Estimated (1)
B6: basis | C6: P25 | D6: P50 | E6: P75 | F6: P90 | G6: Average | H6: #Orgs | I6: #People | J6: Value | K6: vs P50 | L6: Percentile | M6: #People | N6: Est. P25 | O6: Est. P75 | P6: Est. P90
A7: Base salary | B7: Schedule J only | C7: =IF($I7>=k_MinQuartile,MROUND(_xlfn.PERCENTILE.INC(_xlfn._xlws.FILTER(Records[(B)(i) Base],(Records[Role Group]="CIO - Top Investment Executive")*(Records[Include]="Y")*(Records[Total Cash]<>"")),0.25),k_RoundTo),"") | D7: =IF($I7>=k_MinMedian,MROUND(_xlfn.PERCENTILE.INC(_xlfn._xlws.FILTER(Records[(B)(i) Base],(Records[Role Group]="CIO - Top Investment Executive")*(Records[Include]="Y")*(Records[Total Cash]<>"")),0.5),k_RoundTo),"") | E7: =IF($I7>=k_MinQuartile,MROUND(_xlfn.PERCENTILE.INC(_xlfn._xlws.FILTER(Records[(B)(i) Base],(Records[Role Group]="CIO - Top Investment Executive")*(Records[Include]="Y")*(Records[Total Cash]<>"")),0.75),k_RoundTo),"") | F7: =IF($I7>=k_MinQuartile,MROUND(_xlfn.PERCENTILE.INC(_xlfn._xlws.FILTER(Records[(B)(i) Base],(Records[Role Group]="CIO - Top Investment Executive")*(Records[Include]="Y")*(Records[Total Cash]<>"")),0.9),k_RoundTo),"") | G7: =IF($I7>=k_MinMedian,MROUND(AVERAGE(_xlfn._xlws.FILTER(Records[(B)(i) Base],(Records[Role Group]="CIO - Top Investment Executive")*(Records[Include]="Y")*(Records[Total Cash]<>""))),k_RoundTo),"") | H7: =IFERROR(SUMPRODUCT(((Records[Role Group]="CIO - Top Investment Executive")*(Records[Include]="Y")*(Records[Total Cash]<>""))/(COUNTIFS(Records[Organization],Records[Organization]&"",Records[Role Group],"CIO - Top Investment Executive",Records[Include],"Y")+(COUNTIFS(Records[Organization],Records[Organization]&"",Records[Role Group],"CIO - Top Investment Executive",Records[Include],"Y")=0))),0) | I7: =SUMPRODUCT((Records[Role Group]="CIO - Top Investment Executive")*(Records[Include]="Y")*(Records[Total Cash]<>"")) | J7: =IF(Inputs!$B$21="","",IFERROR(MAX(_xlfn._xlws.FILTER(Records[(B)(i) Base],(Records[Role Group]="CIO - Top Investment Executive")*(Records[Organization]=Inputs!$B$21)*(Records[Most Recent]="Y")*(Records[Total Cash]<>""))),"")) | K7: =IF(OR($J7="",$D7=""),"",$J7/$D7-1) | L7: =IF($I7>=k_MinQuartile,IF(OR($J7="",$J7=0),"",IFERROR(PERCENTRANK.INC(_xlfn._xlws.FILTER(Records[(B)(i) Base],(Records[Role Group]="CIO - Top Investment Executive")*(Records[Include]="Y")*(Records[Total Cash]<>"")),$J7,4),"")),"") | M7: =IF(Inputs!$B$21="","",SUMPRODUCT((Records[Role Group]="CIO - Top Investment Executive")*(Records[Organization]=Inputs!$B$21)*(Records[Most Recent]="Y")*(Records[Total Cash]<>""))) | N7: =IF(AND($I7>=k_MinMedian,$I7<k_MinQuartile,$D7<>""),MROUND($D7*k_Est_base_heads_25,k_RoundTo),"") | O7: =IF(AND($I7>=k_MinMedian,$I7<k_MinQuartile,$D7<>""),MROUND($D7*k_Est_base_heads_75,k_RoundTo),"") | P7: =IF(AND($I7>=k_MinMedian,$I7<k_MinQuartile,$D7<>""),MROUND($D7*k_Est_base_heads_90,k_RoundTo),"")
A8: Incentive / bonus | B8: Schedule J only | C8: =IF($I8>=k_MinQuartile,MROUND(_xlfn.PERCENTILE.INC(_xlfn._xlws.FILTER(Records[(B)(ii) Bonus],(Records[Role Group]="CIO - Top Investment Executive")*(Records[Include]="Y")*(Records[Total Cash]<>"")),0.25),k_RoundTo),"") | D8: =IF($I8>=k_MinMedian,MROUND(_xlfn.PERCENTILE.INC(_xlfn._xlws.FILTER(Records[(B)(ii) Bonus],(Records[Role Group]="CIO - Top Investment Executive")*(Records[Include]="Y")*(Records[Total Cash]<>"")),0.5),k_RoundTo),"") | E8: =IF($I8>=k_MinQuartile,MROUND(_xlfn.PERCENTILE.INC(_xlfn._xlws.FILTER(Records[(B)(ii) Bonus],(Records[Role Group]="CIO - Top Investment Executive")*(Records[Include]="Y")*(Records[Total Cash]<>"")),0.75),k_RoundTo),"") | F8: =IF($I8>=k_MinQuartile,MROUND(_xlfn.PERCENTILE.INC(_xlfn._xlws.FILTER(Records[(B)(ii) Bonus],(Records[Role Group]="CIO - Top Investment Executive")*(Records[Include]="Y")*(Records[Total Cash]<>"")),0.9),k_RoundTo),"") | G8: =IF($I8>=k_MinMedian,MROUND(AVERAGE(_xlfn._xlws.FILTER(Records[(B)(ii) Bonus],(Records[Role Group]="CIO - Top Investment Executive")*(Records[Include]="Y")*(Records[Total Cash]<>""))),k_RoundTo),"") | H8: =IFERROR(SUMPRODUCT(((Records[Role Group]="CIO - Top Investment Executive")*(Records[Include]="Y")*(Records[Total Cash]<>""))/(COUNTIFS(Records[Organization],Records[Organization]&"",Records[Role Group],"CIO - Top Investment Executive",Records[Include],"Y")+(COUNTIFS(Records[Organization],Records[Organization]&"",Records[Role Group],"CIO - Top Investment Executive",Records[Include],"Y")=0))),0) | I8: =SUMPRODUCT((Records[Role Group]="CIO - Top Investment Executive")*(Records[Include]="Y")*(Records[Total Cash]<>"")) | J8: =IF(Inputs!$B$21="","",IFERROR(MAX(_xlfn._xlws.FILTER(Records[(B)(ii) Bonus],(Records[Role Group]="CIO - Top Investment Executive")*(Records[Organization]=Inputs!$B$21)*(Records[Most Recent]="Y")*(Records[Total Cash]<>""))),"")) | K8: =IF(OR($J8="",$D8=""),"",$J8/$D8-1) | L8: =IF($I8>=k_MinQuartile,IF(OR($J8="",$J8=0),"",IFERROR(PERCENTRANK.INC(_xlfn._xlws.FILTER(Records[(B)(ii) Bonus],(Records[Role Group]="CIO - Top Investment Executive")*(Records[Include]="Y")*(Records[Total Cash]<>"")),$J8,4),"")),"") | M8: =IF(Inputs!$B$21="","",SUMPRODUCT((Records[Role Group]="CIO - Top Investment Executive")*(Records[Organization]=Inputs!$B$21)*(Records[Most Recent]="Y")*(Records[Total Cash]<>"")))
A9: Total cash | B9: all filers | C9: =IF($I9>=k_MinQuartile,MROUND(_xlfn.PERCENTILE.INC(_xlfn._xlws.FILTER(Records[Total Cash],(Records[Role Group]="CIO - Top Investment Executive")*(Records[Include]="Y")*(Records[Total Cash]>0)),0.25),k_RoundTo),"") | D9: =IF($I9>=k_MinMedian,MROUND(_xlfn.PERCENTILE.INC(_xlfn._xlws.FILTER(Records[Total Cash],(Records[Role Group]="CIO - Top Investment Executive")*(Records[Include]="Y")*(Records[Total Cash]>0)),0.5),k_RoundTo),"") | E9: =IF($I9>=k_MinQuartile,MROUND(_xlfn.PERCENTILE.INC(_xlfn._xlws.FILTER(Records[Total Cash],(Records[Role Group]="CIO - Top Investment Executive")*(Records[Include]="Y")*(Records[Total Cash]>0)),0.75),k_RoundTo),"") | F9: =IF($I9>=k_MinQuartile,MROUND(_xlfn.PERCENTILE.INC(_xlfn._xlws.FILTER(Records[Total Cash],(Records[Role Group]="CIO - Top Investment Executive")*(Records[Include]="Y")*(Records[Total Cash]>0)),0.9),k_RoundTo),"") | G9: =IF($I9>=k_MinMedian,MROUND(AVERAGE(_xlfn._xlws.FILTER(Records[Total Cash],(Records[Role Group]="CIO - Top Investment Executive")*(Records[Include]="Y")*(Records[Total Cash]>0))),k_RoundTo),"") | H9: =IFERROR(SUMPRODUCT(((Records[Role Group]="CIO - Top Investment Executive")*(Records[Include]="Y")*(Records[Total Cash]>0))/(COUNTIFS(Records[Organization],Records[Organization]&"",Records[Role Group],"CIO - Top Investment Executive",Records[Include],"Y")+(COUNTIFS(Records[Organization],Records[Organization]&"",Records[Role Group],"CIO - Top Investment Executive",Records[Include],"Y")=0))),0) | I9: =SUMPRODUCT((Records[Role Group]="CIO - Top Investment Executive")*(Records[Include]="Y")*(Records[Total Cash]>0)) | J9: =IF(Inputs!$B$21="","",IFERROR(MAX(_xlfn._xlws.FILTER(Records[Total Cash],(Records[Role Group]="CIO - Top Investment Executive")*(Records[Organization]=Inputs!$B$21)*(Records[Most Recent]="Y")*(Records[Total Cash]>0))),"")) | K9: =IF(OR($J9="",$D9=""),"",$J9/$D9-1) | L9: =IF($I9>=k_MinQuartile,IF(OR($J9="",$J9=0),"",IFERROR(PERCENTRANK.INC(_xlfn._xlws.FILTER(Records[Total Cash],(Records[Role Group]="CIO - Top Investment Executive")*(Records[Include]="Y")*(Records[Total Cash]>0)),$J9,4),"")),"") | M9: =IF(Inputs!$B$21="","",SUMPRODUCT((Records[Role Group]="CIO - Top Investment Executive")*(Records[Organization]=Inputs!$B$21)*(Records[Most Recent]="Y")*(Records[Total Cash]>0)))
A10: Other reportable | B10: Schedule J only | C10: =IF($I10>=k_MinQuartile,MROUND(_xlfn.PERCENTILE.INC(_xlfn._xlws.FILTER(Records[(B)(iii) Other],(Records[Role Group]="CIO - Top Investment Executive")*(Records[Include]="Y")*(Records[Total Cash]<>"")),0.25),k_RoundTo),"") | D10: =IF($I10>=k_MinMedian,MROUND(_xlfn.PERCENTILE.INC(_xlfn._xlws.FILTER(Records[(B)(iii) Other],(Records[Role Group]="CIO - Top Investment Executive")*(Records[Include]="Y")*(Records[Total Cash]<>"")),0.5),k_RoundTo),"") | E10: =IF($I10>=k_MinQuartile,MROUND(_xlfn.PERCENTILE.INC(_xlfn._xlws.FILTER(Records[(B)(iii) Other],(Records[Role Group]="CIO - Top Investment Executive")*(Records[Include]="Y")*(Records[Total Cash]<>"")),0.75),k_RoundTo),"") | F10: =IF($I10>=k_MinQuartile,MROUND(_xlfn.PERCENTILE.INC(_xlfn._xlws.FILTER(Records[(B)(iii) Other],(Records[Role Group]="CIO - Top Investment Executive")*(Records[Include]="Y")*(Records[Total Cash]<>"")),0.9),k_RoundTo),"") | G10: =IF($I10>=k_MinMedian,MROUND(AVERAGE(_xlfn._xlws.FILTER(Records[(B)(iii) Other],(Records[Role Group]="CIO - Top Investment Executive")*(Records[Include]="Y")*(Records[Total Cash]<>""))),k_RoundTo),"") | H10: =IFERROR(SUMPRODUCT(((Records[Role Group]="CIO - Top Investment Executive")*(Records[Include]="Y")*(Records[Total Cash]<>""))/(COUNTIFS(Records[Organization],Records[Organization]&"",Records[Role Group],"CIO - Top Investment Executive",Records[Include],"Y")+(COUNTIFS(Records[Organization],Records[Organization]&"",Records[Role Group],"CIO - Top Investment Executive",Records[Include],"Y")=0))),0) | I10: =SUMPRODUCT((Records[Role Group]="CIO - Top Investment Executive")*(Records[Include]="Y")*(Records[Total Cash]<>"")) | J10: =IF(Inputs!$B$21="","",IFERROR(MAX(_xlfn._xlws.FILTER(Records[(B)(iii) Other],(Records[Role Group]="CIO - Top Investment Executive")*(Records[Organization]=Inputs!$B$21)*(Records[Most Recent]="Y")*(Records[Total Cash]<>""))),"")) | K10: =IF(OR($J10="",$D10=""),"",$J10/$D10-1) | L10: =IF($I10>=k_MinQuartile,IF(OR($J10="",$J10=0),"",IFERROR(PERCENTRANK.INC(_xlfn._xlws.FILTER(Records[(B)(iii) Other],(Records[Role Group]="CIO - Top Investment Executive")*(Records[Include]="Y")*(Records[Total Cash]<>"")),$J10,4),"")),"") | M10: =IF(Inputs!$B$21="","",SUMPRODUCT((Records[Role Group]="CIO - Top Investment Executive")*(Records[Organization]=Inputs!$B$21)*(Records[Most Recent]="Y")*(Records[Total Cash]<>"")))
A11: Deferred | B11: Schedule J only | C11: =IF($I11>=k_MinQuartile,MROUND(_xlfn.PERCENTILE.INC(_xlfn._xlws.FILTER(Records[(C) Deferred],(Records[Role Group]="CIO - Top Investment Executive")*(Records[Include]="Y")*(Records[Total Cash]<>"")),0.25),k_RoundTo),"") | D11: =IF($I11>=k_MinMedian,MROUND(_xlfn.PERCENTILE.INC(_xlfn._xlws.FILTER(Records[(C) Deferred],(Records[Role Group]="CIO - Top Investment Executive")*(Records[Include]="Y")*(Records[Total Cash]<>"")),0.5),k_RoundTo),"") | E11: =IF($I11>=k_MinQuartile,MROUND(_xlfn.PERCENTILE.INC(_xlfn._xlws.FILTER(Records[(C) Deferred],(Records[Role Group]="CIO - Top Investment Executive")*(Records[Include]="Y")*(Records[Total Cash]<>"")),0.75),k_RoundTo),"") | F11: =IF($I11>=k_MinQuartile,MROUND(_xlfn.PERCENTILE.INC(_xlfn._xlws.FILTER(Records[(C) Deferred],(Records[Role Group]="CIO - Top Investment Executive")*(Records[Include]="Y")*(Records[Total Cash]<>"")),0.9),k_RoundTo),"") | G11: =IF($I11>=k_MinMedian,MROUND(AVERAGE(_xlfn._xlws.FILTER(Records[(C) Deferred],(Records[Role Group]="CIO - Top Investment Executive")*(Records[Include]="Y")*(Records[Total Cash]<>""))),k_RoundTo),"") | H11: =IFERROR(SUMPRODUCT(((Records[Role Group]="CIO - Top Investment Executive")*(Records[Include]="Y")*(Records[Total Cash]<>""))/(COUNTIFS(Records[Organization],Records[Organization]&"",Records[Role Group],"CIO - Top Investment Executive",Records[Include],"Y")+(COUNTIFS(Records[Organization],Records[Organization]&"",Records[Role Group],"CIO - Top Investment Executive",Records[Include],"Y")=0))),0) | I11: =SUMPRODUCT((Records[Role Group]="CIO - Top Investment Executive")*(Records[Include]="Y")*(Records[Total Cash]<>"")) | J11: =IF(Inputs!$B$21="","",IFERROR(MAX(_xlfn._xlws.FILTER(Records[(C) Deferred],(Records[Role Group]="CIO - Top Investment Executive")*(Records[Organization]=Inputs!$B$21)*(Records[Most Recent]="Y")*(Records[Total Cash]<>""))),"")) | K11: =IF(OR($J11="",$D11=""),"",$J11/$D11-1) | L11: =IF($I11>=k_MinQuartile,IF(OR($J11="",$J11=0),"",IFERROR(PERCENTRANK.INC(_xlfn._xlws.FILTER(Records[(C) Deferred],(Records[Role Group]="CIO - Top Investment Executive")*(Records[Include]="Y")*(Records[Total Cash]<>"")),$J11,4),"")),"") | M11: =IF(Inputs!$B$21="","",SUMPRODUCT((Records[Role Group]="CIO - Top Investment Executive")*(Records[Organization]=Inputs!$B$21)*(Records[Most Recent]="Y")*(Records[Total Cash]<>"")))
A12: Nontaxable benefits | B12: Schedule J only | C12: =IF($I12>=k_MinQuartile,MROUND(_xlfn.PERCENTILE.INC(_xlfn._xlws.FILTER(Records[(D) Nontax Benefits],(Records[Role Group]="CIO - Top Investment Executive")*(Records[Include]="Y")*(Records[Total Cash]<>"")),0.25),k_RoundTo),"") | D12: =IF($I12>=k_MinMedian,MROUND(_xlfn.PERCENTILE.INC(_xlfn._xlws.FILTER(Records[(D) Nontax Benefits],(Records[Role Group]="CIO - Top Investment Executive")*(Records[Include]="Y")*(Records[Total Cash]<>"")),0.5),k_RoundTo),"") | E12: =IF($I12>=k_MinQuartile,MROUND(_xlfn.PERCENTILE.INC(_xlfn._xlws.FILTER(Records[(D) Nontax Benefits],(Records[Role Group]="CIO - Top Investment Executive")*(Records[Include]="Y")*(Records[Total Cash]<>"")),0.75),k_RoundTo),"") | F12: =IF($I12>=k_MinQuartile,MROUND(_xlfn.PERCENTILE.INC(_xlfn._xlws.FILTER(Records[(D) Nontax Benefits],(Records[Role Group]="CIO - Top Investment Executive")*(Records[Include]="Y")*(Records[Total Cash]<>"")),0.9),k_RoundTo),"") | G12: =IF($I12>=k_MinMedian,MROUND(AVERAGE(_xlfn._xlws.FILTER(Records[(D) Nontax Benefits],(Records[Role Group]="CIO - Top Investment Executive")*(Records[Include]="Y")*(Records[Total Cash]<>""))),k_RoundTo),"") | H12: =IFERROR(SUMPRODUCT(((Records[Role Group]="CIO - Top Investment Executive")*(Records[Include]="Y")*(Records[Total Cash]<>""))/(COUNTIFS(Records[Organization],Records[Organization]&"",Records[Role Group],"CIO - Top Investment Executive",Records[Include],"Y")+(COUNTIFS(Records[Organization],Records[Organization]&"",Records[Role Group],"CIO - Top Investment Executive",Records[Include],"Y")=0))),0) | I12: =SUMPRODUCT((Records[Role Group]="CIO - Top Investment Executive")*(Records[Include]="Y")*(Records[Total Cash]<>"")) | J12: =IF(Inputs!$B$21="","",IFERROR(MAX(_xlfn._xlws.FILTER(Records[(D) Nontax Benefits],(Records[Role Group]="CIO - Top Investment Executive")*(Records[Organization]=Inputs!$B$21)*(Records[Most Recent]="Y")*(Records[Total Cash]<>""))),"")) | K12: =IF(OR($J12="",$D12=""),"",$J12/$D12-1) | L12: =IF($I12>=k_MinQuartile,IF(OR($J12="",$J12=0),"",IFERROR(PERCENTRANK.INC(_xlfn._xlws.FILTER(Records[(D) Nontax Benefits],(Records[Role Group]="CIO - Top Investment Executive")*(Records[Include]="Y")*(Records[Total Cash]<>"")),$J12,4),"")),"") | M12: =IF(Inputs!$B$21="","",SUMPRODUCT((Records[Role Group]="CIO - Top Investment Executive")*(Records[Organization]=Inputs!$B$21)*(Records[Most Recent]="Y")*(Records[Total Cash]<>"")))
A13: Total compensation | B13: all filers | C13: =IF($I13>=k_MinQuartile,MROUND(_xlfn.PERCENTILE.INC(_xlfn._xlws.FILTER(Records[(E) Total Comp],(Records[Role Group]="CIO - Top Investment Executive")*(Records[Include]="Y")*(Records[(E) Total Comp]>0)),0.25),k_RoundTo),"") | D13: =IF($I13>=k_MinMedian,MROUND(_xlfn.PERCENTILE.INC(_xlfn._xlws.FILTER(Records[(E) Total Comp],(Records[Role Group]="CIO - Top Investment Executive")*(Records[Include]="Y")*(Records[(E) Total Comp]>0)),0.5),k_RoundTo),"") | E13: =IF($I13>=k_MinQuartile,MROUND(_xlfn.PERCENTILE.INC(_xlfn._xlws.FILTER(Records[(E) Total Comp],(Records[Role Group]="CIO - Top Investment Executive")*(Records[Include]="Y")*(Records[(E) Total Comp]>0)),0.75),k_RoundTo),"") | F13: =IF($I13>=k_MinQuartile,MROUND(_xlfn.PERCENTILE.INC(_xlfn._xlws.FILTER(Records[(E) Total Comp],(Records[Role Group]="CIO - Top Investment Executive")*(Records[Include]="Y")*(Records[(E) Total Comp]>0)),0.9),k_RoundTo),"") | G13: =IF($I13>=k_MinMedian,MROUND(AVERAGE(_xlfn._xlws.FILTER(Records[(E) Total Comp],(Records[Role Group]="CIO - Top Investment Executive")*(Records[Include]="Y")*(Records[(E) Total Comp]>0))),k_RoundTo),"") | H13: =IFERROR(SUMPRODUCT(((Records[Role Group]="CIO - Top Investment Executive")*(Records[Include]="Y")*(Records[(E) Total Comp]>0))/(COUNTIFS(Records[Organization],Records[Organization]&"",Records[Role Group],"CIO - Top Investment Executive",Records[Include],"Y")+(COUNTIFS(Records[Organization],Records[Organization]&"",Records[Role Group],"CIO - Top Investment Executive",Records[Include],"Y")=0))),0) | I13: =SUMPRODUCT((Records[Role Group]="CIO - Top Investment Executive")*(Records[Include]="Y")*(Records[(E) Total Comp]>0)) | J13: =IF(Inputs!$B$21="","",IFERROR(MAX(_xlfn._xlws.FILTER(Records[(E) Total Comp],(Records[Role Group]="CIO - Top Investment Executive")*(Records[Organization]=Inputs!$B$21)*(Records[Most Recent]="Y")*(Records[(E) Total Comp]>0))),"")) | K13: =IF(OR($J13="",$D13=""),"",$J13/$D13-1) | L13: =IF($I13>=k_MinQuartile,IF(OR($J13="",$J13=0),"",IFERROR(PERCENTRANK.INC(_xlfn._xlws.FILTER(Records[(E) Total Comp],(Records[Role Group]="CIO - Top Investment Executive")*(Records[Include]="Y")*(Records[(E) Total Comp]>0)),$J13,4),"")),"") | M13: =IF(Inputs!$B$21="","",SUMPRODUCT((Records[Role Group]="CIO - Top Investment Executive")*(Records[Organization]=Inputs!$B$21)*(Records[Most Recent]="Y")*(Records[(E) Total Comp]>0)))
A14: Adjusted total | B14: all filers | C14: =IF($I14>=k_MinQuartile,MROUND(_xlfn.PERCENTILE.INC(_xlfn._xlws.FILTER(Records[Adj Total],(Records[Role Group]="CIO - Top Investment Executive")*(Records[Include]="Y")*(Records[Adj Total]>0)),0.25),k_RoundTo),"") | D14: =IF($I14>=k_MinMedian,MROUND(_xlfn.PERCENTILE.INC(_xlfn._xlws.FILTER(Records[Adj Total],(Records[Role Group]="CIO - Top Investment Executive")*(Records[Include]="Y")*(Records[Adj Total]>0)),0.5),k_RoundTo),"") | E14: =IF($I14>=k_MinQuartile,MROUND(_xlfn.PERCENTILE.INC(_xlfn._xlws.FILTER(Records[Adj Total],(Records[Role Group]="CIO - Top Investment Executive")*(Records[Include]="Y")*(Records[Adj Total]>0)),0.75),k_RoundTo),"") | F14: =IF($I14>=k_MinQuartile,MROUND(_xlfn.PERCENTILE.INC(_xlfn._xlws.FILTER(Records[Adj Total],(Records[Role Group]="CIO - Top Investment Executive")*(Records[Include]="Y")*(Records[Adj Total]>0)),0.9),k_RoundTo),"") | G14: =IF($I14>=k_MinMedian,MROUND(AVERAGE(_xlfn._xlws.FILTER(Records[Adj Total],(Records[Role Group]="CIO - Top Investment Executive")*(Records[Include]="Y")*(Records[Adj Total]>0))),k_RoundTo),"") | H14: =IFERROR(SUMPRODUCT(((Records[Role Group]="CIO - Top Investment Executive")*(Records[Include]="Y")*(Records[Adj Total]>0))/(COUNTIFS(Records[Organization],Records[Organization]&"",Records[Role Group],"CIO - Top Investment Executive",Records[Include],"Y")+(COUNTIFS(Records[Organization],Records[Organization]&"",Records[Role Group],"CIO - Top Investment Executive",Records[Include],"Y")=0))),0) | I14: =SUMPRODUCT((Records[Role Group]="CIO - Top Investment Executive")*(Records[Include]="Y")*(Records[Adj Total]>0)) | J14: =IF(Inputs!$B$21="","",IFERROR(MAX(_xlfn._xlws.FILTER(Records[Adj Total],(Records[Role Group]="CIO - Top Investment Executive")*(Records[Organization]=Inputs!$B$21)*(Records[Most Recent]="Y")*(Records[Adj Total]>0))),"")) | K14: =IF(OR($J14="",$D14=""),"",$J14/$D14-1) | L14: =IF($I14>=k_MinQuartile,IF(OR($J14="",$J14=0),"",IFERROR(PERCENTRANK.INC(_xlfn._xlws.FILTER(Records[Adj Total],(Records[Role Group]="CIO - Top Investment Executive")*(Records[Include]="Y")*(Records[Adj Total]>0)),$J14,4),"")),"") | M14: =IF(Inputs!$B$21="","",SUMPRODUCT((Records[Role Group]="CIO - Top Investment Executive")*(Records[Organization]=Inputs!$B$21)*(Records[Most Recent]="Y")*(Records[Adj Total]>0))) | N14: =IF(AND($I14>=k_MinMedian,$I14<k_MinQuartile,$D14<>""),MROUND($D14*k_Est_adj_heads_25,k_RoundTo),"") | O14: =IF(AND($I14>=k_MinMedian,$I14<k_MinQuartile,$D14<>""),MROUND($D14*k_Est_adj_heads_75,k_RoundTo),"") | P14: =IF(AND($I14>=k_MinMedian,$I14<k_MinQuartile,$D14<>""),MROUND($D14*k_Est_adj_heads_90,k_RoundTo),"")
A15: Adjusted total, aged | B15: all filers | C15: =IF($I15>=k_MinQuartile,MROUND(_xlfn.PERCENTILE.INC(_xlfn._xlws.FILTER(Records[Aged Adj Total],(Records[Role Group]="CIO - Top Investment Executive")*(Records[Include]="Y")*(Records[Aged Adj Total]>0)),0.25),k_RoundTo),"") | D15: =IF($I15>=k_MinMedian,MROUND(_xlfn.PERCENTILE.INC(_xlfn._xlws.FILTER(Records[Aged Adj Total],(Records[Role Group]="CIO - Top Investment Executive")*(Records[Include]="Y")*(Records[Aged Adj Total]>0)),0.5),k_RoundTo),"") | E15: =IF($I15>=k_MinQuartile,MROUND(_xlfn.PERCENTILE.INC(_xlfn._xlws.FILTER(Records[Aged Adj Total],(Records[Role Group]="CIO - Top Investment Executive")*(Records[Include]="Y")*(Records[Aged Adj Total]>0)),0.75),k_RoundTo),"") | F15: =IF($I15>=k_MinQuartile,MROUND(_xlfn.PERCENTILE.INC(_xlfn._xlws.FILTER(Records[Aged Adj Total],(Records[Role Group]="CIO - Top Investment Executive")*(Records[Include]="Y")*(Records[Aged Adj Total]>0)),0.9),k_RoundTo),"") | G15: =IF($I15>=k_MinMedian,MROUND(AVERAGE(_xlfn._xlws.FILTER(Records[Aged Adj Total],(Records[Role Group]="CIO - Top Investment Executive")*(Records[Include]="Y")*(Records[Aged Adj Total]>0))),k_RoundTo),"") | H15: =IFERROR(SUMPRODUCT(((Records[Role Group]="CIO - Top Investment Executive")*(Records[Include]="Y")*(Records[Aged Adj Total]>0))/(COUNTIFS(Records[Organization],Records[Organization]&"",Records[Role Group],"CIO - Top Investment Executive",Records[Include],"Y")+(COUNTIFS(Records[Organization],Records[Organization]&"",Records[Role Group],"CIO - Top Investment Executive",Records[Include],"Y")=0))),0) | I15: =SUMPRODUCT((Records[Role Group]="CIO - Top Investment Executive")*(Records[Include]="Y")*(Records[Aged Adj Total]>0)) | J15: =IF(Inputs!$B$21="","",IFERROR(MAX(_xlfn._xlws.FILTER(Records[Aged Adj Total],(Records[Role Group]="CIO - Top Investment Executive")*(Records[Organization]=Inputs!$B$21)*(Records[Most Recent]="Y")*(Records[Aged Adj Total]>0))),"")) | K15: =IF(OR($J15="",$D15=""),"",$J15/$D15-1) | L15: =IF($I15>=k_MinQuartile,IF(OR($J15="",$J15=0),"",IFERROR(PERCENTRANK.INC(_xlfn._xlws.FILTER(Records[Aged Adj Total],(Records[Role Group]="CIO - Top Investment Executive")*(Records[Include]="Y")*(Records[Aged Adj Total]>0)),$J15,4),"")),"") | M15: =IF(Inputs!$B$21="","",SUMPRODUCT((Records[Role Group]="CIO - Top Investment Executive")*(Records[Organization]=Inputs!$B$21)*(Records[Most Recent]="Y")*(Records[Aged Adj Total]>0))) | N15: =IF(AND($I15>=k_MinMedian,$I15<k_MinQuartile,$D15<>""),MROUND($D15*k_Est_adj_heads_25,k_RoundTo),"") | O15: =IF(AND($I15>=k_MinMedian,$I15<k_MinQuartile,$D15<>""),MROUND($D15*k_Est_adj_heads_75,k_RoundTo),"") | P15: =IF(AND($I15>=k_MinMedian,$I15<k_MinQuartile,$D15<>""),MROUND($D15*k_Est_adj_heads_90,k_RoundTo),"")
A16: Incentive as % of base | B16: Schedule J only | C16: =IF($I16>=k_MinQuartile,_xlfn.PERCENTILE.INC(_xlfn._xlws.FILTER(Records[Incentive % of Base],(Records[Role Group]="CIO - Top Investment Executive")*(Records[Include]="Y")*(Records[Total Cash]<>"")),0.25),"") | D16: =IF($I16>=k_MinMedian,_xlfn.PERCENTILE.INC(_xlfn._xlws.FILTER(Records[Incentive % of Base],(Records[Role Group]="CIO - Top Investment Executive")*(Records[Include]="Y")*(Records[Total Cash]<>"")),0.5),"") | E16: =IF($I16>=k_MinQuartile,_xlfn.PERCENTILE.INC(_xlfn._xlws.FILTER(Records[Incentive % of Base],(Records[Role Group]="CIO - Top Investment Executive")*(Records[Include]="Y")*(Records[Total Cash]<>"")),0.75),"") | F16: =IF($I16>=k_MinQuartile,_xlfn.PERCENTILE.INC(_xlfn._xlws.FILTER(Records[Incentive % of Base],(Records[Role Group]="CIO - Top Investment Executive")*(Records[Include]="Y")*(Records[Total Cash]<>"")),0.9),"") | G16: =IF($I16>=k_MinMedian,AVERAGE(_xlfn._xlws.FILTER(Records[Incentive % of Base],(Records[Role Group]="CIO - Top Investment Executive")*(Records[Include]="Y")*(Records[Total Cash]<>""))),"") | H16: =IFERROR(SUMPRODUCT(((Records[Role Group]="CIO - Top Investment Executive")*(Records[Include]="Y")*(Records[Total Cash]<>""))/(COUNTIFS(Records[Organization],Records[Organization]&"",Records[Role Group],"CIO - Top Investment Executive",Records[Include],"Y")+(COUNTIFS(Records[Organization],Records[Organization]&"",Records[Role Group],"CIO - Top Investment Executive",Records[Include],"Y")=0))),0) | I16: =SUMPRODUCT((Records[Role Group]="CIO - Top Investment Executive")*(Records[Include]="Y")*(Records[Total Cash]<>"")) | J16: =IF(Inputs!$B$21="","",IFERROR(MAX(_xlfn._xlws.FILTER(Records[Incentive % of Base],(Records[Role Group]="CIO - Top Investment Executive")*(Records[Organization]=Inputs!$B$21)*(Records[Most Recent]="Y")*(Records[Total Cash]<>""))),"")) | K16: =IF(OR($J16="",$D16=""),"",$J16-$D16) | L16: =IF($I16>=k_MinQuartile,IF(OR($J16="",$J16=0),"",IFERROR(PERCENTRANK.INC(_xlfn._xlws.FILTER(Records[Incentive % of Base],(Records[Role Group]="CIO - Top Investment Executive")*(Records[Include]="Y")*(Records[Total Cash]<>"")),$J16,4),"")),"") | M16: =IF(Inputs!$B$21="","",SUMPRODUCT((Records[Role Group]="CIO - Top Investment Executive")*(Records[Organization]=Inputs!$B$21)*(Records[Most Recent]="Y")*(Records[Total Cash]<>"")))
A18: Blank = too few people, not zero. Median 2+, quartiles 5+.
A19: (1) Est. columns, italic: where the median exists but fewer than 5 people, the median times the ratio measured on endowments and foundations at $2b+ (Methodology). Never the median; not a measured figure.
A21: Peer records
A22: Filter Include = "Y" for the peer set.
A24: Organization | B24: State | C24: AUM ($B) | D24: Institution Type | E24: Year | F24: Include | G24: Name | H24: Raw Title | I24: Standardized Title | J24: (B)(i) Base | K24: (B)(ii) Bonus | L24: Total Cash | M24: (B)(iii) Other | N24: (C) Deferred | O24: (D) Nontax Benefits | P24: (E) Total Comp | Q24: Adj Total | R24: Aged Adj Total | S24: Incentive % of Base | T24: Filing
A25: Abilene Christian University | B25: TX | C25: 0.89 | D25: Endowment | E25: 2025 | F25: =IF(AND(OR(in_Mode="All Funds",AND(C25>=in_BandFloor,C25<=in_BandCeiling,OR(in_Geography="National",COUNTIFS(lst_GeoPreset,in_Geography,lst_GeoState,B25)>0,AND(in_Geography="Custom",ISNUMBER(SEARCH(B25,SUBSTITUTE(in_CustomStates," ",""))))),OR(AND(D25="Endowment",Inputs!$B$14="Y"),AND(D25="Foundation",Inputs!$B$15="Y"),AND(D25="Healthcare",Inputs!$B$16="Y"),AND(D25="Pension",Inputs!$B$17="Y"),AND(D25="OCIO",Inputs!$B$18="Y"),AND(D25="Other",Inputs!$B$19="Y")))),A25<>in_ClientOrg,NOT(AND(in_ExclHarvard="Y",ISNUMBER(SEARCH("Harvard",A25))))),"Y","") | G25: Joe Lee | H25: CIO | I25: CIO | J25: 405623 | K25: 100000 | L25: 505623 | N25: 45978 | O25: 24722 | P25: 576323 | Q25: 576323 | R25: =IF(Q25="","",Q25*(1+in_GrowthRate)^(YEARFRAC(DATE(2025,5,31),in_AgeToDate)*IF(in_AgeToDate<DATE(2025,5,31),-1,1)+1)) | S25: 0.24653434 | T25: =HYPERLINK("https://projects.propublica.org/nonprofits/organizations/750851900/202640589349301804/full","view filing")
A26: Abilene Christian University | B26: TX | C26: 0.89 | D26: Endowment | E26: 2024 | G26: Joe Lee | H26: CIO | I26: CIO | J26: 386218 | K26: 100000 | L26: 486218 | N26: 45000 | O26: 23973 | P26: 555191 | Q26: 555191 | R26: =IF(Q26="","",Q26*(1+in_GrowthRate)^(YEARFRAC(DATE(2024,5,31),in_AgeToDate)*IF(in_AgeToDate<DATE(2024,5,31),-1,1)+1)) | S26: 0.25892113 | T26: =HYPERLINK("https://projects.propublica.org/nonprofits/organizations/750851900/202500489349301250/full","view filing")
A27: Abilene Christian University | B27: TX | C27: 0.89 | D27: Endowment | E27: 2023 | G27: Joe Lee | H27: CIO | I27: CIO | J27: 158501 | L27: 158501 | N27: 12923 | O27: 9659 | P27: 181083 | Q27: 181083 | R27: =IF(Q27="","",Q27*(1+in_GrowthRate)^(YEARFRAC(DATE(2023,5,31),in_AgeToDate)*IF(in_AgeToDate<DATE(2023,5,31),-1,1)+1)) | S27: 0 | T27: =HYPERLINK("https://projects.propublica.org/nonprofits/organizations/750851900/202440479349301369/full","view filing")
A28: Advocate Aurora Health Inc | B28: IL | C28: 18.93 | D28: Healthcare | E28: 2024 | F28: =IF(AND(OR(in_Mode="All Funds",AND(C28>=in_BandFloor,C28<=in_BandCeiling,OR(in_Geography="National",COUNTIFS(lst_GeoPreset,in_Geography,lst_GeoState,B28)>0,AND(in_Geography="Custom",ISNUMBER(SEARCH(B28,SUBSTITUTE(in_CustomStates," ",""))))),OR(AND(D28="Endowment",Inputs!$B$14="Y"),AND(D28="Foundation",Inputs!$B$15="Y"),AND(D28="Healthcare",Inputs!$B$16="Y"),AND(D28="Pension",Inputs!$B$17="Y"),AND(D28="OCIO",Inputs!$B$18="Y"),AND(D28="Other",Inputs!$B$19="Y")))),A28<>in_ClientOrg,NOT(AND(in_ExclHarvard="Y",ISNUMBER(SEARCH("Harvard",A28))))),"Y","") | G28: Laura Hill | H28: SENIOR VP CHIEF INVESTMENT OFFICER | I28: CIO | J28: 585083 | K28: 286863 | L28: 871946 | M28: 24539 | N28: 33350 | O28: 1324 | P28: 931159 | Q28: 931159 | R28: =IF(Q28="","",Q28*(1+in_GrowthRate)^(YEARFRAC(DATE(2024,12,31),in_AgeToDate)*IF(in_AgeToDate<DATE(2024,12,31),-1,1)+1)) | S28: 0.49029454 | T28: =HYPERLINK("https://projects.propublica.org/nonprofits/organizations/824184596/202503219349328340/full","view filing")
A29: Alfred P Sloan Foundation | B29: NY | C29: 2.05 | D29: Foundation | E29: 2024 | F29: =IF(AND(OR(in_Mode="All Funds",AND(C29>=in_BandFloor,C29<=in_BandCeiling,OR(in_Geography="National",COUNTIFS(lst_GeoPreset,in_Geography,lst_GeoState,B29)>0,AND(in_Geography="Custom",ISNUMBER(SEARCH(B29,SUBSTITUTE(in_CustomStates," ",""))))),OR(AND(D29="Endowment",Inputs!$B$14="Y"),AND(D29="Foundation",Inputs!$B$15="Y"),AND(D29="Healthcare",Inputs!$B$16="Y"),AND(D29="Pension",Inputs!$B$17="Y"),AND(D29="OCIO",Inputs!$B$18="Y"),AND(D29="Other",Inputs!$B$19="Y")))),A29<>in_ClientOrg,NOT(AND(in_ExclHarvard="Y",ISNUMBER(SEARCH("Harvard",A29))))),"Y","") | G29: Elizabeth Hewitt | H29: CHIEF INVT. OFFICER | I29: CIO | P29: 1335736 | Q29: 1335736 | R29: =IF(Q29="","",Q29*(1+in_GrowthRate)^(YEARFRAC(DATE(2024,12,31),in_AgeToDate)*IF(in_AgeToDate<DATE(2024,12,31),-1,1)+1)) | T29: =HYPERLINK("https://projects.propublica.org/nonprofits/organizations/131623877/202533189349105603/full","view filing")
A30: Alfred P Sloan Foundation | B30: NY | C30: 2.05 | D30: Foundation | E30: 2023 | G30: Elizabeth Hewitt | H30: CHIEF INVESTMENT OFF | I30: CIO | P30: 1579657 | Q30: 1579657 | R30: =IF(Q30="","",Q30*(1+in_GrowthRate)^(YEARFRAC(DATE(2023,12,31),in_AgeToDate)*IF(in_AgeToDate<DATE(2023,12,31),-1,1)+1)) | T30: =HYPERLINK("https://projects.propublica.org/nonprofits/organizations/131623877/202443199349105344/full","view filing")
A31: Alfred P Sloan Foundation | B31: NY | C31: 2.05 | D31: Foundation | E31: 2022 | G31: Elizabeth Hewitt | H31: CHIEF INVESTMENT OFF | I31: CIO | P31: 1521250 | Q31: 1521250 | R31: =IF(Q31="","",Q31*(1+in_GrowthRate)^(YEARFRAC(DATE(2022,12,31),in_AgeToDate)*IF(in_AgeToDate<DATE(2022,12,31),-1,1)+1)) | T31: =HYPERLINK("https://projects.propublica.org/nonprofits/organizations/131623877/202323179349103742/full","view filing")
A32: American Armed Forces Mutual Aid Association | B32: VA | C32: 0.55 | D32: Pension | E32: 2025 | F32: =IF(AND(OR(in_Mode="All Funds",AND(C32>=in_BandFloor,C32<=in_BandCeiling,OR(in_Geography="National",COUNTIFS(lst_GeoPreset,in_Geography,lst_GeoState,B32)>0,AND(in_Geography="Custom",ISNUMBER(SEARCH(B32,SUBSTITUTE(in_CustomStates," ",""))))),OR(AND(D32="Endowment",Inputs!$B$14="Y"),AND(D32="Foundation",Inputs!$B$15="Y"),AND(D32="Healthcare",Inputs!$B$16="Y"),AND(D32="Pension",Inputs!$B$17="Y"),AND(D32="OCIO",Inputs!$B$18="Y"),AND(D32="Other",Inputs!$B$19="Y")))),A32<>in_ClientOrg,NOT(AND(in_ExclHarvard="Y",ISNUMBER(SEARCH("Harvard",A32))))),"Y","") | G32: Paul E Jablansky | H32: CHIEF INVESTMENT OFFICER, AWMT | I32: CIO | J32: 232513 | K32: 11500 | L32: 244013 | N32: 7479 | O32: 23655 | P32: 275147 | Q32: 275147 | R32: =IF(Q32="","",Q32*(1+in_GrowthRate)^(YEARFRAC(DATE(2025,12,31),in_AgeToDate)*IF(in_AgeToDate<DATE(2025,12,31),-1,1)+1)) | S32: 0.0494596 | T32: =HYPERLINK("https://projects.propublica.org/nonprofits/organizations/530213841/202631139349300703/full","view filing")
A33: American Armed Forces Mutual Aid Association | B33: VA | C33: 0.55 | D33: Pension | E33: 2024 | G33: Paul E Jablansky | H33: CHIEF INVESTMENT OFFICER, AWMT | I33: CIO | J33: 224082 | K33: 33700 | L33: 257782 | N33: 7881 | O33: 22179 | P33: 287842 | Q33: 287842 | R33: =IF(Q33="","",Q33*(1+in_GrowthRate)^(YEARFRAC(DATE(2024,12,31),in_AgeToDate)*IF(in_AgeToDate<DATE(2024,12,31),-1,1)+1)) | S33: 0.15039137 | T33: =HYPERLINK("https://projects.propublica.org/nonprofits/organizations/530213841/202541229349300529/full","view filing")
A34: American Armed Forces Mutual Aid Association | B34: VA | C34: 0.55 | D34: Pension | E34: 2023 | G34: Paul E Jablansky | H34: CHIEF INVESTMENT OFFICER, AWMT | I34: CIO | J34: 165881 | L34: 165881 | N34: 3349 | O34: 11286 | P34: 180516 | Q34: 180516 | R34: =IF(Q34="","",Q34*(1+in_GrowthRate)^(YEARFRAC(DATE(2023,12,31),in_AgeToDate)*IF(in_AgeToDate<DATE(2023,12,31),-1,1)+1)) | S34: 0 | T34: =HYPERLINK("https://projects.propublica.org/nonprofits/organizations/530213841/202441319349303579/full","view filing")
A35: American Armed Forces Mutual Aid Association | B35: VA | C35: 0.55 | D35: Pension | E35: 2022 | G35: Gary N Aiken | H35: CIO, AWMT | I35: CIO | J35: 208849 | K35: 41117 | L35: 249966 | N35: 11248 | O35: 978 | P35: 262192 | Q35: 262192 | R35: =IF(Q35="","",Q35*(1+in_GrowthRate)^(YEARFRAC(DATE(2022,12,31),in_AgeToDate)*IF(in_AgeToDate<DATE(2022,12,31),-1,1)+1)) | S35: 0.1968743 | T35: =HYPERLINK("https://projects.propublica.org/nonprofits/organizations/530213841/202301319349303645/full","view filing")
A36: American Institutes For Research In The Behavioral Sciences | B36: VA | C36: 0.82 | D36: Other | E36: 2024 | F36: =IF(AND(OR(in_Mode="All Funds",AND(C36>=in_BandFloor,C36<=in_BandCeiling,OR(in_Geography="National",COUNTIFS(lst_GeoPreset,in_Geography,lst_GeoState,B36)>0,AND(in_Geography="Custom",ISNUMBER(SEARCH(B36,SUBSTITUTE(in_CustomStates," ",""))))),OR(AND(D36="Endowment",Inputs!$B$14="Y"),AND(D36="Foundation",Inputs!$B$15="Y"),AND(D36="Healthcare",Inputs!$B$16="Y"),AND(D36="Pension",Inputs!$B$17="Y"),AND(D36="OCIO",Inputs!$B$18="Y"),AND(D36="Other",Inputs!$B$19="Y")))),A36<>in_ClientOrg,NOT(AND(in_ExclHarvard="Y",ISNUMBER(SEARCH("Harvard",A36))))),"Y","") | G36: Donald Lindsey | H36: CHIEF INVESTMENT OFFICER | I36: CIO | J36: 346544 | K36: 4132 | L36: 350676 | M36: 20400 | N36: 24150 | O36: 24697 | P36: 419923 | Q36: 419923 | R36: =IF(Q36="","",Q36*(1+in_GrowthRate)^(YEARFRAC(DATE(2024,12,31),in_AgeToDate)*IF(in_AgeToDate<DATE(2024,12,31),-1,1)+1)) | S36: 0.01192345 | T36: =HYPERLINK("https://projects.propublica.org/nonprofits/organizations/250965219/202503219349319345/full","view filing")
A37: American Journalism Project Inc | B37: DC | C37: 0.04 | D37: Other | E37: 2024 | F37: =IF(AND(OR(in_Mode="All Funds",AND(C37>=in_BandFloor,C37<=in_BandCeiling,OR(in_Geography="National",COUNTIFS(lst_GeoPreset,in_Geography,lst_GeoState,B37)>0,AND(in_Geography="Custom",ISNUMBER(SEARCH(B37,SUBSTITUTE(in_CustomStates," ",""))))),OR(AND(D37="Endowment",Inputs!$B$14="Y"),AND(D37="Foundation",Inputs!$B$15="Y"),AND(D37="Healthcare",Inputs!$B$16="Y"),AND(D37="Pension",Inputs!$B$17="Y"),AND(D37="OCIO",Inputs!$B$18="Y"),AND(D37="Other",Inputs!$B$19="Y")))),A37<>in_ClientOrg,NOT(AND(in_ExclHarvard="Y",ISNUMBER(SEARCH("Harvard",A37))))),"Y","") | G37: Michael Ouimette | H37: CHIEF INVESTMENT OFFICER | I37: CIO | J37: 247725 | L37: 247725 | N37: 413 | O37: 9591 | P37: 257729 | Q37: 257729 | R37: =IF(Q37="","",Q37*(1+in_GrowthRate)^(YEARFRAC(DATE(2024,12,31),in_AgeToDate)*IF(in_AgeToDate<DATE(2024,12,31),-1,1)+1)) | S37: 0 | T37: =HYPERLINK("https://projects.propublica.org/nonprofits/organizations/831772542/202503169349304355/full","view filing")
A38: American Journalism Project Inc | B38: DC | C38: 0.04 | D38: Other | E38: 2023 | G38: Michael Ouimette | H38: CHIEF INVESTMENT OFFICER | I38: CIO | J38: 228310 | K38: 3500 | L38: 231810 | O38: 9372 | P38: 241182 | Q38: 241182 | R38: =IF(Q38="","",Q38*(1+in_GrowthRate)^(YEARFRAC(DATE(2023,12,31),in_AgeToDate)*IF(in_AgeToDate<DATE(2023,12,31),-1,1)+1)) | S38: 0.015330034 | T38: =HYPERLINK("https://projects.propublica.org/nonprofits/organizations/831772542/202443189349300539/full","view filing")
A39: American Lebanese Syrian Assoc Char Inc | B39: TN | C39: 10.46 | D39: Other | E39: 2025 | F39: =IF(AND(OR(in_Mode="All Funds",AND(C39>=in_BandFloor,C39<=in_BandCeiling,OR(in_Geography="National",COUNTIFS(lst_GeoPreset,in_Geography,lst_GeoState,B39)>0,AND(in_Geography="Custom",ISNUMBER(SEARCH(B39,SUBSTITUTE(in_CustomStates," ",""))))),OR(AND(D39="Endowment",Inputs!$B$14="Y"),AND(D39="Foundation",Inputs!$B$15="Y"),AND(D39="Healthcare",Inputs!$B$16="Y"),AND(D39="Pension",Inputs!$B$17="Y"),AND(D39="OCIO",Inputs!$B$18="Y"),AND(D39="Other",Inputs!$B$19="Y")))),A39<>in_ClientOrg,NOT(AND(in_ExclHarvard="Y",ISNUMBER(SEARCH("Harvard",A39))))),"Y","") | G39: Anurag Pandit | H39: CHIEF INVESTMENT OFFICER | I39: CIO | J39: 768159 | L39: 768159 | M39: 50061 | N39: 86618 | O39: 26495 | P39: 931333 | Q39: 886024 | R39: =IF(Q39="","",Q39*(1+in_GrowthRate)^(YEARFRAC(DATE(2025,6,30),in_AgeToDate)*IF(in_AgeToDate<DATE(2025,6,30),-1,1)+1)) | S39: 0 | T39: =HYPERLINK("https://projects.propublica.org/nonprofits/organizations/351044585/202621339349308397/full","view filing")
A40: American Lebanese Syrian Assoc Char Inc | B40: TN | C40: 10.46 | D40: Other | E40: 2024 | G40: Anurag Pandit | H40: CHIEF INVESTMENT OFFICER | I40: CIO | J40: 700861 | L40: 700861 | M40: 41806 | N40: 83170 | O40: 25917 | P40: 851754 | Q40: 814700 | R40: =IF(Q40="","",Q40*(1+in_GrowthRate)^(YEARFRAC(DATE(2024,6,30),in_AgeToDate)*IF(in_AgeToDate<DATE(2024,6,30),-1,1)+1)) | S40: 0 | T40: =HYPERLINK("https://projects.propublica.org/nonprofits/organizations/351044585/202531339349302178/full","view filing")
A41: American Lebanese Syrian Assoc Char Inc | B41: TN | C41: 10.46 | D41: Other | E41: 2023 | G41: Anurag Pandit | H41: CHIEF INVESTMENT OFFICER | I41: CIO | J41: 626180 | L41: 626180 | M41: 34826 | N41: 72640 | O41: 26495 | P41: 760141 | Q41: 730067 | R41: =IF(Q41="","",Q41*(1+in_GrowthRate)^(YEARFRAC(DATE(2023,6,30),in_AgeToDate)*IF(in_AgeToDate<DATE(2023,6,30),-1,1)+1)) | S41: 0 | T41: =HYPERLINK("https://projects.propublica.org/nonprofits/organizations/351044585/202441319349304049/full","view filing")
A42: American Lebanese Syrian Assoc Char Inc | B42: TN | C42: 10.46 | D42: Other | E42: 2022 | G42: Anurag Pandit | H42: CHIEF INVESTMENT OFFICER | I42: CIO | J42: 579134 | L42: 579134 | M42: 36648 | N42: 71789 | O42: 22564 | P42: 710135 | Q42: 678239 | R42: =IF(Q42="","",Q42*(1+in_GrowthRate)^(YEARFRAC(DATE(2022,6,30),in_AgeToDate)*IF(in_AgeToDate<DATE(2022,6,30),-1,1)+1)) | S42: 0 | T42: =HYPERLINK("https://projects.propublica.org/nonprofits/organizations/351044585/202311319349307636/full","view filing")
A43: American National Red Cross | B43: DC | C43: 3.08 | D43: Other | E43: 2025 | F43: =IF(AND(OR(in_Mode="All Funds",AND(C43>=in_BandFloor,C43<=in_BandCeiling,OR(in_Geography="National",COUNTIFS(lst_GeoPreset,in_Geography,lst_GeoState,B43)>0,AND(in_Geography="Custom",ISNUMBER(SEARCH(B43,SUBSTITUTE(in_CustomStates," ",""))))),OR(AND(D43="Endowment",Inputs!$B$14="Y"),AND(D43="Foundation",Inputs!$B$15="Y"),AND(D43="Healthcare",Inputs!$B$16="Y"),AND(D43="Pension",Inputs!$B$17="Y"),AND(D43="OCIO",Inputs!$B$18="Y"),AND(D43="Other",Inputs!$B$19="Y")))),A43<>in_ClientOrg,NOT(AND(in_ExclHarvard="Y",ISNUMBER(SEARCH("Harvard",A43))))),"Y","") | G43: Brian Rhoa | H43: CHIEF INVESTMENT OFFICER | I43: CIO | J43: 553745 | K43: 150896 | L43: 704641 | M43: 26564 | N43: 17250 | O43: 22440 | P43: 770895 | Q43: 770895 | R43: =IF(Q43="","",Q43*(1+in_GrowthRate)^(YEARFRAC(DATE(2025,6,30),in_AgeToDate)*IF(in_AgeToDate<DATE(2025,6,30),-1,1)+1)) | S43: 0.27250088 | T43: =HYPERLINK("https://projects.propublica.org/nonprofits/organizations/530196605/202640829349300109/full","view filing")
A44: American National Red Cross | B44: DC | C44: 3.08 | D44: Other | E44: 2024 | G44: Brian Rhoa | H44: CHIEF INVESTMENT OFFICER | I44: CIO | J44: 532078 | K44: 146077 | L44: 678155 | M44: 25977 | N44: 13200 | O44: 17757 | P44: 735089 | Q44: 735089 | R44: =IF(Q44="","",Q44*(1+in_GrowthRate)^(YEARFRAC(DATE(2024,6,30),in_AgeToDate)*IF(in_AgeToDate<DATE(2024,6,30),-1,1)+1)) | S44: 0.27454057 | T44: =HYPERLINK("https://projects.propublica.org/nonprofits/organizations/530196605/202511189349301681/full","view filing")
A45: American National Red Cross | B45: DC | C45: 3.08 | D45: Other | E45: 2023 | G45: Brian Rhoa | H45: CHIEF INVESTMENT OFFICER | I45: CIO | J45: 466809 | K45: 120788 | L45: 587597 | M45: 22642 | N45: 12200 | O45: 15750 | P45: 638189 | Q45: 638189 | R45: =IF(Q45="","",Q45*(1+in_GrowthRate)^(YEARFRAC(DATE(2023,6,30),in_AgeToDate)*IF(in_AgeToDate<DATE(2023,6,30),-1,1)+1)) | S45: 0.25875251 | T45: =HYPERLINK("https://projects.propublica.org/nonprofits/organizations/530196605/202420679349300232/full","view filing")
A46: Andrew W Mellon Foundation | B46: NY | C46: 7.85 | D46: Foundation | E46: 2024 | F46: =IF(AND(OR(in_Mode="All Funds",AND(C46>=in_BandFloor,C46<=in_BandCeiling,OR(in_Geography="National",COUNTIFS(lst_GeoPreset,in_Geography,lst_GeoState,B46)>0,AND(in_Geography="Custom",ISNUMBER(SEARCH(B46,SUBSTITUTE(in_CustomStates," ",""))))),OR(AND(D46="Endowment",Inputs!$B$14="Y"),AND(D46="Foundation",Inputs!$B$15="Y"),AND(D46="Healthcare",Inputs!$B$16="Y"),AND(D46="Pension",Inputs!$B$17="Y"),AND(D46="OCIO",Inputs!$B$18="Y"),AND(D46="Other",Inputs!$B$19="Y")))),A46<>in_ClientOrg,NOT(AND(in_ExclHarvard="Y",ISNUMBER(SEARCH("Harvard",A46))))),"Y","") | G46: Scott Taylor | H46: CHIEF INVESTMENT OFFICER | I46: CIO | O46: 577936 | P46: 1973872 | Q46: 1973872 | R46: =IF(Q46="","",Q46*(1+in_GrowthRate)^(YEARFRAC(DATE(2024,12,31),in_AgeToDate)*IF(in_AgeToDate<DATE(2024,12,31),-1,1)+1)) | T46: =HYPERLINK("https://projects.propublica.org/nonprofits/organizations/131879954/202523189349104752/full","view filing")
A47: Andrew W Mellon Foundation | B47: NY | C47: 7.85 | D47: Foundation | E47: 2023 | G47: Scott Taylor | H47: CHIEF INVESTMENT OFFICER | I47: CIO | O47: 1049082 | P47: 4060294 | Q47: 4060294 | R47: =IF(Q47="","",Q47*(1+in_GrowthRate)^(YEARFRAC(DATE(2023,12,31),in_AgeToDate)*IF(in_AgeToDate<DATE(2023,12,31),-1,1)+1)) | T47: =HYPERLINK("https://projects.propublica.org/nonprofits/organizations/131879954/202413199349106571/full","view filing")
A48: Andrew W Mellon Foundation | B48: NY | C48: 7.85 | D48: Foundation | E48: 2022 | G48: Scott Taylor | H48: CHIEF INVESTMENT OFFICER | I48: CIO | O48: 1912745 | P48: 4574185 | Q48: 4574185 | R48: =IF(Q48="","",Q48*(1+in_GrowthRate)^(YEARFRAC(DATE(2022,12,31),in_AgeToDate)*IF(in_AgeToDate<DATE(2022,12,31),-1,1)+1)) | T48: =HYPERLINK("https://projects.propublica.org/nonprofits/organizations/131879954/202303179349100635/full","view filing")
A49: Annie E Casey Foundation | B49: MD | C49: 3.11 | D49: Foundation | E49: 2024 | F49: =IF(AND(OR(in_Mode="All Funds",AND(C49>=in_BandFloor,C49<=in_BandCeiling,OR(in_Geography="National",COUNTIFS(lst_GeoPreset,in_Geography,lst_GeoState,B49)>0,AND(in_Geography="Custom",ISNUMBER(SEARCH(B49,SUBSTITUTE(in_CustomStates," ",""))))),OR(AND(D49="Endowment",Inputs!$B$14="Y"),AND(D49="Foundation",Inputs!$B$15="Y"),AND(D49="Healthcare",Inputs!$B$16="Y"),AND(D49="Pension",Inputs!$B$17="Y"),AND(D49="OCIO",Inputs!$B$18="Y"),AND(D49="Other",Inputs!$B$19="Y")))),A49<>in_ClientOrg,NOT(AND(in_ExclHarvard="Y",ISNUMBER(SEARCH("Harvard",A49))))),"Y","") | G49: Alexander Perry | H49: VICE PRESIDENT & Chief Investment Officer | I49: CIO | O49: 84551 | P49: 936407 | Q49: 936407 | R49: =IF(Q49="","",Q49*(1+in_GrowthRate)^(YEARFRAC(DATE(2024,12,31),in_AgeToDate)*IF(in_AgeToDate<DATE(2024,12,31),-1,1)+1)) | T49: =HYPERLINK("https://projects.propublica.org/nonprofits/organizations/521951681/202513219349100241/full","view filing")
A50: Annie E Casey Foundation | B50: MD | C50: 3.11 | D50: Foundation | E50: 2023 | G50: Alexander Perry | H50: VICE PRESIDENT & Chief Investment Officer | I50: CIO | O50: 76902 | P50: 782722 | Q50: 782722 | R50: =IF(Q50="","",Q50*(1+in_GrowthRate)^(YEARFRAC(DATE(2023,12,31),in_AgeToDate)*IF(in_AgeToDate<DATE(2023,12,31),-1,1)+1)) | T50: =HYPERLINK("https://projects.propublica.org/nonprofits/organizations/521951681/202533099349102133/full","view filing")
A51: Annie E Casey Foundation | B51: MD | C51: 3.11 | D51: Foundation | E51: 2022 | G51: May Ng | H51: VICE PRESIDENT & CHIEF INVESTMENT OFFICER | I51: CIO | O51: 39682 | P51: 812278 | Q51: 812278 | R51: =IF(Q51="","",Q51*(1+in_GrowthRate)^(YEARFRAC(DATE(2022,12,31),in_AgeToDate)*IF(in_AgeToDate<DATE(2022,12,31),-1,1)+1)) | T51: =HYPERLINK("https://projects.propublica.org/nonprofits/organizations/521951681/202543099349102364/full","view filing")
A52: Asu Enterprise Partners | B52: AZ | C52: 0.28 | D52: Endowment | E52: 2025 | F52: =IF(AND(OR(in_Mode="All Funds",AND(C52>=in_BandFloor,C52<=in_BandCeiling,OR(in_Geography="National",COUNTIFS(lst_GeoPreset,in_Geography,lst_GeoState,B52)>0,AND(in_Geography="Custom",ISNUMBER(SEARCH(B52,SUBSTITUTE(in_CustomStates," ",""))))),OR(AND(D52="Endowment",Inputs!$B$14="Y"),AND(D52="Foundation",Inputs!$B$15="Y"),AND(D52="Healthcare",Inputs!$B$16="Y"),AND(D52="Pension",Inputs!$B$17="Y"),AND(D52="OCIO",Inputs!$B$18="Y"),AND(D52="Other",Inputs!$B$19="Y")))),A52<>in_ClientOrg,NOT(AND(in_ExclHarvard="Y",ISNUMBER(SEARCH("Harvard",A52))))),"Y","") | G52: Jeff Mindlin | H52: CHIEF INVEST. OFFICER/MANAGING DIR. UR | I52: CIO | J52: 319450 | K52: 64272 | L52: 383722 | N52: 23883 | O52: 37486 | P52: 445091 | Q52: 445091 | R52: =IF(Q52="","",Q52*(1+in_GrowthRate)^(YEARFRAC(DATE(2025,6,30),in_AgeToDate)*IF(in_AgeToDate<DATE(2025,6,30),-1,1)+1)) | S52: 0.20119581 | T52: =HYPERLINK("https://projects.propublica.org/nonprofits/organizations/475599177/202600799349301450/full","view filing")
A53: Asu Enterprise Partners | B53: AZ | C53: 0.28 | D53: Endowment | E53: 2024 | G53: Jeff Mindlin | H53: CHIEF INVESTMENT OFFICER | I53: CIO | J53: 310031 | K53: 62400 | L53: 372431 | N53: 21910 | O53: 37237 | P53: 431578 | Q53: 431578 | R53: =IF(Q53="","",Q53*(1+in_GrowthRate)^(YEARFRAC(DATE(2024,6,30),in_AgeToDate)*IF(in_AgeToDate<DATE(2024,6,30),-1,1)+1)) | S53: 0.2012702 | T53: =HYPERLINK("https://projects.propublica.org/nonprofits/organizations/475599177/202520739349301867/full","view filing")
A54: Asu Enterprise Partners | B54: AZ | C54: 0.28 | D54: Endowment | E54: 2023 | G54: Jeff Mindlin | H54: CHIEF INVESTMENT OFFICER | I54: CIO | J54: 297367 | K54: 62400 | L54: 359767 | M54: 74 | N54: 21350 | O54: 30703 | P54: 411894 | Q54: 411894 | R54: =IF(Q54="","",Q54*(1+in_GrowthRate)^(YEARFRAC(DATE(2023,6,30),in_AgeToDate)*IF(in_AgeToDate<DATE(2023,6,30),-1,1)+1)) | S54: 0.20984171 | T54: =HYPERLINK("https://projects.propublica.org/nonprofits/organizations/475599177/202410889349301906/full","view filing")
A55: Asu Enterprise Partners | B55: AZ | C55: 0.28 | D55: Endowment | E55: 2022 | G55: Jeff Mindlin | H55: CHIEF INVESTMENT OFFICER | I55: CIO | J55: 266353 | K55: 33000 | L55: 299353 | M55: 37 | N55: 20300 | O55: 25539 | P55: 345229 | Q55: 345229 | R55: =IF(Q55="","",Q55*(1+in_GrowthRate)^(YEARFRAC(DATE(2022,6,30),in_AgeToDate)*IF(in_AgeToDate<DATE(2022,6,30),-1,1)+1)) | S55: 0.12389573 | T55: =HYPERLINK("https://projects.propublica.org/nonprofits/organizations/475599177/202311109349300116/full","view filing")
A56: Baylor College Of Medicine | B56: TX | C56: 1.43 | D56: Endowment | E56: 2025 | F56: =IF(AND(OR(in_Mode="All Funds",AND(C56>=in_BandFloor,C56<=in_BandCeiling,OR(in_Geography="National",COUNTIFS(lst_GeoPreset,in_Geography,lst_GeoState,B56)>0,AND(in_Geography="Custom",ISNUMBER(SEARCH(B56,SUBSTITUTE(in_CustomStates," ",""))))),OR(AND(D56="Endowment",Inputs!$B$14="Y"),AND(D56="Foundation",Inputs!$B$15="Y"),AND(D56="Healthcare",Inputs!$B$16="Y"),AND(D56="Pension",Inputs!$B$17="Y"),AND(D56="OCIO",Inputs!$B$18="Y"),AND(D56="Other",Inputs!$B$19="Y")))),A56<>in_ClientOrg,NOT(AND(in_ExclHarvard="Y",ISNUMBER(SEARCH("Harvard",A56))))),"Y","") | G56: William D Walker | H56: VP - CHIEF INVESTMENT OFFICER | I56: CIO | J56: 580800 | K56: 588700 | L56: 1169500 | M56: 4326 | N56: 28487 | O56: 20138 | P56: 1222451 | Q56: 1222451 | R56: =IF(Q56="","",Q56*(1+in_GrowthRate)^(YEARFRAC(DATE(2025,6,30),in_AgeToDate)*IF(in_AgeToDate<DATE(2025,6,30),-1,1)+1)) | S56: 1.0136019 | T56: =HYPERLINK("https://projects.propublica.org/nonprofits/organizations/741613878/202621319349301417/full","view filing")
A57: Baylor College Of Medicine | B57: TX | C57: 1.43 | D57: Endowment | E57: 2024 | G57: William D Walker | H57: VP - CHIEF INVESTMENT OFFICER | I57: CIO | J57: 578769 | K57: 527800 | L57: 1106569 | M57: 5238 | N57: 27258 | O57: 20888 | P57: 1159953 | Q57: 1159953 | R57: =IF(Q57="","",Q57*(1+in_GrowthRate)^(YEARFRAC(DATE(2024,6,30),in_AgeToDate)*IF(in_AgeToDate<DATE(2024,6,30),-1,1)+1)) | S57: 0.9119355 | T57: =HYPERLINK("https://projects.propublica.org/nonprofits/organizations/741613878/202541339349305639/full","view filing")
A58: Baylor College Of Medicine | B58: TX | C58: 1.43 | D58: Endowment | E58: 2023 | G58: William D Walker | H58: VP - CHIEF INVESTMENT OFFICER | I58: CIO | J58: 526154 | K58: 572880 | L58: 1099034 | M58: 4191 | N58: 25224 | O58: 20809 | P58: 1149258 | Q58: 1149258 | R58: =IF(Q58="","",Q58*(1+in_GrowthRate)^(YEARFRAC(DATE(2023,6,30),in_AgeToDate)*IF(in_AgeToDate<DATE(2023,6,30),-1,1)+1)) | S58: 1.0888067 | T58: =HYPERLINK("https://projects.propublica.org/nonprofits/organizations/741613878/202421349349308542/full","view filing")
A59: Baylor College Of Medicine | B59: TX | C59: 1.43 | D59: Endowment | E59: 2022 | G59: William D Walker | H59: VP - CHIEF INVESTMENT OFFICER | I59: CIO | J59: 480000 | K59: 319200 | L59: 799200 | M59: 4191 | N59: 16310 | O59: 20743 | P59: 840444 | Q59: 840444 | R59: =IF(Q59="","",Q59*(1+in_GrowthRate)^(YEARFRAC(DATE(2022,6,30),in_AgeToDate)*IF(in_AgeToDate<DATE(2022,6,30),-1,1)+1)) | S59: 0.665 | T59: =HYPERLINK("https://projects.propublica.org/nonprofits/organizations/741613878/202301329349308855/full","view filing")
A60: Baylor University | B60: TX | C60: 2.18 | D60: Endowment | E60: 2025 | F60: =IF(AND(OR(in_Mode="All Funds",AND(C60>=in_BandFloor,C60<=in_BandCeiling,OR(in_Geography="National",COUNTIFS(lst_GeoPreset,in_Geography,lst_GeoState,B60)>0,AND(in_Geography="Custom",ISNUMBER(SEARCH(B60,SUBSTITUTE(in_CustomStates," ",""))))),OR(AND(D60="Endowment",Inputs!$B$14="Y"),AND(D60="Foundation",Inputs!$B$15="Y"),AND(D60="Healthcare",Inputs!$B$16="Y"),AND(D60="Pension",Inputs!$B$17="Y"),AND(D60="OCIO",Inputs!$B$18="Y"),AND(D60="Other",Inputs!$B$19="Y")))),A60<>in_ClientOrg,NOT(AND(in_ExclHarvard="Y",ISNUMBER(SEARCH("Harvard",A60))))),"Y","") | G60: David Morehead | H60: CHIEF INVESTMENT OFFICER | I60: CIO | J60: 514162 | K60: 735797 | L60: 1249959 | N60: 37260 | O60: 26437 | P60: 1313656 | Q60: 1313656 | R60: =IF(Q60="","",Q60*(1+in_GrowthRate)^(YEARFRAC(DATE(2025,5,31),in_AgeToDate)*IF(in_AgeToDate<DATE(2025,5,31),-1,1)+1)) | S60: 1.4310606 | T60: =HYPERLINK("https://projects.propublica.org/nonprofits/organizations/741159753/202641009349300714/full","view filing")
A61: Baylor University | B61: TX | C61: 2.18 | D61: Endowment | E61: 2024 | G61: David Morehead | H61: CHIEF INVESTMENT OFFICER | I61: CIO | J61: 1299242 | L61: 1299242 | N61: 35640 | O61: 25287 | P61: 1360169 | Q61: 1360169 | R61: =IF(Q61="","",Q61*(1+in_GrowthRate)^(YEARFRAC(DATE(2024,5,31),in_AgeToDate)*IF(in_AgeToDate<DATE(2024,5,31),-1,1)+1)) | S61: 0 | T61: =HYPERLINK("https://projects.propublica.org/nonprofits/organizations/741159753/202540989349300624/full","view filing")
A62: Baylor University | B62: TX | C62: 2.18 | D62: Endowment | E62: 2023 | G62: David Morehead | H62: Chief Investment Officer | I62: CIO | J62: 410059 | K62: 789050 | L62: 1199109 | N62: 32940 | O62: 25594 | P62: 1257643 | Q62: 1257643 | R62: =IF(Q62="","",Q62*(1+in_GrowthRate)^(YEARFRAC(DATE(2023,5,31),in_AgeToDate)*IF(in_AgeToDate<DATE(2023,5,31),-1,1)+1)) | S62: 1.9242353 | T62: =HYPERLINK("https://projects.propublica.org/nonprofits/organizations/741159753/202411009349301426/full","view filing")
A63: Baylor University | B63: TX | C63: 2.18 | D63: Endowment | E63: 2022 | G63: David Morehead | H63: Chief Investment Officer | I63: CIO | J63: 400658 | K63: 777500 | L63: 1178158 | N63: 26490 | O63: 23418 | P63: 1228066 | Q63: 1228066 | R63: =IF(Q63="","",Q63*(1+in_GrowthRate)^(YEARFRAC(DATE(2022,5,31),in_AgeToDate)*IF(in_AgeToDate<DATE(2022,5,31),-1,1)+1)) | S63: 1.9405578 | T63: =HYPERLINK("https://projects.propublica.org/nonprofits/organizations/741159753/202320979349301117/full","view filing")
A64: Beth Israel Deaconess Medical Center Inc | B64: MA | C64: 1.21 | D64: Healthcare | E64: 2022 | G64: Bell James | H64: CHIEF INVESTMENT OFFICER | I64: CIO | J64: 600111 | L64: 600111 | M64: 27541 | N64: 60361 | O64: 31820 | P64: 719833 | Q64: 719833 | R64: =IF(Q64="","",Q64*(1+in_GrowthRate)^(YEARFRAC(DATE(2022,9,30),in_AgeToDate)*IF(in_AgeToDate<DATE(2022,9,30),-1,1)+1)) | S64: 0 | T64: =HYPERLINK("https://projects.propublica.org/nonprofits/organizations/42103881/202322279349302277/full","view filing")
A65: Beth Israel Lahey Health Inc Hcsr | B65: MA | C65: 0.14 | D65: Healthcare | E65: 2025 | F65: =IF(AND(OR(in_Mode="All Funds",AND(C65>=in_BandFloor,C65<=in_BandCeiling,OR(in_Geography="National",COUNTIFS(lst_GeoPreset,in_Geography,lst_GeoState,B65)>0,AND(in_Geography="Custom",ISNUMBER(SEARCH(B65,SUBSTITUTE(in_CustomStates," ",""))))),OR(AND(D65="Endowment",Inputs!$B$14="Y"),AND(D65="Foundation",Inputs!$B$15="Y"),AND(D65="Healthcare",Inputs!$B$16="Y"),AND(D65="Pension",Inputs!$B$17="Y"),AND(D65="OCIO",Inputs!$B$18="Y"),AND(D65="Other",Inputs!$B$19="Y")))),A65<>in_ClientOrg,NOT(AND(in_ExclHarvard="Y",ISNUMBER(SEARCH("Harvard",A65))))),"Y","") | G65: Bell James | H65: SVP/CHIEF INVESTMENT OFFICER | I65: CIO | J65: 883233 | L65: 883233 | M65: 63953 | N65: 19830 | O65: 35798 | P65: 1002814 | Q65: 1002814 | R65: =IF(Q65="","",Q65*(1+in_GrowthRate)^(YEARFRAC(DATE(2025,9,30),in_AgeToDate)*IF(in_AgeToDate<DATE(2025,9,30),-1,1)+1)) | S65: 0 | T65: =HYPERLINK("https://projects.propublica.org/nonprofits/organizations/832671600/202612269349303551/full","view filing")
A66: Beth Israel Lahey Health Inc Hcsr | B66: MA | C66: 0.14 | D66: Healthcare | E66: 2024 | G66: Bell James | H66: SVP/CHIEF INVESTMENT OFFICER | I66: CIO | J66: 620464 | K66: 225000 | L66: 845464 | M66: 171618 | N66: 82785 | O66: 35204 | P66: 1135071 | Q66: 1135071 | R66: =IF(Q66="","",Q66*(1+in_GrowthRate)^(YEARFRAC(DATE(2024,9,30),in_AgeToDate)*IF(in_AgeToDate<DATE(2024,9,30),-1,1)+1)) | S66: 0.36263184 | T66: =HYPERLINK("https://projects.propublica.org/nonprofits/organizations/832671600/202542279349302704/full","view filing")
A67: Beth Israel Lahey Health Inc Hcsr | B67: MA | C67: 0.14 | D67: Healthcare | E67: 2023 | G67: Bell James | H67: SVP/CHIEF INVESTMENT OFFICER | I67: CIO | J67: 812574 | K67: 200000 | L67: 1012574 | M67: 40803 | N67: 7320 | O67: 32030 | P67: 1092727 | Q67: 1092727 | R67: =IF(Q67="","",Q67*(1+in_GrowthRate)^(YEARFRAC(DATE(2023,9,30),in_AgeToDate)*IF(in_AgeToDate<DATE(2023,9,30),-1,1)+1)) | S67: 0.24613143 | T67: =HYPERLINK("https://projects.propublica.org/nonprofits/organizations/832671600/202412279349301811/full","view filing")
A68: Bethune-cookman University | B68: FL | C68: 0.06 | D68: Endowment | E68: 2025 | F68: =IF(AND(OR(in_Mode="All Funds",AND(C68>=in_BandFloor,C68<=in_BandCeiling,OR(in_Geography="National",COUNTIFS(lst_GeoPreset,in_Geography,lst_GeoState,B68)>0,AND(in_Geography="Custom",ISNUMBER(SEARCH(B68,SUBSTITUTE(in_CustomStates," ",""))))),OR(AND(D68="Endowment",Inputs!$B$14="Y"),AND(D68="Foundation",Inputs!$B$15="Y"),AND(D68="Healthcare",Inputs!$B$16="Y"),AND(D68="Pension",Inputs!$B$17="Y"),AND(D68="OCIO",Inputs!$B$18="Y"),AND(D68="Other",Inputs!$B$19="Y")))),A68<>in_ClientOrg,NOT(AND(in_ExclHarvard="Y",ISNUMBER(SEARCH("Harvard",A68))))),"Y","") | G68: James A Cleveland | H68: CHIEF INVESTMENT OFFICER/VP FISCAL AFFAIRS | I68: CIO | J68: 206713 | L68: 206713 | N68: 2552 | O68: 386 | P68: 209651 | Q68: 209651 | R68: =IF(Q68="","",Q68*(1+in_GrowthRate)^(YEARFRAC(DATE(2025,6,30),in_AgeToDate)*IF(in_AgeToDate<DATE(2025,6,30),-1,1)+1)) | S68: 0 | T68: =HYPERLINK("https://projects.propublica.org/nonprofits/organizations/590704726/202611359349301841/full","view filing")
A69: Bethune-cookman University | B69: FL | C69: 0.06 | D69: Endowment | E69: 2024 | G69: James A Cleveland | H69: CHIEF INVESTMENT OFFICER/VP OF FISCAL AFFAIRS | I69: CIO | J69: 175000 | L69: 175000 | O69: 18000 | P69: 193000 | Q69: 193000 | R69: =IF(Q69="","",Q69*(1+in_GrowthRate)^(YEARFRAC(DATE(2024,6,30),in_AgeToDate)*IF(in_AgeToDate<DATE(2024,6,30),-1,1)+1)) | S69: 0 | T69: =HYPERLINK("https://projects.propublica.org/nonprofits/organizations/590704726/202531429349300723/full","view filing")
A70: Betterlife | B70: WI | C70: 0.59 | D70: Other | E70: 2023 | G70: Craig A Van Dyke | H70: President/Chief Investment Officer | I70: CIO | J70: 317046 | K70: 45643 | L70: 362689 | M70: 1473 | N70: 40568 | O70: 20886 | P70: 425616 | Q70: 425616 | R70: =IF(Q70="","",Q70*(1+in_GrowthRate)^(YEARFRAC(DATE(2023,12,31),in_AgeToDate)*IF(in_AgeToDate<DATE(2023,12,31),-1,1)+1)) | S70: 0.14396334 | T70: =HYPERLINK("https://projects.propublica.org/nonprofits/organizations/420594470/202441639349301364/full","view filing")
A71: Betterlife | B71: WI | C71: 0.59 | D71: Other | E71: 2022 | G71: Craig A Van Dyke | H71: President/Chief Investment Officer | I71: CIO | J71: 293886 | K71: 38222 | L71: 332108 | M71: 1906 | N71: 44900 | O71: 43300 | P71: 422214 | Q71: 422214 | R71: =IF(Q71="","",Q71*(1+in_GrowthRate)^(YEARFRAC(DATE(2022,12,31),in_AgeToDate)*IF(in_AgeToDate<DATE(2022,12,31),-1,1)+1)) | S71: 0.13005723 | T71: =HYPERLINK("https://projects.propublica.org/nonprofits/organizations/420594470/202321989349301042/full","view filing")
A72: Boilermakers National Health & Welfare Fund | B72: MN | C72: 1.3 | D72: Pension | E72: 2024 | F72: =IF(AND(OR(in_Mode="All Funds",AND(C72>=in_BandFloor,C72<=in_BandCeiling,OR(in_Geography="National",COUNTIFS(lst_GeoPreset,in_Geography,lst_GeoState,B72)>0,AND(in_Geography="Custom",ISNUMBER(SEARCH(B72,SUBSTITUTE(in_CustomStates," ",""))))),OR(AND(D72="Endowment",Inputs!$B$14="Y"),AND(D72="Foundation",Inputs!$B$15="Y"),AND(D72="Healthcare",Inputs!$B$16="Y"),AND(D72="Pension",Inputs!$B$17="Y"),AND(D72="OCIO",Inputs!$B$18="Y"),AND(D72="Other",Inputs!$B$19="Y")))),A72<>in_ClientOrg,NOT(AND(in_ExclHarvard="Y",ISNUMBER(SEARCH("Harvard",A72))))),"Y","") | G72: Mario Rodriquez | H72: CHIEF INVESTMENT OFFICER | I72: CIO | J72: 100852 | L72: 100852 | M72: 34269 | N72: 43286 | O72: 4999 | P72: 183406 | Q72: 183406 | R72: =IF(Q72="","",Q72*(1+in_GrowthRate)^(YEARFRAC(DATE(2024,12,31),in_AgeToDate)*IF(in_AgeToDate<DATE(2024,12,31),-1,1)+1)) | S72: 0 | T72: =HYPERLINK("https://projects.propublica.org/nonprofits/organizations/366090694/202503159349306020/full","view filing")
A73: Boilermakers National Health & Welfare Fund | B73: MN | C73: 1.3 | D73: Pension | E73: 2023 | G73: Mario Rodriquez | H73: CHIEF INVESTMENT OFFICER | I73: CIO | J73: 80969 | L73: 80969 | M73: 26975 | N73: 34341 | O73: 7418 | P73: 149703 | Q73: 149703 | R73: =IF(Q73="","",Q73*(1+in_GrowthRate)^(YEARFRAC(DATE(2023,12,31),in_AgeToDate)*IF(in_AgeToDate<DATE(2023,12,31),-1,1)+1)) | S73: 0 | T73: =HYPERLINK("https://projects.propublica.org/nonprofits/organizations/366090694/202443169349305164/full","view filing")
A74: Boilermakers National Health & Welfare Fund | B74: MN | C74: 1.3 | D74: Pension | E74: 2022 | G74: Mario Rodriquez | H74: CHIEF INVESTMENT OFFICER | I74: CIO | J74: 71066 | L74: 71066 | M74: 24852 | N74: 31725 | O74: 7275 | P74: 134918 | Q74: 134918 | R74: =IF(Q74="","",Q74*(1+in_GrowthRate)^(YEARFRAC(DATE(2022,12,31),in_AgeToDate)*IF(in_AgeToDate<DATE(2022,12,31),-1,1)+1)) | S74: 0 | T74: =HYPERLINK("https://projects.propublica.org/nonprofits/organizations/366090694/202303179349302730/full","view filing")
A75: Boston College Trustees | B75: MA | C75: 4.24 | D75: Endowment | E75: 2025 | F75: =IF(AND(OR(in_Mode="All Funds",AND(C75>=in_BandFloor,C75<=in_BandCeiling,OR(in_Geography="National",COUNTIFS(lst_GeoPreset,in_Geography,lst_GeoState,B75)>0,AND(in_Geography="Custom",ISNUMBER(SEARCH(B75,SUBSTITUTE(in_CustomStates," ",""))))),OR(AND(D75="Endowment",Inputs!$B$14="Y"),AND(D75="Foundation",Inputs!$B$15="Y"),AND(D75="Healthcare",Inputs!$B$16="Y"),AND(D75="Pension",Inputs!$B$17="Y"),AND(D75="OCIO",Inputs!$B$18="Y"),AND(D75="Other",Inputs!$B$19="Y")))),A75<>in_ClientOrg,NOT(AND(in_ExclHarvard="Y",ISNUMBER(SEARCH("Harvard",A75))))),"Y","") | G75: John J Zona | H75: CHIEF INVESTMENT OFFICER | I75: CIO | J75: 707386 | K75: 242782 | L75: 950168 | M75: 148762 | N75: 34500 | O75: 46069 | P75: 1179499 | Q75: 956271 | R75: =IF(Q75="","",Q75*(1+in_GrowthRate)^(YEARFRAC(DATE(2025,5,31),in_AgeToDate)*IF(in_AgeToDate<DATE(2025,5,31),-1,1)+1)) | S75: 0.34321007 | T75: =HYPERLINK("https://projects.propublica.org/nonprofits/organizations/42103545/202620939349301002/full","view filing")
A76: Boston College Trustees | B76: MA | C76: 4.24 | D76: Endowment | E76: 2024 | G76: John J Zona | H76: CHIEF INVESTMENT OFFICER | I76: CIO | J76: 655547 | K76: 504186 | L76: 1159733 | M76: 151192 | N76: 256477 | O76: 44153 | P76: 1611555 | Q76: 1364109 | R76: =IF(Q76="","",Q76*(1+in_GrowthRate)^(YEARFRAC(DATE(2024,5,31),in_AgeToDate)*IF(in_AgeToDate<DATE(2024,5,31),-1,1)+1)) | S76: 0.76910733 | T76: =HYPERLINK("https://projects.propublica.org/nonprofits/organizations/42103545/202520929349301022/full","view filing")
A77: Boston College Trustees | B77: MA | C77: 4.24 | D77: Endowment | E77: 2023 | G77: John J Zona | H77: CIO & ASSOC TREAS | I77: CIO | J77: 629865 | K77: 293225 | L77: 923090 | M77: 126274 | N77: 253729 | O77: 42324 | P77: 1345417 | Q77: 1331064 | R77: =IF(Q77="","",Q77*(1+in_GrowthRate)^(YEARFRAC(DATE(2023,5,31),in_AgeToDate)*IF(in_AgeToDate<DATE(2023,5,31),-1,1)+1)) | S77: 0.46553627 | T77: =HYPERLINK("https://projects.propublica.org/nonprofits/organizations/42103545/202421029349300622/full","view filing")
A78: Boston College Trustees | B78: MA | C78: 4.24 | D78: Endowment | E78: 2022 | G78: John J Zona | H78: CIO & ASSOC TREAS | I78: CIO | J78: 611503 | K78: 565985 | L78: 1177488 | M78: 20742 | N78: 276446 | O78: 99743 | P78: 1574419 | Q78: 1398002 | R78: =IF(Q78="","",Q78*(1+in_GrowthRate)^(YEARFRAC(DATE(2022,5,31),in_AgeToDate)*IF(in_AgeToDate<DATE(2022,5,31),-1,1)+1)) | S78: 0.92556373 | T78: =HYPERLINK("https://projects.propublica.org/nonprofits/organizations/42103545/202301049349301110/full","view filing")
A79: Bowdoin College | B79: ME | C79: 2.92 | D79: Endowment | E79: 2025 | F79: =IF(AND(OR(in_Mode="All Funds",AND(C79>=in_BandFloor,C79<=in_BandCeiling,OR(in_Geography="National",COUNTIFS(lst_GeoPreset,in_Geography,lst_GeoState,B79)>0,AND(in_Geography="Custom",ISNUMBER(SEARCH(B79,SUBSTITUTE(in_CustomStates," ",""))))),OR(AND(D79="Endowment",Inputs!$B$14="Y"),AND(D79="Foundation",Inputs!$B$15="Y"),AND(D79="Healthcare",Inputs!$B$16="Y"),AND(D79="Pension",Inputs!$B$17="Y"),AND(D79="OCIO",Inputs!$B$18="Y"),AND(D79="Other",Inputs!$B$19="Y")))),A79<>in_ClientOrg,NOT(AND(in_ExclHarvard="Y",ISNUMBER(SEARCH("Harvard",A79))))),"Y","") | G79: K Niles Bryant | H79: SVP/CHIEF INVESTMENTS OFFICER | I79: CIO | J79: 872801 | K79: 1200000 | L79: 2072801 | M79: 2928 | N79: 48927 | O79: 19163 | P79: 2143819 | Q79: 2143819 | R79: =IF(Q79="","",Q79*(1+in_GrowthRate)^(YEARFRAC(DATE(2025,6,30),in_AgeToDate)*IF(in_AgeToDate<DATE(2025,6,30),-1,1)+1)) | S79: 1.3748839 | T79: =HYPERLINK("https://projects.propublica.org/nonprofits/organizations/10215213/202611329349306966/full","view filing")
A80: Bowdoin College | B80: ME | C80: 2.92 | D80: Endowment | E80: 2024 | G80: K Niles Bryant | H80: SVP/CHIEF INVESTMENTS OFFICER | I80: CIO | J80: 633736 | K80: 1200000 | L80: 1833736 | M80: 1890 | N80: 43453 | O80: 18983 | P80: 1898062 | Q80: 1898062 | R80: =IF(Q80="","",Q80*(1+in_GrowthRate)^(YEARFRAC(DATE(2024,6,30),in_AgeToDate)*IF(in_AgeToDate<DATE(2024,6,30),-1,1)+1)) | S80: 1.893533 | T80: =HYPERLINK("https://projects.propublica.org/nonprofits/organizations/10215213/202531329349302018/full","view filing")
A81: Bowdoin College | B81: ME | C81: 2.92 | D81: Endowment | E81: 2023 | G81: K Niles Bryant | H81: SVP/CHIEF INVESTMENTS OFFICER | I81: CIO | J81: 601850 | K81: 1200000 | L81: 1801850 | M81: 2840 | N81: 40188 | O81: 29306 | P81: 1874184 | Q81: 1874184 | R81: =IF(Q81="","",Q81*(1+in_GrowthRate)^(YEARFRAC(DATE(2023,6,30),in_AgeToDate)*IF(in_AgeToDate<DATE(2023,6,30),-1,1)+1)) | S81: 1.9938523 | T81: =HYPERLINK("https://projects.propublica.org/nonprofits/organizations/10215213/202411359349306506/full","view filing")
A82: Bowdoin College | B82: ME | C82: 2.92 | D82: Endowment | E82: 2022 | G82: Paula Volent | H82: SVP/CHIEF INVESTMENT OFFICER | I82: CIO | J82: 953992 | K82: 1300000 | L82: 2253992 | M82: 398451 | O82: 10549 | P82: 2662992 | Q82: 2662992 | R82: =IF(Q82="","",Q82*(1+in_GrowthRate)^(YEARFRAC(DATE(2022,6,30),in_AgeToDate)*IF(in_AgeToDate<DATE(2022,6,30),-1,1)+1)) | S82: 1.3626949 | T82: =HYPERLINK("https://projects.propublica.org/nonprofits/organizations/10215213/202311329349305061/full","view filing")
A83: Boy Scouts Of America | B83: TX | C83: 0.23 | D83: Other | E83: 2024 | F83: =IF(AND(OR(in_Mode="All Funds",AND(C83>=in_BandFloor,C83<=in_BandCeiling,OR(in_Geography="National",COUNTIFS(lst_GeoPreset,in_Geography,lst_GeoState,B83)>0,AND(in_Geography="Custom",ISNUMBER(SEARCH(B83,SUBSTITUTE(in_CustomStates," ",""))))),OR(AND(D83="Endowment",Inputs!$B$14="Y"),AND(D83="Foundation",Inputs!$B$15="Y"),AND(D83="Healthcare",Inputs!$B$16="Y"),AND(D83="Pension",Inputs!$B$17="Y"),AND(D83="OCIO",Inputs!$B$18="Y"),AND(D83="Other",Inputs!$B$19="Y")))),A83<>in_ClientOrg,NOT(AND(in_ExclHarvard="Y",ISNUMBER(SEARCH("Harvard",A83))))),"Y","") | G83: Faisal Rajani | H83: SVP Chief Investment Officer * BSAAM Operations-Reimbursable | I83: CIO | J83: 294414 | K83: 30000 | L83: 324414 | N83: 10149 | O83: 37812 | P83: 366421 | Q83: 366421 | R83: =IF(Q83="","",Q83*(1+in_GrowthRate)^(YEARFRAC(DATE(2024,12,31),in_AgeToDate)*IF(in_AgeToDate<DATE(2024,12,31),-1,1)+1)) | S83: 0.10189733 | T83: =HYPERLINK("https://projects.propublica.org/nonprofits/organizations/221576300/202523219349326702/full","view filing")
A84: Boy Scouts Of America | B84: TX | C84: 0.23 | D84: Other | E84: 2023 | G84: Faisal Rajani | H84: SVP Chief Investment Officer | I84: CIO | J84: 293826 | K84: 30000 | L84: 323826 | N84: 9900 | O84: 36723 | P84: 365041 | Q84: 365041 | R84: =IF(Q84="","",Q84*(1+in_GrowthRate)^(YEARFRAC(DATE(2023,12,31),in_AgeToDate)*IF(in_AgeToDate<DATE(2023,12,31),-1,1)+1)) | S84: 0.10210124 | T84: =HYPERLINK("https://projects.propublica.org/nonprofits/organizations/221576300/202403199349317385/full","view filing")
A85: Boy Scouts Of America | B85: TX | C85: 0.23 | D85: Other | E85: 2022 | G85: Faisal Rajani | H85: SVP Chief Investment Officer | I85: CIO | J85: 279094 | L85: 279094 | M85: 2340 | N85: 9000 | O85: 36783 | P85: 327217 | Q85: 327217 | R85: =IF(Q85="","",Q85*(1+in_GrowthRate)^(YEARFRAC(DATE(2022,12,31),in_AgeToDate)*IF(in_AgeToDate<DATE(2022,12,31),-1,1)+1)) | S85: 0 | T85: =HYPERLINK("https://projects.propublica.org/nonprofits/organizations/221576300/202323199349305142/full","view filing")
A86: Brandeis University | B86: MA | C86: 1.36 | D86: Endowment | E86: 2025 | F86: =IF(AND(OR(in_Mode="All Funds",AND(C86>=in_BandFloor,C86<=in_BandCeiling,OR(in_Geography="National",COUNTIFS(lst_GeoPreset,in_Geography,lst_GeoState,B86)>0,AND(in_Geography="Custom",ISNUMBER(SEARCH(B86,SUBSTITUTE(in_CustomStates," ",""))))),OR(AND(D86="Endowment",Inputs!$B$14="Y"),AND(D86="Foundation",Inputs!$B$15="Y"),AND(D86="Healthcare",Inputs!$B$16="Y"),AND(D86="Pension",Inputs!$B$17="Y"),AND(D86="OCIO",Inputs!$B$18="Y"),AND(D86="Other",Inputs!$B$19="Y")))),A86<>in_ClientOrg,NOT(AND(in_ExclHarvard="Y",ISNUMBER(SEARCH("Harvard",A86))))),"Y","") | G86: Tarek Saghir | H86: CHIEF INVESTMENT OFFICER | I86: CIO | J86: 678356 | L86: 678356 | M86: 29540 | N86: 27600 | O86: 42055 | P86: 777551 | Q86: 777551 | R86: =IF(Q86="","",Q86*(1+in_GrowthRate)^(YEARFRAC(DATE(2025,6,30),in_AgeToDate)*IF(in_AgeToDate<DATE(2025,6,30),-1,1)+1)) | S86: 0 | T86: =HYPERLINK("https://projects.propublica.org/nonprofits/organizations/42103552/202611319349301651/full","view filing")
A87: Brandeis University | B87: MA | C87: 1.36 | D87: Endowment | E87: 2024 | G87: Tarek Saghir | H87: CHIEF INVESTMENT OFFICER | I87: CIO | J87: 666137 | L87: 666137 | M87: 28498 | N87: 26400 | O87: 44075 | P87: 765110 | Q87: 765110 | R87: =IF(Q87="","",Q87*(1+in_GrowthRate)^(YEARFRAC(DATE(2024,6,30),in_AgeToDate)*IF(in_AgeToDate<DATE(2024,6,30),-1,1)+1)) | S87: 0 | T87: =HYPERLINK("https://projects.propublica.org/nonprofits/organizations/42103552/202541359349300144/full","view filing")
A88: Brookings Institution | B88: DC | C88: 0.47 | D88: Other | E88: 2025 | F88: =IF(AND(OR(in_Mode="All Funds",AND(C88>=in_BandFloor,C88<=in_BandCeiling,OR(in_Geography="National",COUNTIFS(lst_GeoPreset,in_Geography,lst_GeoState,B88)>0,AND(in_Geography="Custom",ISNUMBER(SEARCH(B88,SUBSTITUTE(in_CustomStates," ",""))))),OR(AND(D88="Endowment",Inputs!$B$14="Y"),AND(D88="Foundation",Inputs!$B$15="Y"),AND(D88="Healthcare",Inputs!$B$16="Y"),AND(D88="Pension",Inputs!$B$17="Y"),AND(D88="OCIO",Inputs!$B$18="Y"),AND(D88="Other",Inputs!$B$19="Y")))),A88<>in_ClientOrg,NOT(AND(in_ExclHarvard="Y",ISNUMBER(SEARCH("Harvard",A88))))),"Y","") | G88: Catherine A Piez | H88: CHIEF INVESTMENT OFFICER | I88: CIO | J88: 426621 | K88: 21250 | L88: 447871 | N88: 52100 | O88: 48158 | P88: 548129 | Q88: 548129 | R88: =IF(Q88="","",Q88*(1+in_GrowthRate)^(YEARFRAC(DATE(2025,6,30),in_AgeToDate)*IF(in_AgeToDate<DATE(2025,6,30),-1,1)+1)) | S88: 0.049810019 | T88: =HYPERLINK("https://projects.propublica.org/nonprofits/organizations/530196577/202601359349300310/full","view filing")
A89: Brookings Institution | B89: DC | C89: 0.47 | D89: Other | E89: 2024 | G89: Catherine A Piez | H89: CHIEF INVESTMENT OFFICER | I89: CIO | J89: 401896 | K89: 19110 | L89: 421006 | M89: 990 | N89: 39600 | O89: 28385 | P89: 489981 | Q89: 489981 | R89: =IF(Q89="","",Q89*(1+in_GrowthRate)^(YEARFRAC(DATE(2024,6,30),in_AgeToDate)*IF(in_AgeToDate<DATE(2024,6,30),-1,1)+1)) | S89: 0.047549615 | T89: =HYPERLINK("https://projects.propublica.org/nonprofits/organizations/530196577/202531349349306718/full","view filing")
A90: Brookings Institution | B90: DC | C90: 0.47 | D90: Other | E90: 2023 | G90: Catherine A Piez | H90: CHIEF INVESTMENT OFFICER | I90: CIO | J90: 372327 | K90: 6000 | L90: 378327 | M90: 645 | N90: 36600 | O90: 27022 | P90: 442594 | Q90: 442594 | R90: =IF(Q90="","",Q90*(1+in_GrowthRate)^(YEARFRAC(DATE(2023,6,30),in_AgeToDate)*IF(in_AgeToDate<DATE(2023,6,30),-1,1)+1)) | S90: 0.016114867 | T90: =HYPERLINK("https://projects.propublica.org/nonprofits/organizations/530196577/202441309349303914/full","view filing")
A91: Brookings Institution | B91: DC | C91: 0.47 | D91: Other | E91: 2022 | G91: Catherine A Piez | H91: CHIEF INVESTMENT OFFICER | I91: CIO | J91: 358895 | K91: 6000 | L91: 364895 | M91: 858 | N91: 34800 | O91: 27179 | P91: 427732 | Q91: 427732 | R91: =IF(Q91="","",Q91*(1+in_GrowthRate)^(YEARFRAC(DATE(2022,6,30),in_AgeToDate)*IF(in_AgeToDate<DATE(2022,6,30),-1,1)+1)) | S91: 0.016717982 | T91: =HYPERLINK("https://projects.propublica.org/nonprofits/organizations/530196577/202301239349300125/full","view filing")
A92: Brown Foundation Inc | B92: TX | C92: 2.11 | D92: Foundation | E92: 2023 | G92: Gwendolyn Goffe | H92: CIO | I92: CIO | P92: 137505 | Q92: 137505 | R92: =IF(Q92="","",Q92*(1+in_GrowthRate)^(YEARFRAC(DATE(2023,6,30),in_AgeToDate)*IF(in_AgeToDate<DATE(2023,6,30),-1,1)+1)) | T92: =HYPERLINK("https://projects.propublica.org/nonprofits/organizations/746036466/202313059349101226/full","view filing")
A93: Brown Foundation Inc | B93: TX | C93: 2.11 | D93: Foundation | E93: 2022 | G93: Gwendolyn Goffe | H93: CIO | I93: CIO | P93: 178000 | Q93: 178000 | R93: =IF(Q93="","",Q93*(1+in_GrowthRate)^(YEARFRAC(DATE(2022,6,30),in_AgeToDate)*IF(in_AgeToDate<DATE(2022,6,30),-1,1)+1)) | T93: =HYPERLINK("https://projects.propublica.org/nonprofits/organizations/746036466/202223129349101892/full","view filing")
A94: Brown University Of Providence | B94: RI | C94: 7.28 | D94: Endowment | E94: 2025 | F94: =IF(AND(OR(in_Mode="All Funds",AND(C94>=in_BandFloor,C94<=in_BandCeiling,OR(in_Geography="National",COUNTIFS(lst_GeoPreset,in_Geography,lst_GeoState,B94)>0,AND(in_Geography="Custom",ISNUMBER(SEARCH(B94,SUBSTITUTE(in_CustomStates," ",""))))),OR(AND(D94="Endowment",Inputs!$B$14="Y"),AND(D94="Foundation",Inputs!$B$15="Y"),AND(D94="Healthcare",Inputs!$B$16="Y"),AND(D94="Pension",Inputs!$B$17="Y"),AND(D94="OCIO",Inputs!$B$18="Y"),AND(D94="Other",Inputs!$B$19="Y")))),A94<>in_ClientOrg,NOT(AND(in_ExclHarvard="Y",ISNUMBER(SEARCH("Harvard",A94))))),"Y","") | G94: Jane Dietze | H94: VP & CHIEF INVESTMENT OFFICER | I94: CIO | J94: 785295 | K94: 1894000 | L94: 2679295 | M94: 1024582 | N94: 284500 | O94: 55494 | P94: 4043871 | Q94: 3943871 | R94: =IF(Q94="","",Q94*(1+in_GrowthRate)^(YEARFRAC(DATE(2025,6,30),in_AgeToDate)*IF(in_AgeToDate<DATE(2025,6,30),-1,1)+1)) | S94: 2.4118325 | T94: =HYPERLINK("https://projects.propublica.org/nonprofits/organizations/50258809/202631319349306043/full","view filing")
A95: Brown University Of Providence | B95: RI | C95: 7.28 | D95: Endowment | E95: 2024 | G95: Jane Dietze | H95: VP & Chief Investment Officer | I95: CIO | J95: 729882 | K95: 1474000 | L95: 2203882 | M95: 696574 | N95: 275900 | O95: 54022 | P95: 3230378 | Q95: 3230378 | R95: =IF(Q95="","",Q95*(1+in_GrowthRate)^(YEARFRAC(DATE(2024,6,30),in_AgeToDate)*IF(in_AgeToDate<DATE(2024,6,30),-1,1)+1)) | S95: 2.0195045 | T95: =HYPERLINK("https://projects.propublica.org/nonprofits/organizations/50258809/202541359349309534/full","view filing")
A96: Brown University Of Providence | B96: RI | C96: 7.28 | D96: Endowment | E96: 2023 | G96: Jane Dietze | H96: VP & Chief Investment Officer | I96: CIO | J96: 736036 | K96: 1458500 | L96: 2194536 | M96: 631055 | N96: 14000 | O96: 43332 | P96: 2882923 | Q96: 2882923 | R96: =IF(Q96="","",Q96*(1+in_GrowthRate)^(YEARFRAC(DATE(2023,6,30),in_AgeToDate)*IF(in_AgeToDate<DATE(2023,6,30),-1,1)+1)) | S96: 1.9815607 | T96: =HYPERLINK("https://projects.propublica.org/nonprofits/organizations/50258809/202401319349305030/full","view filing")
A97: Brown University Of Providence | B97: RI | C97: 7.28 | D97: Endowment | E97: 2022 | G97: Jane Dietze | H97: VP & Chief Investment Officer | I97: CIO | J97: 659006 | K97: 1476000 | L97: 2135006 | M97: 802756 | N97: 17973 | O97: 40510 | P97: 2996245 | Q97: 2996245 | R97: =IF(Q97="","",Q97*(1+in_GrowthRate)^(YEARFRAC(DATE(2022,6,30),in_AgeToDate)*IF(in_AgeToDate<DATE(2022,6,30),-1,1)+1)) | S97: 2.2397368 | T97: =HYPERLINK("https://projects.propublica.org/nonprofits/organizations/50258809/202341319349306579/full","view filing")
A98: Bryn Mawr College | B98: PA | C98: 1.34 | D98: Endowment | E98: 2025 | F98: =IF(AND(OR(in_Mode="All Funds",AND(C98>=in_BandFloor,C98<=in_BandCeiling,OR(in_Geography="National",COUNTIFS(lst_GeoPreset,in_Geography,lst_GeoState,B98)>0,AND(in_Geography="Custom",ISNUMBER(SEARCH(B98,SUBSTITUTE(in_CustomStates," ",""))))),OR(AND(D98="Endowment",Inputs!$B$14="Y"),AND(D98="Foundation",Inputs!$B$15="Y"),AND(D98="Healthcare",Inputs!$B$16="Y"),AND(D98="Pension",Inputs!$B$17="Y"),AND(D98="OCIO",Inputs!$B$18="Y"),AND(D98="Other",Inputs!$B$19="Y")))),A98<>in_ClientOrg,NOT(AND(in_ExclHarvard="Y",ISNUMBER(SEARCH("Harvard",A98))))),"Y","") | G98: Brooke H Jones | H98: VP & CHIEF INVESTMENT OFFICER | I98: CIO | J98: 693569 | K98: 630000 | L98: 1323569 | N98: 34500 | O98: 34950 | P98: 1393019 | Q98: 1393019 | R98: =IF(Q98="","",Q98*(1+in_GrowthRate)^(YEARFRAC(DATE(2025,5,31),in_AgeToDate)*IF(in_AgeToDate<DATE(2025,5,31),-1,1)+1)) | S98: 0.9083451 | T98: =HYPERLINK("https://projects.propublica.org/nonprofits/organizations/231352621/202631009349301723/full","view filing")
A99: Bryn Mawr College | B99: PA | C99: 1.34 | D99: Endowment | E99: 2024 | G99: Brooke H Jones | H99: CHIEF INVESTMENT OFFICER | I99: CIO | J99: 650389 | K99: 625000 | L99: 1275389 | N99: 33000 | O99: 32606 | P99: 1340995 | Q99: 1340995 | R99: =IF(Q99="","",Q99*(1+in_GrowthRate)^(YEARFRAC(DATE(2024,5,31),in_AgeToDate)*IF(in_AgeToDate<DATE(2024,5,31),-1,1)+1)) | S99: 0.96096336 | T99: =HYPERLINK("https://projects.propublica.org/nonprofits/organizations/231352621/202521059349301247/full","view filing")
A100: Bryn Mawr College | B100: PA | C100: 1.34 | D100: Endowment | E100: 2023 | G100: Brooke H Jones | H100: CHIEF INVESTMENT OFFICER | I100: CIO | J100: 610485 | K100: 450000 | L100: 1060485 | N100: 30500 | O100: 32366 | P100: 1123351 | Q100: 1123351 | R100: =IF(Q100="","",Q100*(1+in_GrowthRate)^(YEARFRAC(DATE(2023,5,31),in_AgeToDate)*IF(in_AgeToDate<DATE(2023,5,31),-1,1)+1)) | S100: 0.73711885 | T100: =HYPERLINK("https://projects.propublica.org/nonprofits/organizations/231352621/202421009349301207/full","view filing")
A101: Bryn Mawr College | B101: PA | C101: 1.34 | D101: Endowment | E101: 2022 | G101: Brooke H Jones | H101: CHIEF INVESTMENT OFFICER | I101: CIO | J101: 487568 | K101: 279545 | L101: 767113 | N101: 28500 | O101: 32366 | P101: 827979 | Q101: 827979 | R101: =IF(Q101="","",Q101*(1+in_GrowthRate)^(YEARFRAC(DATE(2022,5,31),in_AgeToDate)*IF(in_AgeToDate<DATE(2022,5,31),-1,1)+1)) | S101: 0.57334567 | T101: =HYPERLINK("https://projects.propublica.org/nonprofits/organizations/231352621/202311009349300846/full","view filing")
A102: Bush Foundation | B102: MN | C102: 1.36 | D102: Foundation | E102: 2022 | G102: John Otterlei | H102: CIO | I102: CIO | P102: 354065 | Q102: 354065 | R102: =IF(Q102="","",Q102*(1+in_GrowthRate)^(YEARFRAC(DATE(2022,12,31),in_AgeToDate)*IF(in_AgeToDate<DATE(2022,12,31),-1,1)+1)) | T102: =HYPERLINK("https://projects.propublica.org/nonprofits/organizations/416017815/202323149349100302/full","view filing")
A103: California Institute Of Technology | B103: CA | C103: 4.32 | D103: Endowment | E103: 2024 | G103: Scott H Richland | H103: CHIEF INVESTMENT OFFICER | I103: CIO | J103: 619387 | K103: 685614 | L103: 1305001 | M103: 18750 | N103: 631227 | O103: 31002 | P103: 1985980 | Q103: 1300366 | R103: =IF(Q103="","",Q103*(1+in_GrowthRate)^(YEARFRAC(DATE(2024,9,30),in_AgeToDate)*IF(in_AgeToDate<DATE(2024,9,30),-1,1)+1)) | S103: 1.1069235 | T103: =HYPERLINK("https://projects.propublica.org/nonprofits/organizations/951643307/202512239349302301/full","view filing")
...

Sheet Deputy CIO
A1: Deputy CIO
A2: Leadership
A3: =Summary!$A$5&""
A4: =IF(Inputs!$B$21="","Select your organization on Inputs to compare.","Your organization: "&Inputs!$B$21&", excluded from the market columns.")
A5: =IF($I13>=2,"","Too few people for a market statistic at this filter: "&$I13&" at "&$H13&" organization(s). Records below.") | C5: Market | J5: Your organization | N5: Estimated (1)
B6: basis | C6: P25 | D6: P50 | E6: P75 | F6: P90 | G6: Average | H6: #Orgs | I6: #People | J6: Value | K6: vs P50 | L6: Percentile | M6: #People | N6: Est. P25 | O6: Est. P75 | P6: Est. P90
A7: Base salary | B7: Schedule J only | C7: =IF($I7>=k_MinQuartile,MROUND(_xlfn.PERCENTILE.INC(_xlfn._xlws.FILTER(Records[(B)(i) Base],(Records[Role Group]="Deputy CIO")*(Records[Include]="Y")*(Records[Total Cash]<>"")),0.25),k_RoundTo),"") | D7: =IF($I7>=k_MinMedian,MROUND(_xlfn.PERCENTILE.INC(_xlfn._xlws.FILTER(Records[(B)(i) Base],(Records[Role Group]="Deputy CIO")*(Records[Include]="Y")*(Records[Total Cash]<>"")),0.5),k_RoundTo),"") | E7: =IF($I7>=k_MinQuartile,MROUND(_xlfn.PERCENTILE.INC(_xlfn._xlws.FILTER(Records[(B)(i) Base],(Records[Role Group]="Deputy CIO")*(Records[Include]="Y")*(Records[Total Cash]<>"")),0.75),k_RoundTo),"") | F7: =IF($I7>=k_MinQuartile,MROUND(_xlfn.PERCENTILE.INC(_xlfn._xlws.FILTER(Records[(B)(i) Base],(Records[Role Group]="Deputy CIO")*(Records[Include]="Y")*(Records[Total Cash]<>"")),0.9),k_RoundTo),"") | G7: =IF($I7>=k_MinMedian,MROUND(AVERAGE(_xlfn._xlws.FILTER(Records[(B)(i) Base],(Records[Role Group]="Deputy CIO")*(Records[Include]="Y")*(Records[Total Cash]<>""))),k_RoundTo),"") | H7: =IFERROR(SUMPRODUCT(((Records[Role Group]="Deputy CIO")*(Records[Include]="Y")*(Records[Total Cash]<>""))/(COUNTIFS(Records[Organization],Records[Organization]&"",Records[Role Group],"Deputy CIO",Records[Include],"Y")+(COUNTIFS(Records[Organization],Records[Organization]&"",Records[Role Group],"Deputy CIO",Records[Include],"Y")=0))),0) | I7: =SUMPRODUCT((Records[Role Group]="Deputy CIO")*(Records[Include]="Y")*(Records[Total Cash]<>"")) | J7: =IF(Inputs!$B$21="","",IFERROR(MAX(_xlfn._xlws.FILTER(Records[(B)(i) Base],(Records[Role Group]="Deputy CIO")*(Records[Organization]=Inputs!$B$21)*(Records[Most Recent]="Y")*(Records[Total Cash]<>""))),"")) | K7: =IF(OR($J7="",$D7=""),"",$J7/$D7-1) | L7: =IF($I7>=k_MinQuartile,IF(OR($J7="",$J7=0),"",IFERROR(PERCENTRANK.INC(_xlfn._xlws.FILTER(Records[(B)(i) Base],(Records[Role Group]="Deputy CIO")*(Records[Include]="Y")*(Records[Total Cash]<>"")),$J7,4),"")),"") | M7: =IF(Inputs!$B$21="","",SUMPRODUCT((Records[Role Group]="Deputy CIO")*(Records[Organization]=Inputs!$B$21)*(Records[Most Recent]="Y")*(Records[Total Cash]<>""))) | N7: =IF(AND($I7>=k_MinMedian,$I7<k_MinQuartile,$D7<>""),MROUND($D7*k_Est_base_heads_25,k_RoundTo),"") | O7: =IF(AND($I7>=k_MinMedian,$I7<k_MinQuartile,$D7<>""),MROUND($D7*k_Est_base_heads_75,k_RoundTo),"") | P7: =IF(AND($I7>=k_MinMedian,$I7<k_MinQuartile,$D7<>""),MROUND($D7*k_Est_base_heads_90,k_RoundTo),"")
A8: Incentive / bonus | B8: Schedule J only | C8: =IF($I8>=k_MinQuartile,MROUND(_xlfn.PERCENTILE.INC(_xlfn._xlws.FILTER(Records[(B)(ii) Bonus],(Records[Role Group]="Deputy CIO")*(Records[Include]="Y")*(Records[Total Cash]<>"")),0.25),k_RoundTo),"") | D8: =IF($I8>=k_MinMedian,MROUND(_xlfn.PERCENTILE.INC(_xlfn._xlws.FILTER(Records[(B)(ii) Bonus],(Records[Role Group]="Deputy CIO")*(Records[Include]="Y")*(Records[Total Cash]<>"")),0.5),k_RoundTo),"") | E8: =IF($I8>=k_MinQuartile,MROUND(_xlfn.PERCENTILE.INC(_xlfn._xlws.FILTER(Records[(B)(ii) Bonus],(Records[Role Group]="Deputy CIO")*(Records[Include]="Y")*(Records[Total Cash]<>"")),0.75),k_RoundTo),"") | F8: =IF($I8>=k_MinQuartile,MROUND(_xlfn.PERCENTILE.INC(_xlfn._xlws.FILTER(Records[(B)(ii) Bonus],(Records[Role Group]="Deputy CIO")*(Records[Include]="Y")*(Records[Total Cash]<>"")),0.9),k_RoundTo),"") | G8: =IF($I8>=k_MinMedian,MROUND(AVERAGE(_xlfn._xlws.FILTER(Records[(B)(ii) Bonus],(Records[Role Group]="Deputy CIO")*(Records[Include]="Y")*(Records[Total Cash]<>""))),k_RoundTo),"") | H8: =IFERROR(SUMPRODUCT(((Records[Role Group]="Deputy CIO")*(Records[Include]="Y")*(Records[Total Cash]<>""))/(COUNTIFS(Records[Organization],Records[Organization]&"",Records[Role Group],"Deputy CIO",Records[Include],"Y")+(COUNTIFS(Records[Organization],Records[Organization]&"",Records[Role Group],"Deputy CIO",Records[Include],"Y")=0))),0) | I8: =SUMPRODUCT((Records[Role Group]="Deputy CIO")*(Records[Include]="Y")*(Records[Total Cash]<>"")) | J8: =IF(Inputs!$B$21="","",IFERROR(MAX(_xlfn._xlws.FILTER(Records[(B)(ii) Bonus],(Records[Role Group]="Deputy CIO")*(Records[Organization]=Inputs!$B$21)*(Records[Most Recent]="Y")*(Records[Total Cash]<>""))),"")) | K8: =IF(OR($J8="",$D8=""),"",$J8/$D8-1) | L8: =IF($I8>=k_MinQuartile,IF(OR($J8="",$J8=0),"",IFERROR(PERCENTRANK.INC(_xlfn._xlws.FILTER(Records[(B)(ii) Bonus],(Records[Role Group]="Deputy CIO")*(Records[Include]="Y")*(Records[Total Cash]<>"")),$J8,4),"")),"") | M8: =IF(Inputs!$B$21="","",SUMPRODUCT((Records[Role Group]="Deputy CIO")*(Records[Organization]=Inputs!$B$21)*(Records[Most Recent]="Y")*(Records[Total Cash]<>"")))
A9: Total cash | B9: all filers | C9: =IF($I9>=k_MinQuartile,MROUND(_xlfn.PERCENTILE.INC(_xlfn._xlws.FILTER(Records[Total Cash],(Records[Role Group]="Deputy CIO")*(Records[Include]="Y")*(Records[Total Cash]>0)),0.25),k_RoundTo),"") | D9: =IF($I9>=k_MinMedian,MROUND(_xlfn.PERCENTILE.INC(_xlfn._xlws.FILTER(Records[Total Cash],(Records[Role Group]="Deputy CIO")*(Records[Include]="Y")*(Records[Total Cash]>0)),0.5),k_RoundTo),"") | E9: =IF($I9>=k_MinQuartile,MROUND(_xlfn.PERCENTILE.INC(_xlfn._xlws.FILTER(Records[Total Cash],(Records[Role Group]="Deputy CIO")*(Records[Include]="Y")*(Records[Total Cash]>0)),0.75),k_RoundTo),"") | F9: =IF($I9>=k_MinQuartile,MROUND(_xlfn.PERCENTILE.INC(_xlfn._xlws.FILTER(Records[Total Cash],(Records[Role Group]="Deputy CIO")*(Records[Include]="Y")*(Records[Total Cash]>0)),0.9),k_RoundTo),"") | G9: =IF($I9>=k_MinMedian,MROUND(AVERAGE(_xlfn._xlws.FILTER(Records[Total Cash],(Records[Role Group]="Deputy CIO")*(Records[Include]="Y")*(Records[Total Cash]>0))),k_RoundTo),"") | H9: =IFERROR(SUMPRODUCT(((Records[Role Group]="Deputy CIO")*(Records[Include]="Y")*(Records[Total Cash]>0))/(COUNTIFS(Records[Organization],Records[Organization]&"",Records[Role Group],"Deputy CIO",Records[Include],"Y")+(COUNTIFS(Records[Organization],Records[Organization]&"",Records[Role Group],"Deputy CIO",Records[Include],"Y")=0))),0) | I9: =SUMPRODUCT((Records[Role Group]="Deputy CIO")*(Records[Include]="Y")*(Records[Total Cash]>0)) | J9: =IF(Inputs!$B$21="","",IFERROR(MAX(_xlfn._xlws.FILTER(Records[Total Cash],(Records[Role Group]="Deputy CIO")*(Records[Organization]=Inputs!$B$21)*(Records[Most Recent]="Y")*(Records[Total Cash]>0))),"")) | K9: =IF(OR($J9="",$D9=""),"",$J9/$D9-1) | L9: =IF($I9>=k_MinQuartile,IF(OR($J9="",$J9=0),"",IFERROR(PERCENTRANK.INC(_xlfn._xlws.FILTER(Records[Total Cash],(Records[Role Group]="Deputy CIO")*(Records[Include]="Y")*(Records[Total Cash]>0)),$J9,4),"")),"") | M9: =IF(Inputs!$B$21="","",SUMPRODUCT((Records[Role Group]="Deputy CIO")*(Records[Organization]=Inputs!$B$21)*(Records[Most Recent]="Y")*(Records[Total Cash]>0)))
A10: Other reportable | B10: Schedule J only | C10: =IF($I10>=k_MinQuartile,MROUND(_xlfn.PERCENTILE.INC(_xlfn._xlws.FILTER(Records[(B)(iii) Other],(Records[Role Group]="Deputy CIO")*(Records[Include]="Y")*(Records[Total Cash]<>"")),0.25),k_RoundTo),"") | D10: =IF($I10>=k_MinMedian,MROUND(_xlfn.PERCENTILE.INC(_xlfn._xlws.FILTER(Records[(B)(iii) Other],(Records[Role Group]="Deputy CIO")*(Records[Include]="Y")*(Records[Total Cash]<>"")),0.5),k_RoundTo),"") | E10: =IF($I10>=k_MinQuartile,MROUND(_xlfn.PERCENTILE.INC(_xlfn._xlws.FILTER(Records[(B)(iii) Other],(Records[Role Group]="Deputy CIO")*(Records[Include]="Y")*(Records[Total Cash]<>"")),0.75),k_RoundTo),"") | F10: =IF($I10>=k_MinQuartile,MROUND(_xlfn.PERCENTILE.INC(_xlfn._xlws.FILTER(Records[(B)(iii) Other],(Records[Role Group]="Deputy CIO")*(Records[Include]="Y")*(Records[Total Cash]<>"")),0.9),k_RoundTo),"") | G10: =IF($I10>=k_MinMedian,MROUND(AVERAGE(_xlfn._xlws.FILTER(Records[(B)(iii) Other],(Records[Role Group]="Deputy CIO")*(Records[Include]="Y")*(Records[Total Cash]<>""))),k_RoundTo),"") | H10: =IFERROR(SUMPRODUCT(((Records[Role Group]="Deputy CIO")*(Records[Include]="Y")*(Records[Total Cash]<>""))/(COUNTIFS(Records[Organization],Records[Organization]&"",Records[Role Group],"Deputy CIO",Records[Include],"Y")+(COUNTIFS(Records[Organization],Records[Organization]&"",Records[Role Group],"Deputy CIO",Records[Include],"Y")=0))),0) | I10: =SUMPRODUCT((Records[Role Group]="Deputy CIO")*(Records[Include]="Y")*(Records[Total Cash]<>"")) | J10: =IF(Inputs!$B$21="","",IFERROR(MAX(_xlfn._xlws.FILTER(Records[(B)(iii) Other],(Records[Role Group]="Deputy CIO")*(Records[Organization]=Inputs!$B$21)*(Records[Most Recent]="Y")*(Records[Total Cash]<>""))),"")) | K10: =IF(OR($J10="",$D10=""),"",$J10/$D10-1) | L10: =IF($I10>=k_MinQuartile,IF(OR($J10="",$J10=0),"",IFERROR(PERCENTRANK.INC(_xlfn._xlws.FILTER(Records[(B)(iii) Other],(Records[Role Group]="Deputy CIO")*(Records[Include]="Y")*(Records[Total Cash]<>"")),$J10,4),"")),"") | M10: =IF(Inputs!$B$21="","",SUMPRODUCT((Records[Role Group]="Deputy CIO")*(Records[Organization]=Inputs!$B$21)*(Records[Most Recent]="Y")*(Records[Total Cash]<>"")))
A11: Deferred | B11: Schedule J only | C11: =IF($I11>=k_MinQuartile,MROUND(_xlfn.PERCENTILE.INC(_xlfn._xlws.FILTER(Records[(C) Deferred],(Records[Role Group]="Deputy CIO")*(Records[Include]="Y")*(Records[Total Cash]<>"")),0.25),k_RoundTo),"") | D11: =IF($I11>=k_MinMedian,MROUND(_xlfn.PERCENTILE.INC(_xlfn._xlws.FILTER(Records[(C) Deferred],(Records[Role Group]="Deputy CIO")*(Records[Include]="Y")*(Records[Total Cash]<>"")),0.5),k_RoundTo),"") | E11: =IF($I11>=k_MinQuartile,MROUND(_xlfn.PERCENTILE.INC(_xlfn._xlws.FILTER(Records[(C) Deferred],(Records[Role Group]="Deputy CIO")*(Records[Include]="Y")*(Records[Total Cash]<>"")),0.75),k_RoundTo),"") | F11: =IF($I11>=k_MinQuartile,MROUND(_xlfn.PERCENTILE.INC(_xlfn._xlws.FILTER(Records[(C) Deferred],(Records[Role Group]="Deputy CIO")*(Records[Include]="Y")*(Records[Total Cash]<>"")),0.9),k_RoundTo),"") | G11: =IF($I11>=k_MinMedian,MROUND(AVERAGE(_xlfn._xlws.FILTER(Records[(C) Deferred],(Records[Role Group]="Deputy CIO")*(Records[Include]="Y")*(Records[Total Cash]<>""))),k_RoundTo),"") | H11: =IFERROR(SUMPRODUCT(((Records[Role Group]="Deputy CIO")*(Records[Include]="Y")*(Records[Total Cash]<>""))/(COUNTIFS(Records[Organization],Records[Organization]&"",Records[Role Group],"Deputy CIO",Records[Include],"Y")+(COUNTIFS(Records[Organization],Records[Organization]&"",Records[Role Group],"Deputy CIO",Records[Include],"Y")=0))),0) | I11: =SUMPRODUCT((Records[Role Group]="Deputy CIO")*(Records[Include]="Y")*(Records[Total Cash]<>"")) | J11: =IF(Inputs!$B$21="","",IFERROR(MAX(_xlfn._xlws.FILTER(Records[(C) Deferred],(Records[Role Group]="Deputy CIO")*(Records[Organization]=Inputs!$B$21)*(Records[Most Recent]="Y")*(Records[Total Cash]<>""))),"")) | K11: =IF(OR($J11="",$D11=""),"",$J11/$D11-1) | L11: =IF($I11>=k_MinQuartile,IF(OR($J11="",$J11=0),"",IFERROR(PERCENTRANK.INC(_xlfn._xlws.FILTER(Records[(C) Deferred],(Records[Role Group]="Deputy CIO")*(Records[Include]="Y")*(Records[Total Cash]<>"")),$J11,4),"")),"") | M11: =IF(Inputs!$B$21="","",SUMPRODUCT((Records[Role Group]="Deputy CIO")*(Records[Organization]=Inputs!$B$21)*(Records[Most Recent]="Y")*(Records[Total Cash]<>"")))
A12: Nontaxable benefits | B12: Schedule J only | C12: =IF($I12>=k_MinQuartile,MROUND(_xlfn.PERCENTILE.INC(_xlfn._xlws.FILTER(Records[(D) Nontax Benefits],(Records[Role Group]="Deputy CIO")*(Records[Include]="Y")*(Records[Total Cash]<>"")),0.25),k_RoundTo),"") | D12: =IF($I12>=k_MinMedian,MROUND(_xlfn.PERCENTILE.INC(_xlfn._xlws.FILTER(Records[(D) Nontax Benefits],(Records[Role Group]="Deputy CIO")*(Records[Include]="Y")*(Records[Total Cash]<>"")),0.5),k_RoundTo),"") | E12: =IF($I12>=k_MinQuartile,MROUND(_xlfn.PERCENTILE.INC(_xlfn._xlws.FILTER(Records[(D) Nontax Benefits],(Records[Role Group]="Deputy CIO")*(Records[Include]="Y")*(Records[Total Cash]<>"")),0.75),k_RoundTo),"") | F12: =IF($I12>=k_MinQuartile,MROUND(_xlfn.PERCENTILE.INC(_xlfn._xlws.FILTER(Records[(D) Nontax Benefits],(Records[Role Group]="Deputy CIO")*(Records[Include]="Y")*(Records[Total Cash]<>"")),0.9),k_RoundTo),"") | G12: =IF($I12>=k_MinMedian,MROUND(AVERAGE(_xlfn._xlws.FILTER(Records[(D) Nontax Benefits],(Records[Role Group]="Deputy CIO")*(Records[Include]="Y")*(Records[Total Cash]<>""))),k_RoundTo),"") | H12: =IFERROR(SUMPRODUCT(((Records[Role Group]="Deputy CIO")*(Records[Include]="Y")*(Records[Total Cash]<>""))/(COUNTIFS(Records[Organization],Records[Organization]&"",Records[Role Group],"Deputy CIO",Records[Include],"Y")+(COUNTIFS(Records[Organization],Records[Organization]&"",Records[Role Group],"Deputy CIO",Records[Include],"Y")=0))),0) | I12: =SUMPRODUCT((Records[Role Group]="Deputy CIO")*(Records[Include]="Y")*(Records[Total Cash]<>"")) | J12: =IF(Inputs!$B$21="","",IFERROR(MAX(_xlfn._xlws.FILTER(Records[(D) Nontax Benefits],(Records[Role Group]="Deputy CIO")*(Records[Organization]=Inputs!$B$21)*(Records[Most Recent]="Y")*(Records[Total Cash]<>""))),"")) | K12: =IF(OR($J12="",$D12=""),"",$J12/$D12-1) | L12: =IF($I12>=k_MinQuartile,IF(OR($J12="",$J12=0),"",IFERROR(PERCENTRANK.INC(_xlfn._xlws.FILTER(Records[(D) Nontax Benefits],(Records[Role Group]="Deputy CIO")*(Records[Include]="Y")*(Records[Total Cash]<>"")),$J12,4),"")),"") | M12: =IF(Inputs!$B$21="","",SUMPRODUCT((Records[Role Group]="Deputy CIO")*(Records[Organization]=Inputs!$B$21)*(Records[Most Recent]="Y")*(Records[Total Cash]<>"")))
A13: Total compensation | B13: all filers | C13: =IF($I13>=k_MinQuartile,MROUND(_xlfn.PERCENTILE.INC(_xlfn._xlws.FILTER(Records[(E) Total Comp],(Records[Role Group]="Deputy CIO")*(Records[Include]="Y")*(Records[(E) Total Comp]>0)),0.25),k_RoundTo),"") | D13: =IF($I13>=k_MinMedian,MROUND(_xlfn.PERCENTILE.INC(_xlfn._xlws.FILTER(Records[(E) Total Comp],(Records[Role Group]="Deputy CIO")*(Records[Include]="Y")*(Records[(E) Total Comp]>0)),0.5),k_RoundTo),"") | E13: =IF($I13>=k_MinQuartile,MROUND(_xlfn.PERCENTILE.INC(_xlfn._xlws.FILTER(Records[(E) Total Comp],(Records[Role Group]="Deputy CIO")*(Records[Include]="Y")*(Records[(E) Total Comp]>0)),0.75),k_RoundTo),"") | F13: =IF($I13>=k_MinQuartile,MROUND(_xlfn.PERCENTILE.INC(_xlfn._xlws.FILTER(Records[(E) Total Comp],(Records[Role Group]="Deputy CIO")*(Records[Include]="Y")*(Records[(E) Total Comp]>0)),0.9),k_RoundTo),"") | G13: =IF($I13>=k_MinMedian,MROUND(AVERAGE(_xlfn._xlws.FILTER(Records[(E) Total Comp],(Records[Role Group]="Deputy CIO")*(Records[Include]="Y")*(Records[(E) Total Comp]>0))),k_RoundTo),"") | H13: =IFERROR(SUMPRODUCT(((Records[Role Group]="Deputy CIO")*(Records[Include]="Y")*(Records[(E) Total Comp]>0))/(COUNTIFS(Records[Organization],Records[Organization]&"",Records[Role Group],"Deputy CIO",Records[Include],"Y")+(COUNTIFS(Records[Organization],Records[Organization]&"",Records[Role Group],"Deputy CIO",Records[Include],"Y")=0))),0) | I13: =SUMPRODUCT((Records[Role Group]="Deputy CIO")*(Records[Include]="Y")*(Records[(E) Total Comp]>0)) | J13: =IF(Inputs!$B$21="","",IFERROR(MAX(_xlfn._xlws.FILTER(Records[(E) Total Comp],(Records[Role Group]="Deputy CIO")*(Records[Organization]=Inputs!$B$21)*(Records[Most Recent]="Y")*(Records[(E) Total Comp]>0))),"")) | K13: =IF(OR($J13="",$D13=""),"",$J13/$D13-1) | L13: =IF($I13>=k_MinQuartile,IF(OR($J13="",$J13=0),"",IFERROR(PERCENTRANK.INC(_xlfn._xlws.FILTER(Records[(E) Total Comp],(Records[Role Group]="Deputy CIO")*(Records[Include]="Y")*(Records[(E) Total Comp]>0)),$J13,4),"")),"") | M13: =IF(Inputs!$B$21="","",SUMPRODUCT((Records[Role Group]="Deputy CIO")*(Records[Organization]=Inputs!$B$21)*(Records[Most Recent]="Y")*(Records[(E) Total Comp]>0)))
A14: Adjusted total | B14: all filers | C14: =IF($I14>=k_MinQuartile,MROUND(_xlfn.PERCENTILE.INC(_xlfn._xlws.FILTER(Records[Adj Total],(Records[Role Group]="Deputy CIO")*(Records[Include]="Y")*(Records[Adj Total]>0)),0.25),k_RoundTo),"") | D14: =IF($I14>=k_MinMedian,MROUND(_xlfn.PERCENTILE.INC(_xlfn._xlws.FILTER(Records[Adj Total],(Records[Role Group]="Deputy CIO")*(Records[Include]="Y")*(Records[Adj Total]>0)),0.5),k_RoundTo),"") | E14: =IF($I14>=k_MinQuartile,MROUND(_xlfn.PERCENTILE.INC(_xlfn._xlws.FILTER(Records[Adj Total],(Records[Role Group]="Deputy CIO")*(Records[Include]="Y")*(Records[Adj Total]>0)),0.75),k_RoundTo),"") | F14: =IF($I14>=k_MinQuartile,MROUND(_xlfn.PERCENTILE.INC(_xlfn._xlws.FILTER(Records[Adj Total],(Records[Role Group]="Deputy CIO")*(Records[Include]="Y")*(Records[Adj Total]>0)),0.9),k_RoundTo),"") | G14: =IF($I14>=k_MinMedian,MROUND(AVERAGE(_xlfn._xlws.FILTER(Records[Adj Total],(Records[Role Group]="Deputy CIO")*(Records[Include]="Y")*(Records[Adj Total]>0))),k_RoundTo),"") | H14: =IFERROR(SUMPRODUCT(((Records[Role Group]="Deputy CIO")*(Records[Include]="Y")*(Records[Adj Total]>0))/(COUNTIFS(Records[Organization],Records[Organization]&"",Records[Role Group],"Deputy CIO",Records[Include],"Y")+(COUNTIFS(Records[Organization],Records[Organization]&"",Records[Role Group],"Deputy CIO",Records[Include],"Y")=0))),0) | I14: =SUMPRODUCT((Records[Role Group]="Deputy CIO")*(Records[Include]="Y")*(Records[Adj Total]>0)) | J14: =IF(Inputs!$B$21="","",IFERROR(MAX(_xlfn._xlws.FILTER(Records[Adj Total],(Records[Role Group]="Deputy CIO")*(Records[Organization]=Inputs!$B$21)*(Records[Most Recent]="Y")*(Records[Adj Total]>0))),"")) | K14: =IF(OR($J14="",$D14=""),"",$J14/$D14-1) | L14: =IF($I14>=k_MinQuartile,IF(OR($J14="",$J14=0),"",IFERROR(PERCENTRANK.INC(_xlfn._xlws.FILTER(Records[Adj Total],(Records[Role Group]="Deputy CIO")*(Records[Include]="Y")*(Records[Adj Total]>0)),$J14,4),"")),"") | M14: =IF(Inputs!$B$21="","",SUMPRODUCT((Records[Role Group]="Deputy CIO")*(Records[Organization]=Inputs!$B$21)*(Records[Most Recent]="Y")*(Records[Adj Total]>0))) | N14: =IF(AND($I14>=k_MinMedian,$I14<k_MinQuartile,$D14<>""),MROUND($D14*k_Est_adj_heads_25,k_RoundTo),"") | O14: =IF(AND($I14>=k_MinMedian,$I14<k_MinQuartile,$D14<>""),MROUND($D14*k_Est_adj_heads_75,k_RoundTo),"") | P14: =IF(AND($I14>=k_MinMedian,$I14<k_MinQuartile,$D14<>""),MROUND($D14*k_Est_adj_heads_90,k_RoundTo),"")
A15: Adjusted total, aged | B15: all filers | C15: =IF($I15>=k_MinQuartile,MROUND(_xlfn.PERCENTILE.INC(_xlfn._xlws.FILTER(Records[Aged Adj Total],(Records[Role Group]="Deputy CIO")*(Records[Include]="Y")*(Records[Aged Adj Total]>0)),0.25),k_RoundTo),"") | D15: =IF($I15>=k_MinMedian,MROUND(_xlfn.PERCENTILE.INC(_xlfn._xlws.FILTER(Records[Aged Adj Total],(Records[Role Group]="Deputy CIO")*(Records[Include]="Y")*(Records[Aged Adj Total]>0)),0.5),k_RoundTo),"") | E15: =IF($I15>=k_MinQuartile,MROUND(_xlfn.PERCENTILE.INC(_xlfn._xlws.FILTER(Records[Aged Adj Total],(Records[Role Group]="Deputy CIO")*(Records[Include]="Y")*(Records[Aged Adj Total]>0)),0.75),k_RoundTo),"") | F15: =IF($I15>=k_MinQuartile,MROUND(_xlfn.PERCENTILE.INC(_xlfn._xlws.FILTER(Records[Aged Adj Total],(Records[Role Group]="Deputy CIO")*(Records[Include]="Y")*(Records[Aged Adj Total]>0)),0.9),k_RoundTo),"") | G15: =IF($I15>=k_MinMedian,MROUND(AVERAGE(_xlfn._xlws.FILTER(Records[Aged Adj Total],(Records[Role Group]="Deputy CIO")*(Records[Include]="Y")*(Records[Aged Adj Total]>0))),k_RoundTo),"") | H15: =IFERROR(SUMPRODUCT(((Records[Role Group]="Deputy CIO")*(Records[Include]="Y")*(Records[Aged Adj Total]>0))/(COUNTIFS(Records[Organization],Records[Organization]&"",Records[Role Group],"Deputy CIO",Records[Include],"Y")+(COUNTIFS(Records[Organization],Records[Organization]&"",Records[Role Group],"Deputy CIO",Records[Include],"Y")=0))),0) | I15: =SUMPRODUCT((Records[Role Group]="Deputy CIO")*(Records[Include]="Y")*(Records[Aged Adj Total]>0)) | J15: =IF(Inputs!$B$21="","",IFERROR(MAX(_xlfn._xlws.FILTER(Records[Aged Adj Total],(Records[Role Group]="Deputy CIO")*(Records[Organization]=Inputs!$B$21)*(Records[Most Recent]="Y")*(Records[Aged Adj Total]>0))),"")) | K15: =IF(OR($J15="",$D15=""),"",$J15/$D15-1) | L15: =IF($I15>=k_MinQuartile,IF(OR($J15="",$J15=0),"",IFERROR(PERCENTRANK.INC(_xlfn._xlws.FILTER(Records[Aged Adj Total],(Records[Role Group]="Deputy CIO")*(Records[Include]="Y")*(Records[Aged Adj Total]>0)),$J15,4),"")),"") | M15: =IF(Inputs!$B$21="","",SUMPRODUCT((Records[Role Group]="Deputy CIO")*(Records[Organization]=Inputs!$B$21)*(Records[Most Recent]="Y")*(Records[Aged Adj Total]>0))) | N15: =IF(AND($I15>=k_MinMedian,$I15<k_MinQuartile,$D15<>""),MROUND($D15*k_Est_adj_heads_25,k_RoundTo),"") | O15: =IF(AND($I15>=k_MinMedian,$I15<k_MinQuartile,$D15<>""),MROUND($D15*k_Est_adj_heads_75,k_RoundTo),"") | P15: =IF(AND($I15>=k_MinMedian,$I15<k_MinQuartile,$D15<>""),MROUND($D15*k_Est_adj_heads_90,k_RoundTo),"")
A16: Incentive as % of base | B16: Schedule J only | C16: =IF($I16>=k_MinQuartile,_xlfn.PERCENTILE.INC(_xlfn._xlws.FILTER(Records[Incentive % of Base],(Records[Role Group]="Deputy CIO")*(Records[Include]="Y")*(Records[Total Cash]<>"")),0.25),"") | D16: =IF($I16>=k_MinMedian,_xlfn.PERCENTILE.INC(_xlfn._xlws.FILTER(Records[Incentive % of Base],(Records[Role Group]="Deputy CIO")*(Records[Include]="Y")*(Records[Total Cash]<>"")),0.5),"") | E16: =IF($I16>=k_MinQuartile,_xlfn.PERCENTILE.INC(_xlfn._xlws.FILTER(Records[Incentive % of Base],(Records[Role Group]="Deputy CIO")*(Records[Include]="Y")*(Records[Total Cash]<>"")),0.75),"") | F16: =IF($I16>=k_MinQuartile,_xlfn.PERCENTILE.INC(_xlfn._xlws.FILTER(Records[Incentive % of Base],(Records[Role Group]="Deputy CIO")*(Records[Include]="Y")*(Records[Total Cash]<>"")),0.9),"") | G16: =IF($I16>=k_MinMedian,AVERAGE(_xlfn._xlws.FILTER(Records[Incentive % of Base],(Records[Role Group]="Deputy CIO")*(Records[Include]="Y")*(Records[Total Cash]<>""))),"") | H16: =IFERROR(SUMPRODUCT(((Records[Role Group]="Deputy CIO")*(Records[Include]="Y")*(Records[Total Cash]<>""))/(COUNTIFS(Records[Organization],Records[Organization]&"",Records[Role Group],"Deputy CIO",Records[Include],"Y")+(COUNTIFS(Records[Organization],Records[Organization]&"",Records[Role Group],"Deputy CIO",Records[Include],"Y")=0))),0) | I16: =SUMPRODUCT((Records[Role Group]="Deputy CIO")*(Records[Include]="Y")*(Records[Total Cash]<>"")) | J16: =IF(Inputs!$B$21="","",IFERROR(MAX(_xlfn._xlws.FILTER(Records[Incentive % of Base],(Records[Role Group]="Deputy CIO")*(Records[Organization]=Inputs!$B$21)*(Records[Most Recent]="Y")*(Records[Total Cash]<>""))),"")) | K16: =IF(OR($J16="",$D16=""),"",$J16-$D16) | L16: =IF($I16>=k_MinQuartile,IF(OR($J16="",$J16=0),"",IFERROR(PERCENTRANK.INC(_xlfn._xlws.FILTER(Records[Incentive % of Base],(Records[Role Group]="Deputy CIO")*(Records[Include]="Y")*(Records[Total Cash]<>"")),$J16,4),"")),"") | M16: =IF(Inputs!$B$21="","",SUMPRODUCT((Records[Role Group]="Deputy CIO")*(Records[Organization]=Inputs!$B$21)*(Records[Most Recent]="Y")*(Records[Total Cash]<>"")))
A18: Blank = too few people, not zero. Median 2+, quartiles 5+.
A19: (1) Est. columns, italic: where the median exists but fewer than 5 people, the median times the ratio measured on endowments and foundations at $2b+ (Methodology). Never the median; not a measured figure.
A21: Peer records
A22: Filter Include = "Y" for the peer set.
A24: Organization | B24: State | C24: AUM ($B) | D24: Institution Type | E24: Year | F24: Include | G24: Name | H24: Raw Title | I24: Standardized Title | J24: (B)(i) Base | K24: (B)(ii) Bonus | L24: Total Cash | M24: (B)(iii) Other | N24: (C) Deferred | O24: (D) Nontax Benefits | P24: (E) Total Comp | Q24: Adj Total | R24: Aged Adj Total | S24: Incentive % of Base | T24: Filing
A25: Bowdoin College | B25: ME | C25: 2.92 | D25: Endowment | E25: 2022 | G25: K Niles Bryant | H25: SVP/CHIEF INVESTMENT OFFICER | I25: CIO | J25: 547150 | K25: 1000000 | L25: 1547150 | M25: 3037 | N25: 46958 | O25: 27453 | P25: 1624598 | Q25: 1624598 | R25: =IF(Q25="","",Q25*(1+in_GrowthRate)^(YEARFRAC(DATE(2022,6,30),in_AgeToDate)*IF(in_AgeToDate<DATE(2022,6,30),-1,1)+1)) | S25: 1.8276524 | T25: =HYPERLINK("https://projects.propublica.org/nonprofits/organizations/10215213/202311329349305061/full","view filing")
A26: Brookings Institution | B26: DC | C26: 0.47 | D26: Other | E26: 2025 | F26: =IF(AND(OR(in_Mode="All Funds",AND(C26>=in_BandFloor,C26<=in_BandCeiling,OR(in_Geography="National",COUNTIFS(lst_GeoPreset,in_Geography,lst_GeoState,B26)>0,AND(in_Geography="Custom",ISNUMBER(SEARCH(B26,SUBSTITUTE(in_CustomStates," ",""))))),OR(AND(D26="Endowment",Inputs!$B$14="Y"),AND(D26="Foundation",Inputs!$B$15="Y"),AND(D26="Healthcare",Inputs!$B$16="Y"),AND(D26="Pension",Inputs!$B$17="Y"),AND(D26="OCIO",Inputs!$B$18="Y"),AND(D26="Other",Inputs!$B$19="Y")))),A26<>in_ClientOrg,NOT(AND(in_ExclHarvard="Y",ISNUMBER(SEARCH("Harvard",A26))))),"Y","") | G26: Ankur R Bhatt | H26: VP & CIO | I26: CIO | J26: 326707 | K26: 16643 | L26: 343350 | N26: 40326 | O26: 42797 | P26: 426473 | Q26: 426473 | R26: =IF(Q26="","",Q26*(1+in_GrowthRate)^(YEARFRAC(DATE(2025,6,30),in_AgeToDate)*IF(in_AgeToDate<DATE(2025,6,30),-1,1)+1)) | S26: 0.050941669 | T26: =HYPERLINK("https://projects.propublica.org/nonprofits/organizations/530196577/202601359349300310/full","view filing")
A27: Carnegie Corporation Of New York | B27: NY | C27: 4.81 | D27: Foundation | E27: 2024 | G27: Mark Baumgartner | H27: Chief Investment Officer (ended 10/6/23) | I27: CIO | O27: 20282 | P27: 36740 | Q27: 36740 | R27: =IF(Q27="","",Q27*(1+in_GrowthRate)^(YEARFRAC(DATE(2024,9,30),in_AgeToDate)*IF(in_AgeToDate<DATE(2024,9,30),-1,1)+1)) | T27: =HYPERLINK("https://projects.propublica.org/nonprofits/organizations/131628151/202531929349101203/full","view filing")
A28: Claremont Mckenna College | B28: CA | C28: 1.35 | D28: Endowment | E28: 2023 | G28: Michael Denny | H28: VP and Deputy CIO | I28: Deputy CIO | J28: 307500 | K28: 75000 | L28: 382500 | N28: 54160 | O28: 18146 | P28: 454806 | Q28: 454806 | R28: =IF(Q28="","",Q28*(1+in_GrowthRate)^(YEARFRAC(DATE(2023,6,30),in_AgeToDate)*IF(in_AgeToDate<DATE(2023,6,30),-1,1)+1)) | S28: 0.24390244 | T28: =HYPERLINK("https://projects.propublica.org/nonprofits/organizations/951664101/202411369349309626/full","view filing")
A29: Claremont Mckenna College | B29: CA | C29: 1.35 | D29: Endowment | E29: 2022 | G29: Michael Denny | H29: VP and Deputy CIO | I29: Deputy CIO | J29: 275000 | K29: 30000 | L29: 305000 | N29: 31944 | O29: 16249 | P29: 353193 | Q29: 353193 | R29: =IF(Q29="","",Q29*(1+in_GrowthRate)^(YEARFRAC(DATE(2022,6,30),in_AgeToDate)*IF(in_AgeToDate<DATE(2022,6,30),-1,1)+1)) | S29: 0.10909091 | T29: =HYPERLINK("https://projects.propublica.org/nonprofits/organizations/951664101/202331329349308418/full","view filing")
A30: Geisinger System Services | B30: PA | C30: 2.65 | D30: Healthcare | E30: 2024 | F30: =IF(AND(OR(in_Mode="All Funds",AND(C30>=in_BandFloor,C30<=in_BandCeiling,OR(in_Geography="National",COUNTIFS(lst_GeoPreset,in_Geography,lst_GeoState,B30)>0,AND(in_Geography="Custom",ISNUMBER(SEARCH(B30,SUBSTITUTE(in_CustomStates," ",""))))),OR(AND(D30="Endowment",Inputs!$B$14="Y"),AND(D30="Foundation",Inputs!$B$15="Y"),AND(D30="Healthcare",Inputs!$B$16="Y"),AND(D30="Pension",Inputs!$B$17="Y"),AND(D30="OCIO",Inputs!$B$18="Y"),AND(D30="Other",Inputs!$B$19="Y")))),A30<>in_ClientOrg,NOT(AND(in_ExclHarvard="Y",ISNUMBER(SEARCH("Harvard",A30))))),"Y","") | G30: Michael Lima Cfa | H30: DEPUTY CIO | I30: Deputy CIO | J30: 240624 | K30: 553578 | L30: 794202 | M30: 183052 | N30: 24306 | O30: 32906 | P30: 1034466 | Q30: 1034466 | R30: =IF(Q30="","",Q30*(1+in_GrowthRate)^(YEARFRAC(DATE(2024,12,31),in_AgeToDate)*IF(in_AgeToDate<DATE(2024,12,31),-1,1)+1)) | S30: 2.3005935 | T30: =HYPERLINK("https://projects.propublica.org/nonprofits/organizations/232164794/202513219349322231/full","view filing")
A31: Geisinger System Services | B31: PA | C31: 2.65 | D31: Healthcare | E31: 2023 | G31: Michael Lima Cfa | H31: DEPUTY CIO | I31: Deputy CIO | J31: 343185 | K31: 325000 | L31: 668185 | M31: 49734 | N31: 23292 | O31: 39000 | P31: 780211 | Q31: 780211 | R31: =IF(Q31="","",Q31*(1+in_GrowthRate)^(YEARFRAC(DATE(2023,12,31),in_AgeToDate)*IF(in_AgeToDate<DATE(2023,12,31),-1,1)+1)) | S31: 0.94701109 | T31: =HYPERLINK("https://projects.propublica.org/nonprofits/organizations/232164794/202413209349310141/full","view filing")
A32: Geisinger System Services | B32: PA | C32: 2.65 | D32: Healthcare | E32: 2022 | G32: Michael Lima | H32: DEPUTY CIO | I32: Deputy CIO | J32: 216236 | K32: 210137 | L32: 426373 | M32: 29203 | N32: 21570 | O32: 24272 | P32: 501418 | Q32: 501418 | R32: =IF(Q32="","",Q32*(1+in_GrowthRate)^(YEARFRAC(DATE(2022,12,31),in_AgeToDate)*IF(in_AgeToDate<DATE(2022,12,31),-1,1)+1)) | S32: 0.97179471 | T32: =HYPERLINK("https://projects.propublica.org/nonprofits/organizations/232164794/202313189349305031/full","view filing")
A33: Harvard Management Company Inc | B33: MA | C33: 53.2 | D33: Endowment | E33: 2025 | F33: =IF(AND(OR(in_Mode="All Funds",AND(C33>=in_BandFloor,C33<=in_BandCeiling,OR(in_Geography="National",COUNTIFS(lst_GeoPreset,in_Geography,lst_GeoState,B33)>0,AND(in_Geography="Custom",ISNUMBER(SEARCH(B33,SUBSTITUTE(in_CustomStates," ",""))))),OR(AND(D33="Endowment",Inputs!$B$14="Y"),AND(D33="Foundation",Inputs!$B$15="Y"),AND(D33="Healthcare",Inputs!$B$16="Y"),AND(D33="Pension",Inputs!$B$17="Y"),AND(D33="OCIO",Inputs!$B$18="Y"),AND(D33="Other",Inputs!$B$19="Y")))),A33<>in_ClientOrg,NOT(AND(in_ExclHarvard="Y",ISNUMBER(SEARCH("Harvard",A33))))),"Y","") | G33: Richard W Slocum | H33: MD - CIO | I33: CIO | J33: 799442 | K33: 4169385 | L33: 4968827 | M33: 6859 | N33: 113519 | O33: 36355 | P33: 5125560 | Q33: 5049098 | R33: =IF(Q33="","",Q33*(1+in_GrowthRate)^(YEARFRAC(DATE(2025,6,30),in_AgeToDate)*IF(in_AgeToDate<DATE(2025,6,30),-1,1)+1)) | S33: 5.215369 | T33: =HYPERLINK("https://projects.propublica.org/nonprofits/organizations/237361259/202641329349302354/full","view filing")
A34: Harvard Management Company Inc | B34: MA | C34: 53.2 | D34: Endowment | E34: 2024 | G34: Richard W Slocum | H34: MD - CIO | I34: CIO | J34: 799449 | K34: 4049578 | L34: 4849027 | M34: 6858 | N34: 109462 | O34: 35392 | P34: 5000739 | Q34: 5000739 | R34: =IF(Q34="","",Q34*(1+in_GrowthRate)^(YEARFRAC(DATE(2024,6,30),in_AgeToDate)*IF(in_AgeToDate<DATE(2024,6,30),-1,1)+1)) | S34: 5.0654613 | T34: =HYPERLINK("https://projects.propublica.org/nonprofits/organizations/237361259/202541349349310119/full","view filing")
A35: Harvard Management Company Inc | B35: MA | C35: 53.2 | D35: Endowment | E35: 2023 | G35: Richard W Slocum | H35: MD - CIO | I35: CIO | J35: 799454 | K35: 4882126 | L35: 5681580 | M35: 2000814 | N35: 30500 | O35: 35235 | P35: 7748129 | Q35: 6416629 | R35: =IF(Q35="","",Q35*(1+in_GrowthRate)^(YEARFRAC(DATE(2023,6,30),in_AgeToDate)*IF(in_AgeToDate<DATE(2023,6,30),-1,1)+1)) | S35: 6.1068254 | T35: =HYPERLINK("https://projects.propublica.org/nonprofits/organizations/237361259/202411319349301026/full","view filing")
A36: Harvard Management Company Inc | B36: MA | C36: 53.2 | D36: Endowment | E36: 2022 | G36: Richard W Slocum | H36: MD - CIO | I36: CIO | J36: 799463 | K36: 4201090 | L36: 5000553 | M36: 2000951 | N36: 1360500 | O36: 34903 | P36: 8396907 | Q36: 8396907 | R36: =IF(Q36="","",Q36*(1+in_GrowthRate)^(YEARFRAC(DATE(2022,6,30),in_AgeToDate)*IF(in_AgeToDate<DATE(2022,6,30),-1,1)+1)) | S36: 5.2548898 | T36: =HYPERLINK("https://projects.propublica.org/nonprofits/organizations/237361259/202311319349303021/full","view filing")
A37: Intermountain Health Care Inc | B37: UT | C37: 3.07 | D37: Healthcare | E37: 2024 | F37: =IF(AND(OR(in_Mode="All Funds",AND(C37>=in_BandFloor,C37<=in_BandCeiling,OR(in_Geography="National",COUNTIFS(lst_GeoPreset,in_Geography,lst_GeoState,B37)>0,AND(in_Geography="Custom",ISNUMBER(SEARCH(B37,SUBSTITUTE(in_CustomStates," ",""))))),OR(AND(D37="Endowment",Inputs!$B$14="Y"),AND(D37="Foundation",Inputs!$B$15="Y"),AND(D37="Healthcare",Inputs!$B$16="Y"),AND(D37="Pension",Inputs!$B$17="Y"),AND(D37="OCIO",Inputs!$B$18="Y"),AND(D37="Other",Inputs!$B$19="Y")))),A37<>in_ClientOrg,NOT(AND(in_ExclHarvard="Y",ISNUMBER(SEARCH("Harvard",A37))))),"Y","") | G37: Craig Richardville | H37: SVP/CIO (PARTIAL) | I37: CIO | P37: 70517 | Q37: 70517 | R37: =IF(Q37="","",Q37*(1+in_GrowthRate)^(YEARFRAC(DATE(2024,12,31),in_AgeToDate)*IF(in_AgeToDate<DATE(2024,12,31),-1,1)+1)) | T37: =HYPERLINK("https://projects.propublica.org/nonprofits/organizations/870269232/202523119349302662/full","view filing")
A38: J Paul Getty Trust | B38: CA | C38: 9.88 | D38: Foundation | E38: 2025 | F38: =IF(AND(OR(in_Mode="All Funds",AND(C38>=in_BandFloor,C38<=in_BandCeiling,OR(in_Geography="National",COUNTIFS(lst_GeoPreset,in_Geography,lst_GeoState,B38)>0,AND(in_Geography="Custom",ISNUMBER(SEARCH(B38,SUBSTITUTE(in_CustomStates," ",""))))),OR(AND(D38="Endowment",Inputs!$B$14="Y"),AND(D38="Foundation",Inputs!$B$15="Y"),AND(D38="Healthcare",Inputs!$B$16="Y"),AND(D38="Pension",Inputs!$B$17="Y"),AND(D38="OCIO",Inputs!$B$18="Y"),AND(D38="Other",Inputs!$B$19="Y")))),A38<>in_ClientOrg,NOT(AND(in_ExclHarvard="Y",ISNUMBER(SEARCH("Harvard",A38))))),"Y","") | G38: Barbara Jesuele | H38: DEPUTY CHIEF INV OFFICER | I38: CIO | O38: 272124 | P38: 1197855 | Q38: 1197855 | R38: =IF(Q38="","",Q38*(1+in_GrowthRate)^(YEARFRAC(DATE(2025,6,30),in_AgeToDate)*IF(in_AgeToDate<DATE(2025,6,30),-1,1)+1)) | T38: =HYPERLINK("https://projects.propublica.org/nonprofits/organizations/951790021/202611279349102996/full","view filing")
A39: J Paul Getty Trust | B39: CA | C39: 9.88 | D39: Foundation | E39: 2024 | G39: Barbara Jesuele | H39: DEPUTY CHIEF INV OFFICER, ASST TREAS | I39: CIO | O39: 1230039 | P39: 2452075 | Q39: 2452075 | R39: =IF(Q39="","",Q39*(1+in_GrowthRate)^(YEARFRAC(DATE(2024,6,30),in_AgeToDate)*IF(in_AgeToDate<DATE(2024,6,30),-1,1)+1)) | T39: =HYPERLINK("https://projects.propublica.org/nonprofits/organizations/951790021/202531359349102323/full","view filing")
A40: J Paul Getty Trust | B40: CA | C40: 9.88 | D40: Foundation | E40: 2024 | G40: Katharine Krieger | H40: VP, TREASURER & CIO | I40: CIO | O40: 28586 | P40: 490124 | Q40: 490124 | R40: =IF(Q40="","",Q40*(1+in_GrowthRate)^(YEARFRAC(DATE(2024,6,30),in_AgeToDate)*IF(in_AgeToDate<DATE(2024,6,30),-1,1)+1)) | T40: =HYPERLINK("https://projects.propublica.org/nonprofits/organizations/951790021/202531359349102323/full","view filing")
A41: J Paul Getty Trust | B41: CA | C41: 9.88 | D41: Foundation | E41: 2023 | G41: Barbara Jesuele | H41: DEPUTY CHIEF INV OFF | I41: CIO | P41: 771797 | Q41: 771797 | R41: =IF(Q41="","",Q41*(1+in_GrowthRate)^(YEARFRAC(DATE(2023,6,30),in_AgeToDate)*IF(in_AgeToDate<DATE(2023,6,30),-1,1)+1)) | T41: =HYPERLINK("https://projects.propublica.org/nonprofits/organizations/951790021/202421359349106107/full","view filing")
A42: Kansas State University Foundation | B42: KS | C42: 0.9 | D42: Endowment | E42: 2024 | G42: Paul Chai | H42: VP FOR INVESTMENTS/CIO | I42: CIO | J42: 228904 | K42: 187200 | L42: 416104 | M42: 180 | N42: 23538 | O42: 33520 | P42: 473342 | Q42: 473342 | R42: =IF(Q42="","",Q42*(1+in_GrowthRate)^(YEARFRAC(DATE(2024,6,30),in_AgeToDate)*IF(in_AgeToDate<DATE(2024,6,30),-1,1)+1)) | S42: 0.81781009 | T42: =HYPERLINK("https://projects.propublica.org/nonprofits/organizations/480667209/202541349349305449/full","view filing")
A43: Kansas State University Foundation | B43: KS | C43: 0.9 | D43: Endowment | E43: 2023 | G43: Paul Chai | H43: VP FOR INVESTMENTS/CIO | I43: CIO | J43: 177599 | K43: 180000 | L43: 357599 | M43: 730 | N43: 18332 | O43: 29951 | P43: 406612 | Q43: 406612 | R43: =IF(Q43="","",Q43*(1+in_GrowthRate)^(YEARFRAC(DATE(2023,6,30),in_AgeToDate)*IF(in_AgeToDate<DATE(2023,6,30),-1,1)+1)) | S43: 1.0135192 | T43: =HYPERLINK("https://projects.propublica.org/nonprofits/organizations/480667209/202411359349308191/full","view filing")
A44: Oklahoma State University Foundation | B44: OK | C44: 1.56 | D44: Endowment | E44: 2022 | G44: Ryan Harms | H44: CHIEF INVESTMENT OFFICER | I44: CIO | P44: 378749 | Q44: 378749 | R44: =IF(Q44="","",Q44*(1+in_GrowthRate)^(YEARFRAC(DATE(2022,6,30),in_AgeToDate)*IF(in_AgeToDate<DATE(2022,6,30),-1,1)+1)) | T44: =HYPERLINK("https://projects.propublica.org/nonprofits/organizations/736097060/202311359349306096/full","view filing")
A45: Rainwater Charitable Foundation | B45: TX | C45: 1.03 | D45: Foundation | E45: 2023 | G45: Randolph Kim | H45: CIO AND INVESTMENT MANAGER (TO 2/24/23 | I45: CIO | O45: 71367 | P45: 525462 | Q45: 525462 | R45: =IF(Q45="","",Q45*(1+in_GrowthRate)^(YEARFRAC(DATE(2023,12,31),in_AgeToDate)*IF(in_AgeToDate<DATE(2023,12,31),-1,1)+1)) | T45: =HYPERLINK("https://projects.propublica.org/nonprofits/organizations/800870036/202413199349103606/full","view filing")
A46: Rainwater Charitable Foundation | B46: TX | C46: 1.03 | D46: Foundation | E46: 2022 | G46: Aaron Bigbee | H46: DEPUTY CIO | I46: Deputy CIO | P46: 565270 | Q46: 565270 | R46: =IF(Q46="","",Q46*(1+in_GrowthRate)^(YEARFRAC(DATE(2022,12,31),in_AgeToDate)*IF(in_AgeToDate<DATE(2022,12,31),-1,1)+1)) | T46: =HYPERLINK("https://projects.propublica.org/nonprofits/organizations/800870036/202313199349105406/full","view filing")
A47: Rockefeller Foundation | B47: NY | C47: 5.4 | D47: Foundation | E47: 2024 | F47: =IF(AND(OR(in_Mode="All Funds",AND(C47>=in_BandFloor,C47<=in_BandCeiling,OR(in_Geography="National",COUNTIFS(lst_GeoPreset,in_Geography,lst_GeoState,B47)>0,AND(in_Geography="Custom",ISNUMBER(SEARCH(B47,SUBSTITUTE(in_CustomStates," ",""))))),OR(AND(D47="Endowment",Inputs!$B$14="Y"),AND(D47="Foundation",Inputs!$B$15="Y"),AND(D47="Healthcare",Inputs!$B$16="Y"),AND(D47="Pension",Inputs!$B$17="Y"),AND(D47="OCIO",Inputs!$B$18="Y"),AND(D47="Other",Inputs!$B$19="Y")))),A47<>in_ClientOrg,NOT(AND(in_ExclHarvard="Y",ISNUMBER(SEARCH("Harvard",A47))))),"Y","") | G47: Douglass Coyle | H47: DEPUTY CHIEF INVESTM | I47: Deputy CIO | P47: 766304 | Q47: 766304 | R47: =IF(Q47="","",Q47*(1+in_GrowthRate)^(YEARFRAC(DATE(2024,12,31),in_AgeToDate)*IF(in_AgeToDate<DATE(2024,12,31),-1,1)+1)) | T47: =HYPERLINK("https://projects.propublica.org/nonprofits/organizations/131659629/202533189349104643/full","view filing")
A48: Rockefeller Foundation | B48: NY | C48: 5.4 | D48: Foundation | E48: 2023 | G48: Douglass Coyle | H48: DEPUTY CHIEF INVESTM | I48: Deputy CIO | P48: 1310944 | Q48: 1310944 | R48: =IF(Q48="","",Q48*(1+in_GrowthRate)^(YEARFRAC(DATE(2023,12,31),in_AgeToDate)*IF(in_AgeToDate<DATE(2023,12,31),-1,1)+1)) | T48: =HYPERLINK("https://projects.propublica.org/nonprofits/organizations/131659629/202403139349100635/full","view filing")
A49: Rockefeller Foundation | B49: NY | C49: 5.4 | D49: Foundation | E49: 2022 | G49: Douglass Coyle | H49: DEPUTY CHIEF INVESTM | I49: Deputy CIO | P49: 1372431 | Q49: 1372431 | R49: =IF(Q49="","",Q49*(1+in_GrowthRate)^(YEARFRAC(DATE(2022,12,31),in_AgeToDate)*IF(in_AgeToDate<DATE(2022,12,31),-1,1)+1)) | T49: =HYPERLINK("https://projects.propublica.org/nonprofits/organizations/131659629/202313189349101641/full","view filing")
A50: Rush University Medical Center | B50: IL | C50: 0.93 | D50: Healthcare | E50: 2023 | G50: Jeff Gautney | H50: VP & CIO | I50: CIO | J50: 531712 | K50: 115040 | L50: 646752 | M50: 3231 | N50: 87421 | O50: 29126 | P50: 766531 | Q50: 766531 | R50: =IF(Q50="","",Q50*(1+in_GrowthRate)^(YEARFRAC(DATE(2023,6,30),in_AgeToDate)*IF(in_AgeToDate<DATE(2023,6,30),-1,1)+1)) | S50: 0.21635773 | T50: =HYPERLINK("https://projects.propublica.org/nonprofits/organizations/362174823/202441349349305684/full","view filing")
A51: Texas Christian University | B51: TX | C51: 2.85 | D51: Endowment | E51: 2022 | G51: Jason R Safran | H51: Chief Investment Officer | I51: CIO | J51: 375371 | K51: 107925 | L51: 483296 | M51: 70571 | N51: 29200 | O51: 33519 | P51: 616586 | Q51: 616586 | R51: =IF(Q51="","",Q51*(1+in_GrowthRate)^(YEARFRAC(DATE(2022,5,31),in_AgeToDate)*IF(in_AgeToDate<DATE(2022,5,31),-1,1)+1)) | S51: 0.28751555 | T51: =HYPERLINK("https://projects.propublica.org/nonprofits/organizations/750827465/202341019349301504/full","view filing")
A52: Texas Health Resources | B52: TX | C52: 7.87 | D52: Healthcare | E52: 2024 | F52: =IF(AND(OR(in_Mode="All Funds",AND(C52>=in_BandFloor,C52<=in_BandCeiling,OR(in_Geography="National",COUNTIFS(lst_GeoPreset,in_Geography,lst_GeoState,B52)>0,AND(in_Geography="Custom",ISNUMBER(SEARCH(B52,SUBSTITUTE(in_CustomStates," ",""))))),OR(AND(D52="Endowment",Inputs!$B$14="Y"),AND(D52="Foundation",Inputs!$B$15="Y"),AND(D52="Healthcare",Inputs!$B$16="Y"),AND(D52="Pension",Inputs!$B$17="Y"),AND(D52="OCIO",Inputs!$B$18="Y"),AND(D52="Other",Inputs!$B$19="Y")))),A52<>in_ClientOrg,NOT(AND(in_ExclHarvard="Y",ISNUMBER(SEARCH("Harvard",A52))))),"Y","") | G52: Reevessandra G | H52: VP Treas/Asst Chief Invest Off | I52: CIO | J52: 364002 | K52: 102599 | L52: 466601 | M52: 40570 | N52: 25875 | O52: 54761 | P52: 587807 | Q52: 587807 | R52: =IF(Q52="","",Q52*(1+in_GrowthRate)^(YEARFRAC(DATE(2024,12,31),in_AgeToDate)*IF(in_AgeToDate<DATE(2024,12,31),-1,1)+1)) | S52: 0.28186384 | T52: =HYPERLINK("https://projects.propublica.org/nonprofits/organizations/752702388/202543149349306069/full","view filing")
A53: Texas Health Resources | B53: TX | C53: 7.87 | D53: Healthcare | E53: 2023 | G53: Reevessandra G | H53: VP Treas/Asst Chief Invest Off | I53: CIO | J53: 344919 | K53: 52565 | L53: 397484 | M53: 38953 | N53: 24750 | O53: 51836 | P53: 513023 | Q53: 513023 | R53: =IF(Q53="","",Q53*(1+in_GrowthRate)^(YEARFRAC(DATE(2023,12,31),in_AgeToDate)*IF(in_AgeToDate<DATE(2023,12,31),-1,1)+1)) | S53: 0.1523981 | T53: =HYPERLINK("https://projects.propublica.org/nonprofits/organizations/752702388/202403179349300125/full","view filing")
A54: Texas Health Resources | B54: TX | C54: 7.87 | D54: Healthcare | E54: 2022 | G54: Reevessandra G | H54: VP Treas/Asst Chief Invest Off | I54: CIO | J54: 321893 | K54: 112809 | L54: 434702 | M54: 37488 | N54: 22875 | O54: 51214 | P54: 546279 | Q54: 546279 | R54: =IF(Q54="","",Q54*(1+in_GrowthRate)^(YEARFRAC(DATE(2022,12,31),in_AgeToDate)*IF(in_AgeToDate<DATE(2022,12,31),-1,1)+1)) | S54: 0.35045496 | T54: =HYPERLINK("https://projects.propublica.org/nonprofits/organizations/752702388/202313129349301911/full","view filing")
A55: The Administrators Of The Tulane Educational Fund | B55: LA | C55: 2.46 | D55: Endowment | E55: 2024 | G55: Julia Mord | H55: Deputy Chief Investment Officer | I55: Deputy CIO | J55: 428000 | K55: 463000 | L55: 891000 | M55: 26000 | N55: 147000 | O55: 27000 | P55: 1091000 | Q55: 1091000 | R55: =IF(Q55="","",Q55*(1+in_GrowthRate)^(YEARFRAC(DATE(2024,6,30),in_AgeToDate)*IF(in_AgeToDate<DATE(2024,6,30),-1,1)+1)) | S55: 1.0817757 | T55: =HYPERLINK("https://projects.propublica.org/nonprofits/organizations/720423889/202521359349304292/full","view filing")
A56: The Board Of Trustees Of The Leland Stanford Junior University | B56: CA | C56: 40.79 | D56: Endowment | E56: 2024 | G56: Jay Kang | H56: SR. MD, SMC | I56: Managing Director | J56: 812211 | K56: 1556250 | L56: 2368461 | M56: 610158 | N56: 374659 | O56: 55833 | P56: 3409111 | Q56: 3126557 | R56: =IF(Q56="","",Q56*(1+in_GrowthRate)^(YEARFRAC(DATE(2024,8,31),in_AgeToDate)*IF(in_AgeToDate<DATE(2024,8,31),-1,1)+1)) | S56: 1.9160661 | T56: =HYPERLINK("https://projects.propublica.org/nonprofits/organizations/941156365/202501969349302135/full","view filing")
A57: The Board Of Trustees Of The Leland Stanford Junior University | B57: CA | C57: 40.79 | D57: Endowment | E57: 2023 | G57: Jay Kang | H57: SR. MD, SMC | I57: Managing Director | J57: 778536 | K57: 1367000 | L57: 2145536 | M57: 530083 | N57: 338211 | O57: 48026 | P57: 3061856 | Q57: 2903530 | R57: =IF(Q57="","",Q57*(1+in_GrowthRate)^(YEARFRAC(DATE(2023,8,31),in_AgeToDate)*IF(in_AgeToDate<DATE(2023,8,31),-1,1)+1)) | S57: 1.7558597 | T57: =HYPERLINK("https://projects.propublica.org/nonprofits/organizations/941156365/202431949349300033/full","view filing")
A58: The Board Of Trustees Of The Leland Stanford Junior University | B58: CA | C58: 40.79 | D58: Endowment | E58: 2022 | G58: Jay Kang | H58: SR. MD, SMC | I58: Managing Director | J58: 711155 | K58: 1361000 | L58: 2072155 | M58: 472705 | N58: 259781 | O58: 46320 | P58: 2850961 | Q58: 2736415 | R58: =IF(Q58="","",Q58*(1+in_GrowthRate)^(YEARFRAC(DATE(2022,8,31),in_AgeToDate)*IF(in_AgeToDate<DATE(2022,8,31),-1,1)+1)) | S58: 1.9137881 | T58: =HYPERLINK("https://projects.propublica.org/nonprofits/organizations/941156365/202331959349301318/full","view filing")
A59: The Colorado Health Foundation | B59: CO | C59: 2.69 | D59: Healthcare | E59: 2022 | G59: Stanford Willie Outgoing | H59: CHIEF INVESTMENT OFFICER | I59: CIO | O59: 30766 | P59: 259879 | Q59: 259879 | R59: =IF(Q59="","",Q59*(1+in_GrowthRate)^(YEARFRAC(DATE(2022,12,31),in_AgeToDate)*IF(in_AgeToDate<DATE(2022,12,31),-1,1)+1)) | T59: =HYPERLINK("https://projects.propublica.org/nonprofits/organizations/742568941/202303199349105775/full","view filing")
A60: The Trustees Of Grinnell College | B60: IA | C60: 2.85 | D60: Endowment | E60: 2025 | F60: =IF(AND(OR(in_Mode="All Funds",AND(C60>=in_BandFloor,C60<=in_BandCeiling,OR(in_Geography="National",COUNTIFS(lst_GeoPreset,in_Geography,lst_GeoState,B60)>0,AND(in_Geography="Custom",ISNUMBER(SEARCH(B60,SUBSTITUTE(in_CustomStates," ",""))))),OR(AND(D60="Endowment",Inputs!$B$14="Y"),AND(D60="Foundation",Inputs!$B$15="Y"),AND(D60="Healthcare",Inputs!$B$16="Y"),AND(D60="Pension",Inputs!$B$17="Y"),AND(D60="OCIO",Inputs!$B$18="Y"),AND(D60="Other",Inputs!$B$19="Y")))),A60<>in_ClientOrg,NOT(AND(in_ExclHarvard="Y",ISNUMBER(SEARCH("Harvard",A60))))),"Y","") | G60: Valbona Schwab | H60: DEPUTY CHIEF INVESTMENT OFFICER | I60: Deputy CIO | J60: 426215 | K60: 303178 | L60: 729393 | M60: 966 | N60: 34500 | O60: 86976 | P60: 851835 | Q60: 851835 | R60: =IF(Q60="","",Q60*(1+in_GrowthRate)^(YEARFRAC(DATE(2025,6,30),in_AgeToDate)*IF(in_AgeToDate<DATE(2025,6,30),-1,1)+1)) | S60: 0.71132644 | T60: =HYPERLINK("https://projects.propublica.org/nonprofits/organizations/420680387/202631269349301868/full","view filing")
A61: The Trustees Of Grinnell College | B61: IA | C61: 2.85 | D61: Endowment | E61: 2024 | G61: Valbona Schwab | H61: DEPUTY CHIEF INVESTMENT OFFICER | I61: Deputy CIO | J61: 414426 | K61: 204690 | L61: 619116 | M61: 630 | N61: 33000 | O61: 28078 | P61: 680824 | Q61: 680824 | R61: =IF(Q61="","",Q61*(1+in_GrowthRate)^(YEARFRAC(DATE(2024,6,30),in_AgeToDate)*IF(in_AgeToDate<DATE(2024,6,30),-1,1)+1)) | S61: 0.49391206 | T61: =HYPERLINK("https://projects.propublica.org/nonprofits/organizations/420680387/202511289349300406/full","view filing")
A62: The Trustees Of Grinnell College | B62: IA | C62: 2.85 | D62: Endowment | E62: 2023 | G62: Valbona Schwab | H62: DEPUTY CHIEF INVESTMENT OFFICER | I62: Deputy CIO | J62: 401950 | K62: 200000 | L62: 601950 | M62: 630 | N62: 23800 | O62: 26331 | P62: 652711 | Q62: 652711 | R62: =IF(Q62="","",Q62*(1+in_GrowthRate)^(YEARFRAC(DATE(2023,6,30),in_AgeToDate)*IF(in_AgeToDate<DATE(2023,6,30),-1,1)+1)) | S62: 0.49757433 | T62: =HYPERLINK("https://projects.propublica.org/nonprofits/organizations/420680387/202441309349301774/full","view filing")
A63: The University Of Texas Texas A M Investment Management Company | B63: TX | C63: 67.84 | D63: Endowment | E63: 2024 | G63: Thomas Britton Harris Iv | H63: PRESIDENT AND CHIEF EXECUTIVE OFFICER | I63: CEO (Inv Entity) | J63: 549700 | K63: 2167359 | L63: 2717059 | M63: 1299 | N63: 28050 | O63: 12149 | P63: 2758557 | Q63: 591198 | R63: =IF(Q63="","",Q63*(1+in_GrowthRate)^(YEARFRAC(DATE(2024,8,31),in_AgeToDate)*IF(in_AgeToDate<DATE(2024,8,31),-1,1)+1)) | S63: 3.9428033 | T63: =HYPERLINK("https://projects.propublica.org/nonprofits/organizations/742765082/202541899349300034/full","view filing")
A64: The University Of Texas Texas A M Investment Management Company | B64: TX | C64: 67.84 | D64: Endowment | E64: 2023 | G64: Richard L Hall | H64: PRESIDENT, CHIEF EXECUTIVE OFFICER AND CHIEF INVESTMENT OFFICER | I64: CIO | J64: 678565 | K64: 938264 | L64: 1616829 | M64: 2939 | N64: 1749960 | O64: 9871 | P64: 3379599 | Q64: 2448708 | R64: =IF(Q64="","",Q64*(1+in_GrowthRate)^(YEARFRAC(DATE(2023,8,31),in_AgeToDate)*IF(in_AgeToDate<DATE(2023,8,31),-1,1)+1)) | S64: 1.3827179 | T64: =HYPERLINK("https://projects.propublica.org/nonprofits/organizations/742765082/202421919349300237/full","view filing")
A65: The University Of Texas Texas A M Investment Management Company | B65: TX | C65: 67.84 | D65: Endowment | E65: 2022 | G65: Richard L Hall | H65: CHIEF INVESTMENT OFFICER | I65: CIO | J65: 635168 | K65: 1996247 | L65: 2631415 | M65: 2639 | N65: 2368278 | O65: 16607 | P65: 5018939 | Q65: 3181829 | R65: =IF(Q65="","",Q65*(1+in_GrowthRate)^(YEARFRAC(DATE(2022,8,31),in_AgeToDate)*IF(in_AgeToDate<DATE(2022,8,31),-1,1)+1)) | S65: 3.1428646 | T65: =HYPERLINK("https://projects.propublica.org/nonprofits/organizations/742765082/202331879349300948/full","view filing")
A66: Trustees Of Dartmouth College | B66: NH | C66: 8.96 | D66: Endowment | E66: 2025 | F66: =IF(AND(OR(in_Mode="All Funds",AND(C66>=in_BandFloor,C66<=in_BandCeiling,OR(in_Geography="National",COUNTIFS(lst_GeoPreset,in_Geography,lst_GeoState,B66)>0,AND(in_Geography="Custom",ISNUMBER(SEARCH(B66,SUBSTITUTE(in_CustomStates," ",""))))),OR(AND(D66="Endowment",Inputs!$B$14="Y"),AND(D66="Foundation",Inputs!$B$15="Y"),AND(D66="Healthcare",Inputs!$B$16="Y"),AND(D66="Pension",Inputs!$B$17="Y"),AND(D66="OCIO",Inputs!$B$18="Y"),AND(D66="Other",Inputs!$B$19="Y")))),A66<>in_ClientOrg,NOT(AND(in_ExclHarvard="Y",ISNUMBER(SEARCH("Harvard",A66))))),"Y","") | G66: Kelsey Morgan | H66: Chief Investment Officer | I66: CIO | J66: 842170 | K66: 1193093 | L66: 2035263 | M66: 1159 | N66: 31050 | O66: 20271 | P66: 2087743 | Q66: 2087743 | R66: =IF(Q66="","",Q66*(1+in_GrowthRate)^(YEARFRAC(DATE(2025,6,30),in_AgeToDate)*IF(in_AgeToDate<DATE(2025,6,30),-1,1)+1)) | S66: 1.416689 | T66: =HYPERLINK("https://projects.propublica.org/nonprofits/organizations/20222111/202631339349300048/full","view filing")
A67: Trustees Of Dartmouth College | B67: NH | C67: 8.96 | D67: Endowment | E67: 2024 | G67: Kelsey Morgan | H67: Chief Investment Officer | I67: CIO | J67: 830191 | K67: 1123500 | L67: 1953691 | M67: 1159 | N67: 29700 | O67: 19479 | P67: 2004029 | Q67: 2004029 | R67: =IF(Q67="","",Q67*(1+in_GrowthRate)^(YEARFRAC(DATE(2024,6,30),in_AgeToDate)*IF(in_AgeToDate<DATE(2024,6,30),-1,1)+1)) | S67: 1.353303 | T67: =HYPERLINK("https://projects.propublica.org/nonprofits/organizations/20222111/202501339349306270/full","view filing")
A68: Trustees Of Dartmouth College | B68: NH | C68: 8.96 | D68: Endowment | E68: 2023 | G68: Kelsey Morgan | H68: Chief Investment Officer | I68: CIO | J68: 796445 | K68: 1110000 | L68: 1906445 | M68: 1159 | N68: 27450 | O68: 18449 | P68: 1953503 | Q68: 1953503 | R68: =IF(Q68="","",Q68*(1+in_GrowthRate)^(YEARFRAC(DATE(2023,6,30),in_AgeToDate)*IF(in_AgeToDate<DATE(2023,6,30),-1,1)+1)) | S68: 1.3936932 | T68: =HYPERLINK("https://projects.propublica.org/nonprofits/organizations/20222111/202441359349306269/full","view filing")
A69: Trustees Of Dartmouth College | B69: NH | C69: 8.96 | D69: Endowment | E69: 2022 | G69: Kelsey Morgan | H69: Chief Investment Officer | I69: CIO | J69: 726364 | K69: 1032750 | L69: 1759114 | M69: 1159 | N69: 26100 | O69: 18349 | P69: 1804722 | Q69: 1804722 | R69: =IF(Q69="","",Q69*(1+in_GrowthRate)^(YEARFRAC(DATE(2022,6,30),in_AgeToDate)*IF(in_AgeToDate<DATE(2022,6,30),-1,1)+1)) | S69: 1.4218078 | T69: =HYPERLINK("https://projects.propublica.org/nonprofits/organizations/20222111/202311329349301631/full","view filing")
A70: Trustees Of Hamilton College | B70: NY | C70: 1.5 | D70: Endowment | E70: 2025 | F70: =IF(AND(OR(in_Mode="All Funds",AND(C70>=in_BandFloor,C70<=in_BandCeiling,OR(in_Geography="National",COUNTIFS(lst_GeoPreset,in_Geography,lst_GeoState,B70)>0,AND(in_Geography="Custom",ISNUMBER(SEARCH(B70,SUBSTITUTE(in_CustomStates," ",""))))),OR(AND(D70="Endowment",Inputs!$B$14="Y"),AND(D70="Foundation",Inputs!$B$15="Y"),AND(D70="Healthcare",Inputs!$B$16="Y"),AND(D70="Pension",Inputs!$B$17="Y"),AND(D70="OCIO",Inputs!$B$18="Y"),AND(D70="Other",Inputs!$B$19="Y")))),A70<>in_ClientOrg,NOT(AND(in_ExclHarvard="Y",ISNUMBER(SEARCH("Harvard",A70))))),"Y","") | G70: Kathleen Khadder | H70: Deputy Chief Investment Officer | I70: Deputy CIO | J70: 400000 | K70: 350000 | L70: 750000 | M70: 1378 | O70: 3074 | P70: 754452 | Q70: 754452 | R70: =IF(Q70="","",Q70*(1+in_GrowthRate)^(YEARFRAC(DATE(2025,6,30),in_AgeToDate)*IF(in_AgeToDate<DATE(2025,6,30),-1,1)+1)) | S70: 0.875 | T70: =HYPERLINK("https://projects.propublica.org/nonprofits/organizations/150532200/202641339349306889/full","view filing")
A71: Trustees Of Mount Holyoke College | B71: MA | C71: 1.18 | D71: Endowment | E71: 2025 | F71: =IF(AND(OR(in_Mode="All Funds",AND(C71>=in_BandFloor,C71<=in_BandCeiling,OR(in_Geography="National",COUNTIFS(lst_GeoPreset,in_Geography,lst_GeoState,B71)>0,AND(in_Geography="Custom",ISNUMBER(SEARCH(B71,SUBSTITUTE(in_CustomStates," ",""))))),OR(AND(D71="Endowment",Inputs!$B$14="Y"),AND(D71="Foundation",Inputs!$B$15="Y"),AND(D71="Healthcare",Inputs!$B$16="Y"),AND(D71="Pension",Inputs!$B$17="Y"),AND(D71="OCIO",Inputs!$B$18="Y"),AND(D71="Other",Inputs!$B$19="Y")))),A71<>in_ClientOrg,NOT(AND(in_ExclHarvard="Y",ISNUMBER(SEARCH("Harvard",A71))))),"Y","") | G71: Alexander Wirth-Cauchon | H71: CIO & EXEC DIR OF LITS | I71: CIO | J71: 223865 | K71: 10000 | L71: 233865 | N71: 25384 | O71: 29948 | P71: 289197 | Q71: 289197 | R71: =IF(Q71="","",Q71*(1+in_GrowthRate)^(YEARFRAC(DATE(2025,6,30),in_AgeToDate)*IF(in_AgeToDate<DATE(2025,6,30),-1,1)+1)) | S71: 0.044669779 | T71: =HYPERLINK("https://projects.propublica.org/nonprofits/organizations/42103578/202611359349306066/full","view filing")
A72: University Of Chicago | B72: IL | C72: 10.62 | D72: Endowment | E72: 2022 | G72: Andy Ward | H72: VP AND CHIEF INVEST. OFFICER | I72: CIO | P72: 148687 | Q72: 148687 | R72: =IF(Q72="","",Q72*(1+in_GrowthRate)^(YEARFRAC(DATE(2022,6,30),in_AgeToDate)*IF(in_AgeToDate<DATE(2022,6,30),-1,1)+1)) | T72: =HYPERLINK("https://projects.propublica.org/nonprofits/organizations/362177139/202321329349307887/full","view filing")
A73: University Of Florida Investment Corporation | B73: FL | C73: 2.45 | D73: Endowment | E73: 2025 | F73: =IF(AND(OR(in_Mode="All Funds",AND(C73>=in_BandFloor,C73<=in_BandCeiling,OR(in_Geography="National",COUNTIFS(lst_GeoPreset,in_Geography,lst_GeoState,B73)>0,AND(in_Geography="Custom",ISNUMBER(SEARCH(B73,SUBSTITUTE(in_CustomStates," ",""))))),OR(AND(D73="Endowment",Inputs!$B$14="Y"),AND(D73="Foundation",Inputs!$B$15="Y"),AND(D73="Healthcare",Inputs!$B$16="Y"),AND(D73="Pension",Inputs!$B$17="Y"),AND(D73="OCIO",Inputs!$B$18="Y"),AND(D73="Other",Inputs!$B$19="Y")))),A73<>in_ClientOrg,NOT(AND(in_ExclHarvard="Y",ISNUMBER(SEARCH("Harvard",A73))))),"Y","") | G73: Brian C Mawdsley | H73: DEPUTY CIO | I73: Deputy CIO | J73: 442928 | K73: 360066 | L73: 802994 | M73: 1458 | N73: 122231 | O73: 22268 | P73: 948951 | Q73: 948951 | R73: =IF(Q73="","",Q73*(1+in_GrowthRate)^(YEARFRAC(DATE(2025,6,30),in_AgeToDate)*IF(in_AgeToDate<DATE(2025,6,30),-1,1)+1)) | S73: 0.81292219 | T73: =HYPERLINK("https://projects.propublica.org/nonprofits/organizations/201226494/202610979349301311/full","view filing")
A74: University Of Florida Investment Corporation | B74: FL | C74: 2.45 | D74: Endowment | E74: 2024 | G74: Brian C Mawdsley | H74: DEPUTY CIO | I74: Deputy CIO | J74: 426354 | K74: 453585 | L74: 879939 | M74: 1458 | N74: 161533 | O74: 21576 | P74: 1064506 | Q74: 1064506 | R74: =IF(Q74="","",Q74*(1+in_GrowthRate)^(YEARFRAC(DATE(2024,6,30),in_AgeToDate)*IF(in_AgeToDate<DATE(2024,6,30),-1,1)+1)) | S74: 1.0638695 | T74: =HYPERLINK("https://projects.propublica.org/nonprofits/organizations/201226494/202531269349300703/full","view filing")
A75: University Of Florida Investment Corporation | B75: FL | C75: 2.45 | D75: Endowment | E75: 2023 | G75: Brian C Mawdsley | H75: DEPUTY CIO | I75: Deputy CIO | J75: 406694 | K75: 542807 | L75: 949501 | M75: 1458 | N75: 181781 | O75: 20046 | P75: 1152786 | Q75: 1152786 | R75: =IF(Q75="","",Q75*(1+in_GrowthRate)^(YEARFRAC(DATE(2023,6,30),in_AgeToDate)*IF(in_AgeToDate<DATE(2023,6,30),-1,1)+1)) | S75: 1.3346816 | T75: =HYPERLINK("https://projects.propublica.org/nonprofits/organizations/201226494/202411289349300746/full","view filing")
A76: University Of Florida Investment Corporation | B76: FL | C76: 2.45 | D76: Endowment | E76: 2022 | G76: Brian Mawdsley | H76: DEPUTY CIO | I76: Deputy CIO | J76: 387616 | K76: 351071 | L76: 738687 | M76: 1458 | N76: 122241 | O76: 19120 | P76: 881506 | Q76: 881506 | R76: =IF(Q76="","",Q76*(1+in_GrowthRate)^(YEARFRAC(DATE(2022,6,30),in_AgeToDate)*IF(in_AgeToDate<DATE(2022,6,30),-1,1)+1)) | S76: 0.90571855 | T76: =HYPERLINK("https://projects.propublica.org/nonprofits/organizations/201226494/202301259349301825/full","view filing")
A77: University Of Minnesota Foundation Investment Advisors | B77: MN | C77: 5.2 | D77: Endowment | E77: 2024 | G77: Douglas J Gorence | H77: CHIEF INVESTMENT OFFICER EMERITUS | I77: CIO | J77: 374120 | K77: 291450 | L77: 665570 | M77: 489687 | N77: 39600 | O77: 1925 | P77: 1196782 | Q77: 707857 | R77: =IF(Q77="","",Q77*(1+in_GrowthRate)^(YEARFRAC(DATE(2024,6,30),in_AgeToDate)*IF(in_AgeToDate<DATE(2024,6,30),-1,1)+1)) | S77: 0.77902812 | T77: =HYPERLINK("https://projects.propublica.org/nonprofits/organizations/411931343/202500879349301200/full","view filing")
A78: University Of Minnesota Foundation Investment Advisors | B78: MN | C78: 5.2 | D78: Endowment | E78: 2022 | G78: Andrew J Behrens | H78: Chief Investment Officer | I78: CIO | J78: 371667 | K78: 327653 | L78: 699320 | M78: 54 | N78: 34800 | P78: 734174 | Q78: 734174 | R78: =IF(Q78="","",Q78*(1+in_GrowthRate)^(YEARFRAC(DATE(2022,6,30),in_AgeToDate)*IF(in_AgeToDate<DATE(2022,6,30),-1,1)+1)) | S78: 0.88157679 | T78: =HYPERLINK("https://projects.propublica.org/nonprofits/organizations/411931343/202340739349300819/full","view filing")
A79: University Of Oklahoma Foundation Inc | B79: OK | C79: 2.74 | D79: Endowment | E79: 2025 | F79: =IF(AND(OR(in_Mode="All Funds",AND(C79>=in_BandFloor,C79<=in_BandCeiling,OR(in_Geography="National",COUNTIFS(lst_GeoPreset,in_Geography,lst_GeoState,B79)>0,AND(in_Geography="Custom",ISNUMBER(SEARCH(B79,SUBSTITUTE(in_CustomStates," ",""))))),OR(AND(D79="Endowment",Inputs!$B$14="Y"),AND(D79="Foundation",Inputs!$B$15="Y"),AND(D79="Healthcare",Inputs!$B$16="Y"),AND(D79="Pension",Inputs!$B$17="Y"),AND(D79="OCIO",Inputs!$B$18="Y"),AND(D79="Other",Inputs!$B$19="Y")))),A79<>in_ClientOrg,NOT(AND(in_ExclHarvard="Y",ISNUMBER(SEARCH("Harvard",A79))))),"Y","") | G79: Eugene Lohmeyer | H79: DEPUTY CHIEF INVESTMENT OFFICER | I79: Deputy CIO | J79: 395992 | K79: 235673 | L79: 631665 | N79: 45150 | O79: 12314 | P79: 689129 | Q79: 689129 | R79: =IF(Q79="","",Q79*(1+in_GrowthRate)^(YEARFRAC(DATE(2025,6,30),in_AgeToDate)*IF(in_AgeToDate<DATE(2025,6,30),-1,1)+1)) | S79: 0.59514586 | T79: =HYPERLINK("https://projects.propublica.org/nonprofits/organizations/736091755/202641349349309284/full","view filing")
A80: University Of Oklahoma Foundation Inc | B80: OK | C80: 2.74 | D80: Endowment | E80: 2024 | G80: Eugene Lohmeyer | H80: DEPUTY CHIEF INVESTMENT OFFICER | I80: Deputy CIO | J80: 271025 | K80: 105907 | L80: 376932 | N80: 36750 | O80: 9297 | P80: 422979 | Q80: 422979 | R80: =IF(Q80="","",Q80*(1+in_GrowthRate)^(YEARFRAC(DATE(2024,6,30),in_AgeToDate)*IF(in_AgeToDate<DATE(2024,6,30),-1,1)+1)) | S80: 0.39076469 | T80: =HYPERLINK("https://projects.propublica.org/nonprofits/organizations/736091755/202531349349311293/full","view filing")
A81: University Of Oklahoma Foundation Inc | B81: OK | C81: 2.74 | D81: Endowment | E81: 2023 | G81: Eugene Lohmeyer | H81: DEPUTY CHIEF INVESTMENT OFFICER | I81: Deputy CIO | J81: 174923 | K81: 200000 | L81: 374923 | M81: 66898 | N81: 23565 | O81: 6934 | P81: 472320 | Q81: 472320 | R81: =IF(Q81="","",Q81*(1+in_GrowthRate)^(YEARFRAC(DATE(2023,6,30),in_AgeToDate)*IF(in_AgeToDate<DATE(2023,6,30),-1,1)+1)) | S81: 1.1433602 | T81: =HYPERLINK("https://projects.propublica.org/nonprofits/organizations/736091755/202431369349315558/full","view filing")
A82: University Of Oklahoma Foundation Inc | B82: OK | C82: 2.74 | D82: Endowment | E82: 2022 | G82: Eugene Lohmeyer | H82: DEPUTY CHIEF INVESTMENT OFFICER | I82: Deputy CIO | J82: 312950 | K82: 194835 | L82: 507785 | M82: 11923 | N82: 38000 | O82: 12931 | P82: 570639 | Q82: 570639 | R82: =IF(Q82="","",Q82*(1+in_GrowthRate)^(YEARFRAC(DATE(2022,6,30),in_AgeToDate)*IF(in_AgeToDate<DATE(2022,6,30),-1,1)+1)) | S82: 0.62257549 | T82: =HYPERLINK("https://projects.propublica.org/nonprofits/organizations/736091755/202341329349300124/full","view filing")
A83: University Of Richmond | B83: VA | C83: 5.9 | D83: Endowment | E83: 2025 | F83: =IF(AND(OR(in_Mode="All Funds",AND(C83>=in_BandFloor,C83<=in_BandCeiling,OR(in_Geography="National",COUNTIFS(lst_GeoPreset,in_Geography,lst_GeoState,B83)>0,AND(in_Geography="Custom",ISNUMBER(SEARCH(B83,SUBSTITUTE(in_CustomStates," ",""))))),OR(AND(D83="Endowment",Inputs!$B$14="Y"),AND(D83="Foundation",Inputs!$B$15="Y"),AND(D83="Healthcare",Inputs!$B$16="Y"),AND(D83="Pension",Inputs!$B$17="Y"),AND(D83="OCIO",Inputs!$B$18="Y"),AND(D83="Other",Inputs!$B$19="Y")))),A83<>in_ClientOrg,NOT(AND(in_ExclHarvard="Y",ISNUMBER(SEARCH("Harvard",A83))))),"Y","") | G83: Karen Welch | H83: DEPUTY CIO, SMC | I83: Deputy CIO | J83: 514446 | K83: 413688 | L83: 928134 | M83: 6948 | N83: 34500 | O83: 32750 | P83: 1002332 | Q83: 1002332 | R83: =IF(Q83="","",Q83*(1+in_GrowthRate)^(YEARFRAC(DATE(2025,6,30),in_AgeToDate)*IF(in_AgeToDate<DATE(2025,6,30),-1,1)+1)) | S83: 0.80414271 | T83: =HYPERLINK("https://projects.propublica.org/nonprofits/organizations/540505965/202621349349310067/full","view filing")
A84: University Of Richmond | B84: VA | C84: 5.9 | D84: Endowment | E84: 2024 | G84: Karen Welch | H84: DEPUTY CIO, SMC | I84: Deputy CIO | J84: 473181 | K84: 792581 | L84: 1265762 | M84: 6863 | N84: 33000 | O84: 27384 | P84: 1333009 | Q84: 1333009 | R84: =IF(Q84="","",Q84*(1+in_GrowthRate)^(YEARFRAC(DATE(2024,6,30),in_AgeToDate)*IF(in_AgeToDate<DATE(2024,6,30),-1,1)+1)) | S84: 1.675006 | T84: =HYPERLINK("https://projects.propublica.org/nonprofits/organizations/540505965/202511339349306036/full","view filing")
A85: University Of Richmond | B85: VA | C85: 5.9 | D85: Endowment | E85: 2022 | G85: William Mclean | H85: PRESIDENT AND CIO, SMC | I85: CIO | J85: 895248 | L85: 895248 | M85: 15210 | N85: 29101 | O85: 17139 | P85: 956698 | Q85: 956698 | R85: =IF(Q85="","",Q85*(1+in_GrowthRate)^(YEARFRAC(DATE(2022,6,30),in_AgeToDate)*IF(in_AgeToDate<DATE(2022,6,30),-1,1)+1)) | S85: 0 | T85: =HYPERLINK("https://projects.propublica.org/nonprofits/organizations/540505965/202331359349300218/full","view filing")
A86: University Of Wisconsin Foundation | B86: WI | C86: 4.92 | D86: Endowment | E86: 2025 | F86: =IF(AND(OR(in_Mode="All Funds",AND(C86>=in_BandFloor,C86<=in_BandCeiling,OR(in_Geography="National",COUNTIFS(lst_GeoPreset,in_Geography,lst_GeoState,B86)>0,AND(in_Geography="Custom",ISNUMBER(SEARCH(B86,SUBSTITUTE(in_CustomStates," ",""))))),OR(AND(D86="Endowment",Inputs!$B$14="Y"),AND(D86="Foundation",Inputs!$B$15="Y"),AND(D86="Healthcare",Inputs!$B$16="Y"),AND(D86="Pension",Inputs!$B$17="Y"),AND(D86="OCIO",Inputs!$B$18="Y"),AND(D86="Other",Inputs!$B$19="Y")))),A86<>in_ClientOrg,NOT(AND(in_ExclHarvard="Y",ISNUMBER(SEARCH("Harvard",A86))))),"Y","") | G86: Christopher A Moore | H86: DEPUTY CHIEF INVESTMENT OFFICER | I86: Deputy CIO | J86: 531347 | K86: 462522 | L86: 993869 | M86: 690 | N86: 34500 | O86: 20698 | P86: 1049757 | Q86: 1049757 | R86: =IF(Q86="","",Q86*(1+in_GrowthRate)^(YEARFRAC(DATE(2025,6,30),in_AgeToDate)*IF(in_AgeToDate<DATE(2025,6,30),-1,1)+1)) | S86: 0.87047071 | T86: =HYPERLINK("https://projects.propublica.org/nonprofits/organizations/390743975/202601359349303645/full","view filing")
A87: University Of Wisconsin Foundation | B87: WI | C87: 4.92 | D87: Endowment | E87: 2024 | G87: Christopher A Moore | H87: DEPUTY CHIEF INVESTMENT OFFICER | I87: Deputy CIO | J87: 491017 | K87: 355180 | L87: 846197 | M87: 690 | N87: 33000 | O87: 19456 | P87: 899343 | Q87: 899343 | R87: =IF(Q87="","",Q87*(1+in_GrowthRate)^(YEARFRAC(DATE(2024,6,30),in_AgeToDate)*IF(in_AgeToDate<DATE(2024,6,30),-1,1)+1)) | S87: 0.72335581 | T87: =HYPERLINK("https://projects.propublica.org/nonprofits/organizations/390743975/202511339349302751/full","view filing")
A88: University Of Wisconsin Foundation | B88: WI | C88: 4.92 | D88: Endowment | E88: 2023 | G88: Christopher A Moore | H88: DEPUTY CHIEF INVESTMENT OFFICER | I88: Deputy CIO | J88: 451131 | K88: 157500 | L88: 608631 | M88: 450 | N88: 1950 | O88: 18299 | P88: 629330 | Q88: 629330 | R88: =IF(Q88="","",Q88*(1+in_GrowthRate)^(YEARFRAC(DATE(2023,6,30),in_AgeToDate)*IF(in_AgeToDate<DATE(2023,6,30),-1,1)+1)) | S88: 0.34912254 | T88: =HYPERLINK("https://projects.propublica.org/nonprofits/organizations/390743975/202411349349307346/full","view filing")
A89: Vcu Investment Management Company | B89: VA | C89: 2.89 | D89: Endowment | E89: 2024 | G89: Bruce Macdonald | H89: CIO | I89: CIO | J89: 468600 | K89: 448500 | L89: 917100 | O89: 41321 | P89: 958421 | Q89: 958421 | R89: =IF(Q89="","",Q89*(1+in_GrowthRate)^(YEARFRAC(DATE(2024,6,30),in_AgeToDate)*IF(in_AgeToDate<DATE(2024,6,30),-1,1)+1)) | S89: 0.95710627 | T89: =HYPERLINK("https://projects.propublica.org/nonprofits/organizations/474815851/202433139349303493/full","view filing")
A90: Vcu Investment Management Company | B90: VA | C90: 2.89 | D90: Endowment | E90: 2023 | G90: Bruce Macdonald | H90: CIO | I90: CIO | J90: 427225 | K90: 297000 | L90: 724225 | O90: 41292 | P90: 765517 | Q90: 765517 | R90: =IF(Q90="","",Q90*(1+in_GrowthRate)^(YEARFRAC(DATE(2023,6,30),in_AgeToDate)*IF(in_AgeToDate<DATE(2023,6,30),-1,1)+1)) | S90: 0.69518404 | T90: =HYPERLINK("https://projects.propublica.org/nonprofits/organizations/474815851/202313149349304216/full","view filing")
A91: Villanova University | B91: PA | C91: 1.47 | D91: Endowment | E91: 2025 | F91: =IF(AND(OR(in_Mode="All Funds",AND(C91>=in_BandFloor,C91<=in_BandCeiling,OR(in_Geography="National",COUNTIFS(lst_GeoPreset,in_Geography,lst_GeoState,B91)>0,AND(in_Geography="Custom",ISNUMBER(SEARCH(B91,SUBSTITUTE(in_CustomStates," ",""))))),OR(AND(D91="Endowment",Inputs!$B$14="Y"),AND(D91="Foundation",Inputs!$B$15="Y"),AND(D91="Healthcare",Inputs!$B$16="Y"),AND(D91="Pension",Inputs!$B$17="Y"),AND(D91="OCIO",Inputs!$B$18="Y"),AND(D91="Other",Inputs!$B$19="Y")))),A91<>in_ClientOrg,NOT(AND(in_ExclHarvard="Y",ISNUMBER(SEARCH("Harvard",A91))))),"Y","") | G91: Tej M Patel | H91: VP & CIO | I91: CIO | P91: 140449 | Q91: 140449 | R91: =IF(Q91="","",Q91*(1+in_GrowthRate)^(YEARFRAC(DATE(2025,5,31),in_AgeToDate)*IF(in_AgeToDate<DATE(2025,5,31),-1,1)+1)) | T91: =HYPERLINK("https://projects.propublica.org/nonprofits/organizations/231352688/202641059349301969/full","view filing")
A92: Villanova University | B92: PA | C92: 1.47 | D92: Endowment | E92: 2022 | G92: Ms Kelly Doney | H92: VP AND CIO | I92: CIO | J92: 330550 | L92: 330550 | M92: 10000 | N92: 23004 | O92: 6210 | P92: 369764 | Q92: 369764 | R92: =IF(Q92="","",Q92*(1+in_GrowthRate)^(YEARFRAC(DATE(2022,5,31),in_AgeToDate)*IF(in_AgeToDate<DATE(2022,5,31),-1,1)+1)) | S92: 0 | T92: =HYPERLINK("https://projects.propublica.org/nonprofits/organizations/231352688/202321049349301727/full","view filing")
A93: Washington University | B93: MO | C93: 13.3 | D93: Endowment | E93: 2025 | F93: =IF(AND(OR(in_Mode="All Funds",AND(C93>=in_BandFloor,C93<=in_BandCeiling,OR(in_Geography="National",COUNTIFS(lst_GeoPreset,in_Geography,lst_GeoState,B93)>0,AND(in_Geography="Custom",ISNUMBER(SEARCH(B93,SUBSTITUTE(in_CustomStates," ",""))))),OR(AND(D93="Endowment",Inputs!$B$14="Y"),AND(D93="Foundation",Inputs!$B$15="Y"),AND(D93="Healthcare",Inputs!$B$16="Y"),AND(D93="Pension",Inputs!$B$17="Y"),AND(D93="OCIO",Inputs!$B$18="Y"),AND(D93="Other",Inputs!$B$19="Y")))),A93<>in_ClientOrg,NOT(AND(in_ExclHarvard="Y",ISNUMBER(SEARCH("Harvard",A93))))),"Y","") | G93: Andrew Choquette | H93: DEP CHIEF INVESTMENT OFFICER | I93: Deputy CIO | J93: 718740 | K93: 3612883 | L93: 4331623 | M93: 67357 | N93: 537460 | O93: 36827 | P93: 4973267 | Q93: 4726333 | R93: =IF(Q93="","",Q93*(1+in_GrowthRate)^(YEARFRAC(DATE(2025,6,30),in_AgeToDate)*IF(in_AgeToDate<DATE(2025,6,30),-1,1)+1)) | S93: 5.0266898 | T93: =HYPERLINK("https://projects.propublica.org/nonprofits/organizations/430653611/202641359349315719/full","view filing")
A94: Washington University | B94: MO | C94: 13.3 | D94: Endowment | E94: 2024 | G94: Andrew Choquette | H94: DEP CHIEF INVESTMENT OFFICER | I94: Deputy CIO | J94: 695192 | K94: 3110520 | L94: 3805712 | M94: 23776 | N94: 475812 | O94: 27603 | P94: 4332903 | Q94: 4332903 | R94: =IF(Q94="","",Q94*(1+in_GrowthRate)^(YEARFRAC(DATE(2024,6,30),in_AgeToDate)*IF(in_AgeToDate<DATE(2024,6,30),-1,1)+1)) | S94: 4.4743323 | T94: =HYPERLINK("https://projects.propublica.org/nonprofits/organizations/430653611/202531349349312818/full","view filing")
A95: Washington University | B95: MO | C95: 13.3 | D95: Endowment | E95: 2023 | G95: Andrew Choquette | H95: DEP CHIEF INVESTMENT OFFICER | I95: Deputy CIO | J95: 677782 | K95: 3041776 | L95: 3719558 | M95: 21469 | N95: 21350 | O95: 25869 | P95: 3788246 | Q95: 3788246 | R95: =IF(Q95="","",Q95*(1+in_GrowthRate)^(YEARFRAC(DATE(2023,6,30),in_AgeToDate)*IF(in_AgeToDate<DATE(2023,6,30),-1,1)+1)) | S95: 4.4878383 | T95: =HYPERLINK("https://projects.propublica.org/nonprofits/organizations/430653611/202421359349312512/full","view filing")
A96: Washington University | B96: MO | C96: 13.3 | D96: Endowment | E96: 2023 | G96: Jessie Minton | H96: VC & CIO (ASOF 4/22) | I96: CIO | J96: 472197 | K96: 100000 | L96: 572197 | M96: 5244 | O96: 13326 | P96: 590767 | Q96: 590767 | R96: =IF(Q96="","",Q96*(1+in_GrowthRate)^(YEARFRAC(DATE(2023,6,30),in_AgeToDate)*IF(in_AgeToDate<DATE(2023,6,30),-1,1)+1)) | S96: 0.21177602 | T96: =HYPERLINK("https://projects.propublica.org/nonprofits/organizations/430653611/202421359349312512/full","view filing")
A97: Washington University | B97: MO | C97: 13.3 | D97: Endowment | E97: 2022 | G97: Andrew Choquette | H97: DEP CHIEF INVESTMENT OFFICER | I97: Deputy CIO | J97: 643617 | K97: 2883941 | L97: 3527558 | M97: 20250 | N97: 20300 | O97: 46636 | P97: 3614744 | Q97: 3614744 | R97: =IF(Q97="","",Q97*(1+in_GrowthRate)^(YEARFRAC(DATE(2022,6,30),in_AgeToDate)*IF(in_AgeToDate<DATE(2022,6,30),-1,1)+1)) | S97: 4.4808341 | T97: =HYPERLINK("https://projects.propublica.org/nonprofits/organizations/430653611/202321359349319812/full","view filing")
A98: Wellesley College | B98: MA | C98: 3.19 | D98: Endowment | E98: 2025 | F98: =IF(AND(OR(in_Mode="All Funds",AND(C98>=in_BandFloor,C98<=in_BandCeiling,OR(in_Geography="National",COUNTIFS(lst_GeoPreset,in_Geography,lst_GeoState,B98)>0,AND(in_Geography="Custom",ISNUMBER(SEARCH(B98,SUBSTITUTE(in_CustomStates," ",""))))),OR(AND(D98="Endowment",Inputs!$B$14="Y"),AND(D98="Foundation",Inputs!$B$15="Y"),AND(D98="Healthcare",Inputs!$B$16="Y"),AND(D98="Pension",Inputs!$B$17="Y"),AND(D98="OCIO",Inputs!$B$18="Y"),AND(D98="Other",Inputs!$B$19="Y")))),A98<>in_ClientOrg,NOT(AND(in_ExclHarvard="Y",ISNUMBER(SEARCH("Harvard",A98))))),"Y","") | G98: Rose C Carpenter | H98: Deputy CIO | I98: Deputy CIO | J98: 575960 | K98: 450000 | L98: 1025960 | M98: 480 | N98: 141105 | O98: 32975 | P98: 1200520 | Q98: 1200520 | R98: =IF(Q98="","",Q98*(1+in_GrowthRate)^(YEARFRAC(DATE(2025,6,30),in_AgeToDate)*IF(in_AgeToDate<DATE(2025,6,30),-1,1)+1)) | S98: 0.78130426 | T98: =HYPERLINK("https://projects.propublica.org/nonprofits/organizations/42103637/202601359349304805/full","view filing")
A99: Wellesley College | B99: MA | C99: 3.19 | D99: Endowment | E99: 2024 | G99: Rose C Carpenter | H99: DEPUTY CIO | I99: Deputy CIO | J99: 547619 | K99: 439385 | L99: 987004 | M99: 480 | N99: 34650 | O99: 29470 | P99: 1051604 | Q99: 1051604 | R99: =IF(Q99="","",Q99*(1+in_GrowthRate)^(YEARFRAC(DATE(2024,6,30),in_AgeToDate)*IF(in_AgeToDate<DATE(2024,6,30),-1,1)+1)) | S99: 0.80235529 | T99: =HYPERLINK("https://projects.propublica.org/nonprofits/organizations/42103637/202511349349304996/full","view filing")
A100: Wellesley College | B100: MA | C100: 3.19 | D100: Endowment | E100: 2023 | G100: Rose C Carpenter | H100: MANAGING DIRECTOR TO DEPUTY CIO | I100: Deputy CIO | J100: 490568 | K100: 497447 | L100: 988015 | M100: 480 | N100: 32025 | O100: 27809 | P100: 1048329 | Q100: 1048329 | R100: =IF(Q100="","",Q100*(1+in_GrowthRate)^(YEARFRAC(DATE(2023,6,30),in_AgeToDate)*IF(in_AgeToDate<DATE(2023,6,30),-1,1)+1)) | S100: 1.0140225 | T100: =HYPERLINK("https://projects.propublica.org/nonprofits/organizations/42103637/202441359349302624/full","view filing")
A101: Wellesley College | B101: MA | C101: 3.19 | D101: Endowment | E101: 2022 | G101: Rose C Carpenter | H101: MANAGING DIRECTOR TO DEPUTY CIO | I101: Deputy CIO | J101: 413462 | K101: 530000 | L101: 943462 | M101: 450 | N101: 26100 | O101: 31704 | P101: 1001716 | Q101: 1001716 | R101: =IF(Q101="","",Q101*(1+in_GrowthRate)^(YEARFRAC(DATE(2022,6,30),in_AgeToDate)*IF(in_AgeToDate<DATE(2022,6,30),-1,1)+1)) | S101: 1.281859 | T101: =HYPERLINK("https://projects.propublica.org/nonprofits/organizations/42103637/202331359349311153/full","view filing")
A102: William & Flora Hewlett Foundation | B102: CA | C102: 13.18 | D102: Foundation | E102: 2024 | F102: =IF(AND(OR(in_Mode="All Funds",AND(C102>=in_BandFloor,C102<=in_BandCeiling,OR(in_Geography="National",COUNTIFS(lst_GeoPreset,in_Geography,lst_GeoState,B102)>0,AND(in_Geography="Custom",ISNUMBER(SEARCH(B102,SUBSTITUTE(in_CustomStates," ",""))))),OR(AND(D102="Endowment",Inputs!$B$14="Y"),AND(D102="Foundation",Inputs!$B$15="Y"),AND(D102="Healthcare",Inputs!$B$16="Y"),AND(D102="Pension",Inputs!$B$17="Y"),AND(D102="OCIO",Inputs!$B$18="Y"),AND(D102="Other",Inputs!$B$19="Y")))),A102<>in_ClientOrg,NOT(AND(in_ExclHarvard="Y",ISNUMBER(SEARCH("Harvard",A102))))),"Y","") | G102: Brett Johnson | H102: DPTY CIO & DIR PI | I102: CIO | P102: 2725075 | Q102: 2725075 | R102: =IF(Q102="","",Q102*(1+in_GrowthRate)^(YEARFRAC(DATE(2024,12,31),in_AgeToDate)*IF(in_AgeToDate<DATE(2024,12,31),-1,1)+1)) | T102: =HYPERLINK("https://projects.propublica.org/nonprofits/organizations/941655673/202523189349102727/full","view filing")
A103: William & Flora Hewlett Foundation | B103: CA | C103: 13.18 | D103: Foundation | E103: 2023 | G103: Brett Johnson | H103: DPTY CIO&DIR PUB INV | I103: CIO | P103: 2667519 | Q103: 2667519 | R103: =IF(Q103="","",Q103*(1+in_GrowthRate)^(YEARFRAC(DATE(2023,12,31),in_AgeToDate)*IF(in_AgeToDate<DATE(2023,12,31),-1,1)+1)) | T103: =HYPERLINK("https://projects.propublica.org/nonprofits/organizations/941655673/202403169349102865/full","view filing")
...

Sheet Managing Director
A1: Managing Director
A2: Investments
A3: =Summary!$A$5&""
A4: =IF(Inputs!$B$21="","Select your organization on Inputs to compare.","Your organization: "&Inputs!$B$21&", excluded from the market columns.")
A5: =IF($I13>=2,"","Too few people for a market statistic at this filter: "&$I13&" at "&$H13&" organization(s). Records below.") | C5: Market | J5: Your organization | N5: Estimated (1)
B6: basis | C6: P25 | D6: P50 | E6: P75 | F6: P90 | G6: Average | H6: #Orgs | I6: #People | J6: Value | K6: vs P50 | L6: Percentile | M6: #People | N6: Est. P25 | O6: Est. P75 | P6: Est. P90
A7: Base salary | B7: Schedule J only | C7: =IF($I7>=k_MinQuartile,MROUND(_xlfn.PERCENTILE.INC(_xlfn._xlws.FILTER(Records[(B)(i) Base],(Records[Role Group]="Managing Director")*(Records[Include]="Y")*(Records[Total Cash]<>"")),0.25),k_RoundTo),"") | D7: =IF($I7>=k_MinMedian,MROUND(_xlfn.PERCENTILE.INC(_xlfn._xlws.FILTER(Records[(B)(i) Base],(Records[Role Group]="Managing Director")*(Records[Include]="Y")*(Records[Total Cash]<>"")),0.5),k_RoundTo),"") | E7: =IF($I7>=k_MinQuartile,MROUND(_xlfn.PERCENTILE.INC(_xlfn._xlws.FILTER(Records[(B)(i) Base],(Records[Role Group]="Managing Director")*(Records[Include]="Y")*(Records[Total Cash]<>"")),0.75),k_RoundTo),"") | F7: =IF($I7>=k_MinQuartile,MROUND(_xlfn.PERCENTILE.INC(_xlfn._xlws.FILTER(Records[(B)(i) Base],(Records[Role Group]="Managing Director")*(Records[Include]="Y")*(Records[Total Cash]<>"")),0.9),k_RoundTo),"") | G7: =IF($I7>=k_MinMedian,MROUND(AVERAGE(_xlfn._xlws.FILTER(Records[(B)(i) Base],(Records[Role Group]="Managing Director")*(Records[Include]="Y")*(Records[Total Cash]<>""))),k_RoundTo),"") | H7: =IFERROR(SUMPRODUCT(((Records[Role Group]="Managing Director")*(Records[Include]="Y")*(Records[Total Cash]<>""))/(COUNTIFS(Records[Organization],Records[Organization]&"",Records[Role Group],"Managing Director",Records[Include],"Y")+(COUNTIFS(Records[Organization],Records[Organization]&"",Records[Role Group],"Managing Director",Records[Include],"Y")=0))),0) | I7: =SUMPRODUCT((Records[Role Group]="Managing Director")*(Records[Include]="Y")*(Records[Total Cash]<>"")) | J7: =IF(Inputs!$B$21="","",IFERROR(MAX(_xlfn._xlws.FILTER(Records[(B)(i) Base],(Records[Role Group]="Managing Director")*(Records[Organization]=Inputs!$B$21)*(Records[Most Recent]="Y")*(Records[Total Cash]<>""))),"")) | K7: =IF(OR($J7="",$D7=""),"",$J7/$D7-1) | L7: =IF($I7>=k_MinQuartile,IF(OR($J7="",$J7=0),"",IFERROR(PERCENTRANK.INC(_xlfn._xlws.FILTER(Records[(B)(i) Base],(Records[Role Group]="Managing Director")*(Records[Include]="Y")*(Records[Total Cash]<>"")),$J7,4),"")),"") | M7: =IF(Inputs!$B$21="","",SUMPRODUCT((Records[Role Group]="Managing Director")*(Records[Organization]=Inputs!$B$21)*(Records[Most Recent]="Y")*(Records[Total Cash]<>""))) | N7: =IF(AND($I7>=k_MinMedian,$I7<k_MinQuartile,$D7<>""),MROUND($D7*k_Est_base_staff_25,k_RoundTo),"") | O7: =IF(AND($I7>=k_MinMedian,$I7<k_MinQuartile,$D7<>""),MROUND($D7*k_Est_base_staff_75,k_RoundTo),"") | P7: =IF(AND($I7>=k_MinMedian,$I7<k_MinQuartile,$D7<>""),MROUND($D7*k_Est_base_staff_90,k_RoundTo),"")
A8: Incentive / bonus | B8: Schedule J only | C8: =IF($I8>=k_MinQuartile,MROUND(_xlfn.PERCENTILE.INC(_xlfn._xlws.FILTER(Records[(B)(ii) Bonus],(Records[Role Group]="Managing Director")*(Records[Include]="Y")*(Records[Total Cash]<>"")),0.25),k_RoundTo),"") | D8: =IF($I8>=k_MinMedian,MROUND(_xlfn.PERCENTILE.INC(_xlfn._xlws.FILTER(Records[(B)(ii) Bonus],(Records[Role Group]="Managing Director")*(Records[Include]="Y")*(Records[Total Cash]<>"")),0.5),k_RoundTo),"") | E8: =IF($I8>=k_MinQuartile,MROUND(_xlfn.PERCENTILE.INC(_xlfn._xlws.FILTER(Records[(B)(ii) Bonus],(Records[Role Group]="Managing Director")*(Records[Include]="Y")*(Records[Total Cash]<>"")),0.75),k_RoundTo),"") | F8: =IF($I8>=k_MinQuartile,MROUND(_xlfn.PERCENTILE.INC(_xlfn._xlws.FILTER(Records[(B)(ii) Bonus],(Records[Role Group]="Managing Director")*(Records[Include]="Y")*(Records[Total Cash]<>"")),0.9),k_RoundTo),"") | G8: =IF($I8>=k_MinMedian,MROUND(AVERAGE(_xlfn._xlws.FILTER(Records[(B)(ii) Bonus],(Records[Role Group]="Managing Director")*(Records[Include]="Y")*(Records[Total Cash]<>""))),k_RoundTo),"") | H8: =IFERROR(SUMPRODUCT(((Records[Role Group]="Managing Director")*(Records[Include]="Y")*(Records[Total Cash]<>""))/(COUNTIFS(Records[Organization],Records[Organization]&"",Records[Role Group],"Managing Director",Records[Include],"Y")+(COUNTIFS(Records[Organization],Records[Organization]&"",Records[Role Group],"Managing Director",Records[Include],"Y")=0))),0) | I8: =SUMPRODUCT((Records[Role Group]="Managing Director")*(Records[Include]="Y")*(Records[Total Cash]<>"")) | J8: =IF(Inputs!$B$21="","",IFERROR(MAX(_xlfn._xlws.FILTER(Records[(B)(ii) Bonus],(Records[Role Group]="Managing Director")*(Records[Organization]=Inputs!$B$21)*(Records[Most Recent]="Y")*(Records[Total Cash]<>""))),"")) | K8: =IF(OR($J8="",$D8=""),"",$J8/$D8-1) | L8: =IF($I8>=k_MinQuartile,IF(OR($J8="",$J8=0),"",IFERROR(PERCENTRANK.INC(_xlfn._xlws.FILTER(Records[(B)(ii) Bonus],(Records[Role Group]="Managing Director")*(Records[Include]="Y")*(Records[Total Cash]<>"")),$J8,4),"")),"") | M8: =IF(Inputs!$B$21="","",SUMPRODUCT((Records[Role Group]="Managing Director")*(Records[Organization]=Inputs!$B$21)*(Records[Most Recent]="Y")*(Records[Total Cash]<>"")))
A9: Total cash | B9: all filers | C9: =IF($I9>=k_MinQuartile,MROUND(_xlfn.PERCENTILE.INC(_xlfn._xlws.FILTER(Records[Total Cash],(Records[Role Group]="Managing Director")*(Records[Include]="Y")*(Records[Total Cash]>0)),0.25),k_RoundTo),"") | D9: =IF($I9>=k_MinMedian,MROUND(_xlfn.PERCENTILE.INC(_xlfn._xlws.FILTER(Records[Total Cash],(Records[Role Group]="Managing Director")*(Records[Include]="Y")*(Records[Total Cash]>0)),0.5),k_RoundTo),"") | E9: =IF($I9>=k_MinQuartile,MROUND(_xlfn.PERCENTILE.INC(_xlfn._xlws.FILTER(Records[Total Cash],(Records[Role Group]="Managing Director")*(Records[Include]="Y")*(Records[Total Cash]>0)),0.75),k_RoundTo),"") | F9: =IF($I9>=k_MinQuartile,MROUND(_xlfn.PERCENTILE.INC(_xlfn._xlws.FILTER(Records[Total Cash],(Records[Role Group]="Managing Director")*(Records[Include]="Y")*(Records[Total Cash]>0)),0.9),k_RoundTo),"") | G9: =IF($I9>=k_MinMedian,MROUND(AVERAGE(_xlfn._xlws.FILTER(Records[Total Cash],(Records[Role Group]="Managing Director")*(Records[Include]="Y")*(Records[Total Cash]>0))),k_RoundTo),"") | H9: =IFERROR(SUMPRODUCT(((Records[Role Group]="Managing Director")*(Records[Include]="Y")*(Records[Total Cash]>0))/(COUNTIFS(Records[Organization],Records[Organization]&"",Records[Role Group],"Managing Director",Records[Include],"Y")+(COUNTIFS(Records[Organization],Records[Organization]&"",Records[Role Group],"Managing Director",Records[Include],"Y")=0))),0) | I9: =SUMPRODUCT((Records[Role Group]="Managing Director")*(Records[Include]="Y")*(Records[Total Cash]>0)) | J9: =IF(Inputs!$B$21="","",IFERROR(MAX(_xlfn._xlws.FILTER(Records[Total Cash],(Records[Role Group]="Managing Director")*(Records[Organization]=Inputs!$B$21)*(Records[Most Recent]="Y")*(Records[Total Cash]>0))),"")) | K9: =IF(OR($J9="",$D9=""),"",$J9/$D9-1) | L9: =IF($I9>=k_MinQuartile,IF(OR($J9="",$J9=0),"",IFERROR(PERCENTRANK.INC(_xlfn._xlws.FILTER(Records[Total Cash],(Records[Role Group]="Managing Director")*(Records[Include]="Y")*(Records[Total Cash]>0)),$J9,4),"")),"") | M9: =IF(Inputs!$B$21="","",SUMPRODUCT((Records[Role Group]="Managing Director")*(Records[Organization]=Inputs!$B$21)*(Records[Most Recent]="Y")*(Records[Total Cash]>0)))
A10: Other reportable | B10: Schedule J only | C10: =IF($I10>=k_MinQuartile,MROUND(_xlfn.PERCENTILE.INC(_xlfn._xlws.FILTER(Records[(B)(iii) Other],(Records[Role Group]="Managing Director")*(Records[Include]="Y")*(Records[Total Cash]<>"")),0.25),k_RoundTo),"") | D10: =IF($I10>=k_MinMedian,MROUND(_xlfn.PERCENTILE.INC(_xlfn._xlws.FILTER(Records[(B)(iii) Other],(Records[Role Group]="Managing Director")*(Records[Include]="Y")*(Records[Total Cash]<>"")),0.5),k_RoundTo),"") | E10: =IF($I10>=k_MinQuartile,MROUND(_xlfn.PERCENTILE.INC(_xlfn._xlws.FILTER(Records[(B)(iii) Other],(Records[Role Group]="Managing Director")*(Records[Include]="Y")*(Records[Total Cash]<>"")),0.75),k_RoundTo),"") | F10: =IF($I10>=k_MinQuartile,MROUND(_xlfn.PERCENTILE.INC(_xlfn._xlws.FILTER(Records[(B)(iii) Other],(Records[Role Group]="Managing Director")*(Records[Include]="Y")*(Records[Total Cash]<>"")),0.9),k_RoundTo),"") | G10: =IF($I10>=k_MinMedian,MROUND(AVERAGE(_xlfn._xlws.FILTER(Records[(B)(iii) Other],(Records[Role Group]="Managing Director")*(Records[Include]="Y")*(Records[Total Cash]<>""))),k_RoundTo),"") | H10: =IFERROR(SUMPRODUCT(((Records[Role Group]="Managing Director")*(Records[Include]="Y")*(Records[Total Cash]<>""))/(COUNTIFS(Records[Organization],Records[Organization]&"",Records[Role Group],"Managing Director",Records[Include],"Y")+(COUNTIFS(Records[Organization],Records[Organization]&"",Records[Role Group],"Managing Director",Records[Include],"Y")=0))),0) | I10: =SUMPRODUCT((Records[Role Group]="Managing Director")*(Records[Include]="Y")*(Records[Total Cash]<>"")) | J10: =IF(Inputs!$B$21="","",IFERROR(MAX(_xlfn._xlws.FILTER(Records[(B)(iii) Other],(Records[Role Group]="Managing Director")*(Records[Organization]=Inputs!$B$21)*(Records[Most Recent]="Y")*(Records[Total Cash]<>""))),"")) | K10: =IF(OR($J10="",$D10=""),"",$J10/$D10-1) | L10: =IF($I10>=k_MinQuartile,IF(OR($J10="",$J10=0),"",IFERROR(PERCENTRANK.INC(_xlfn._xlws.FILTER(Records[(B)(iii) Other],(Records[Role Group]="Managing Director")*(Records[Include]="Y")*(Records[Total Cash]<>"")),$J10,4),"")),"") | M10: =IF(Inputs!$B$21="","",SUMPRODUCT((Records[Role Group]="Managing Director")*(Records[Organization]=Inputs!$B$21)*(Records[Most Recent]="Y")*(Records[Total Cash]<>"")))
A11: Deferred | B11: Schedule J only | C11: =IF($I11>=k_MinQuartile,MROUND(_xlfn.PERCENTILE.INC(_xlfn._xlws.FILTER(Records[(C) Deferred],(Records[Role Group]="Managing Director")*(Records[Include]="Y")*(Records[Total Cash]<>"")),0.25),k_RoundTo),"") | D11: =IF($I11>=k_MinMedian,MROUND(_xlfn.PERCENTILE.INC(_xlfn._xlws.FILTER(Records[(C) Deferred],(Records[Role Group]="Managing Director")*(Records[Include]="Y")*(Records[Total Cash]<>"")),0.5),k_RoundTo),"") | E11: =IF($I11>=k_MinQuartile,MROUND(_xlfn.PERCENTILE.INC(_xlfn._xlws.FILTER(Records[(C) Deferred],(Records[Role Group]="Managing Director")*(Records[Include]="Y")*(Records[Total Cash]<>"")),0.75),k_RoundTo),"") | F11: =IF($I11>=k_MinQuartile,MROUND(_xlfn.PERCENTILE.INC(_xlfn._xlws.FILTER(Records[(C) Deferred],(Records[Role Group]="Managing Director")*(Records[Include]="Y")*(Records[Total Cash]<>"")),0.9),k_RoundTo),"") | G11: =IF($I11>=k_MinMedian,MROUND(AVERAGE(_xlfn._xlws.FILTER(Records[(C) Deferred],(Records[Role Group]="Managing Director")*(Records[Include]="Y")*(Records[Total Cash]<>""))),k_RoundTo),"") | H11: =IFERROR(SUMPRODUCT(((Records[Role Group]="Managing Director")*(Records[Include]="Y")*(Records[Total Cash]<>""))/(COUNTIFS(Records[Organization],Records[Organization]&"",Records[Role Group],"Managing Director",Records[Include],"Y")+(COUNTIFS(Records[Organization],Records[Organization]&"",Records[Role Group],"Managing Director",Records[Include],"Y")=0))),0) | I11: =SUMPRODUCT((Records[Role Group]="Managing Director")*(Records[Include]="Y")*(Records[Total Cash]<>"")) | J11: =IF(Inputs!$B$21="","",IFERROR(MAX(_xlfn._xlws.FILTER(Records[(C) Deferred],(Records[Role Group]="Managing Director")*(Records[Organization]=Inputs!$B$21)*(Records[Most Recent]="Y")*(Records[Total Cash]<>""))),"")) | K11: =IF(OR($J11="",$D11=""),"",$J11/$D11-1) | L11: =IF($I11>=k_MinQuartile,IF(OR($J11="",$J11=0),"",IFERROR(PERCENTRANK.INC(_xlfn._xlws.FILTER(Records[(C) Deferred],(Records[Role Group]="Managing Director")*(Records[Include]="Y")*(Records[Total Cash]<>"")),$J11,4),"")),"") | M11: =IF(Inputs!$B$21="","",SUMPRODUCT((Records[Role Group]="Managing Director")*(Records[Organization]=Inputs!$B$21)*(Records[Most Recent]="Y")*(Records[Total Cash]<>"")))
